Workbook
Name \0: #REF!
Name \A: #REF!
Name \B: #REF!
Name \C: #REF!
Name \CC: #REF!
Name \D: #REF!
Name \E: #REF!
Name \F: [1]INFO!#REF!
Name \G: [1]INFO!#REF!
Name \H: #REF!
Name \I: #REF!
Name \J: #REF!
Name \K: #REF!
Name \L: #REF!
Name \M: #REF!
Name \N: #REF!
Name \NN: #REF!
Name \P: #REF!
Name \Q: #REF!
Name \R: #REF!
Name \S: #REF!
Name \T: #REF!
Name \X: #REF!
Name \Y: #REF!
Name \Z: #REF!
Name __________ALL1: #REF!
Name __________ALL3: #REF!
Name ________ALL1: #REF!
Name ________ALL3: #REF!
Name ________ESC2: [2]Summary!#REF!
Name _______ALL1: #REF!
Name _______ALL3: #REF!
Name _______esc1: '[2]Imp Cost'!$F$68
Name ______ALL2: #REF!
Name ______BLK100: [3]Database!$F$99
Name ______DPM375: [3]Database!$F$56
Name ______esc1: '[2]Imp Cost'!$F$68
Name ______ESC2: [2]Summary!#REF!
Name ______OPS1: #REF!
Name ______PE2000: [3]Database!$F$73
Name _____ALL1: #REF!
Name _____ALL2: #REF!
Name _____ALL3: #REF!
Name _____BLK100: [3]Database!$F$99
Name _____DPM375: [3]Database!$F$56
Name _____ESC2: [2]Summary!#REF!
Name _____MES193: #REF!
Name _____OPS1: #REF!
Name _____PE2000: [3]Database!$F$73
Name ____ALL2: [4]CostPlan!#REF!
Name ____BLK100: [3]Database!$F$99
Name ____DPM375: [3]Database!$F$56
Name ____esc1: '[2]Imp Cost'!$F$68
Name ____ESC2: [2]Summary!#REF!
Name ____OPS1: #REF!
Name ____PE2000: [3]Database!$F$73
Name ____SCR40: #REF!
Name ____SEC1200: #REF!
Name ___ALL1: #REF!
Name ___ALL2: #REF!

Sheet 1; P&G 
A1: CONTRACT TITLE: | C1: REFURBISHMENT AND UPGRADE OF MARGATE STORM-DAMAGED INFRASTRUCTURE, WASTEWATER TREATMENT WORKS AND EFFLUENT MAIN (PHASE 2)
A2: CONTRACT NUMBER | C2: UGU-07-1734-2026
A3: ='7. Swr HH Conn'!A3 -> SECTION: | C3: =D5 -> SCHEDULE 1: GENERAL
A4: ITEM NO | B4: LI | C4: PAYMENT | D4: DESCRIPTION | E4: UNIT | F4: QTY | G4: RATE | H4: AMOUNT
A5: 1 | C5: SANS 1200A | D5: SCHEDULE 1: GENERAL
C7: 8.3 | D7: SCHEDULED FIXED-CHARGE AND VALUE RELATED ITEMS
A9: 1.01 | C9: PS A8.3.1 | D9: Contractual Requirements | E9: Sum | F9: 1
C11: PS A 8.3.2 | D11: Establishment of Facilities on the Site:
C13: PS A 8.3.2.1 | D13: Facilities for Engineer (SANS 1200 AB)
A15: 1.02 | C15: PS A 8.3.2.1 (a) | D15: Engineers Office | E15: Sum | F15: 1
A17: 1.03 | C17: PS A 8.3.2.1 (b) | D17: Communication costs (cellular phone) | E17: Sum | F17: 1
A19: 1.04 | C19: PS A 8.3.2.1 (c) | D19: Nameboards (2 No.) | E19: Sum | F19: 1
A21: 1.05 | C21: PS A 8.3.2.1 (d) | D21: Computer facilities complete with printer, modem with 4G connection | E21: Sum | F21: 1
A23: 1.06 | C23: PS A 8.3.2.1 (e) | D23: Provision of survey equipment | E23: Sum | F23: 1
C25: PS A 8.3.2.2 | D25: Facilities for Contractor
A27: 1.07 | C27: PS A 8.3.2.2 (a) | D27: Offices and storage sheds | E27: Sum | F27: 1
A29: 1.08 | C29: PS A 8.3.2.2 (b) | D29: Workshops | E29: Sum | F29: 1
A31: 1.09 | C31: PS A 8.3.2.2 (c) | D31: Laboratories | E31: Sum | F31: 1
A33: 1.10 | C33: PS A 8.3.2.2 (d) | D33: Ablution and latrine facilities | E33: Sum | F33: 1
A35: 1.11 | C35: PS A 8.3.2.2 (e) | D35: Tools and equipment | E35: Sum | F35: 1
A37: 1.12 | C37: PS A 8.3.2.2 (f) | D37: Water supplies, electric power and communications | E37: Sum | F37: 1
A39: 1.13 | C39: PS A 8.3.2.2 (g) | D39: Dealing with water (Sub-clause 5.5) | E39: Sum | F39: 1
A41: 1.14 | C41: PS A 8.3.2.2 (h) | D41: Access (Sub-clause 5.8) | E41: Sum | F41: 1
A43: 1.15 | C43: PS A 8.3.2.2. (i) | D43: Plant. | E43: Sum | F43: 1
A45: 1.16 | C45: PS A 8.3.3 | D45: Other fixed-charge obligations | E45: Sum | F45: 1
A47: 1.17 | C47: PS A 8.3.4 | D47: Removal of Site establishment | E47: Sum | F47: 1
A63: TOTAL CARRIED FORWARD
A64: TOTAL BROUGHT FORWARD
C65: PSA 8.3.5 | D65: OHS Act Obligations:
A67: 1.18 | C67: PS A B.8.3.5.1 | D67: Contractor's initial obligations in respect of the Occupation Health and Safety Act and Contractual Regulations | E67: Sum | F67: 1
A69: 1.19 | C69: PS A B.8.3.5.2 | D69: Occupational Health and Safety Act | E69: Sum | F69: 1
A71: 1.20 | D71: iii) Fulfil legislated and/or specified requirements for blasting (incl. submission of plans). | E71: Sum | F71: 1
A73: 1.21 | C73: PSA 8.3.3.3 | D73: Environmental Management Plan Obligations | E73: Sum | F73: 1
C75: 8.4 | D75: SCHEDULED TIME-RELATED ITEMS
A77: 1.22 | C77: PSA 8.4.1 | D77: Contractual Requirements. | E77: Sum | F77: 1
A79: 1.23 | C79: 8.4.2 | D79: Operate and maintain facilities on the Site for duration of Construction: | E79: Sum | F79: 1
C81: PSA 8.4.2.1 | D81: Facilities for the Employer's Agent:
A83: 1.24 | C83: 8.4.2.1. (a) | D83: Engineers Office | E83: Sum | F83: 1
A85: 1.25 | C85: 8.4.2.1. (b) | D85: Provision of name board | E85: Sum | F85: 1
A87: 1.26 | C87: 8.4.2.1. (c) | D87: Provision of cellular phone | E87: Sum | F87: 1
A89: 1.27 | C89: 8.4.2.1. (d) | D89: Provision of survey equipment | E89: Sum | F89: 1
A91: 1.28 | C91: PS A 8.4.2.2 | D91: Facilities for Contractor:
A93: 1.29 | C93: 8.4.2.2 (a) | D93: Offices and storage sheds | E93: Sum | F93: 1
A95: 1.30 | C95: 8.4.2.2 (b) | D95: Workshops | E95: Sum | F95: 1
A97: 1.31 | C97: 8.4.2.2 (c) | D97: Laboratories | E97: Sum | F97: 1
A99: 1.32 | C99: 8.4.2.2 (d) | D99: Ablution and latrine facilities | E99: Sum | F99: 1
A101: 1.33 | C101: 8.4.2.2 (e) | D101: Tools and equipment | E101: Sum | F101: 1
A103: 1.34 | C103: PSA 8.4.2.2. (f) | D103: Water supplies, electric power and communications | E103: Sum | F103: 1
A105: 1.35 | C105: 8.4.2.2 (g) | D105: Dealing with water (Sub-clause 5.5) | E105: Sum | F105: 1
A124: TOTAL CARRIED FORWARD
A125: TOTAL BROUGHT FORWARD
A127: 1.36 | C127: 8.4.2.2 (h) | D127: Access (Sub-clause 5.8) | E127: Month | F127: 24
A129: 1.37 | C129: PS A 8.4.3 | D129: Supervision for the Duration of Construction | E129: Month | F129: 24
A131: 1.38 | C131: PS A 8.4.4 | D131: Company and Head Office Overhead Costs for Duration of Contract | E131: Month | F131: 24
A133: 1.39 | C133: 8.4.5 | D133: Other Time-related Obligations | E133: Month | F133: 24
C135: PS A 8.4.6.1 & PS A B.8.3.5.3 | D135: OHS Act Obligations
A137: 1.40 | D137: i) General Safety obligations | E137: Month | F137: 24
A139: 1.41 | D139: ii) Health and Safety plan/file | E139: Month | F139: 24
A141: 1.42 | D141: iii) Safety Officer | E141: Month | F141: 24
A143: 1.43 | C143: PSA 8.4.6.2 | D143: Security Services | E143: Month | F143: 24
A145: 1.44 | C145: PSA 8.4.6.3 | D145: EMP Obligations | E145: Month | F145: 24
A188: TOTAL CARRIED FORWARD TO SUMMARY

Sheet 2. Ertwrks(Pipe)
A1: CONTRACT TITLE: | C1: REFURBISHMENT AND UPGRADE OF MARGATE STORM-DAMAGED INFRASTRUCTURE, WASTEWATER TREATMENT WORKS AND EFFLUENT MAIN (PHASE 2)
A2: CONTRACT NUMBER | C2: ='1; P&G '!$C$2 -> UGU-07-1734-2026
A3: SECTION: | C3: =D5 -> SCHEDULE 2: EARTHWORKS (PIPE TRENCHES)
A4: ITEM NO | B4: LI | C4: PAYMENT | D4: DESCRIPTION | E4: UNIT | F4: QTY | G4: RATE | H4: AMOUNT
A5: 2.1 | C5: SANS1200 C | D5: SCHEDULE 2: EARTHWORKS (PIPE TRENCHES)
A7: 2.1.1 | B7: LI | C7: 8.2.1 | D7: Clear vegetation and grub | E7: m² | F7: 51710
A9: 2.1.2 | B9: LI | C9: 8.2.2 | D9: Remove large trees and tree stumps of girth up to 1 m | E9: No. | F9: 185
A11: 2.1.3 | C11: 8.2.10 | D11: Remove topsoil to a nominal depth of 150mm and stockpile | E11: m² | F11: 51710
A13: 2.1.4 | C13: PSC 8.2.11 | D13: Take Down and Re-erect Fence | E13: m | F13: 469.5
A15: 2.1.5 | C15: PSC 8.2.12 | D15: Demarcation Staking | E15: m | F15: 150
A17: 2.1.6 | C17: PSC 8.2.13 | D17: Fencing of Pipeline Servitudes in populated areas | E17: m | F17: 600
A19: 2.1.7 | C19: PSC 8.2.14 | D19: Removal and Re-Erection of Structures | E19: Prov Sum | F19: 1 | G19: 600000 | H19: =G19*F19 -> 600000
A21: 2.1.8 | D21: (i) Overheads, charges and profit on item 2.1.7 above | E21: % | F21: =H19 -> 600000
C23: SANS1200 DB | D23: PIPE TRENCHES
A25: 2.2 | D25: EXCAVATION
C27: 8.3.2(a) | D27: Excavate in all materials for trenches, backfill, compact, and dispose of surplus/ unsuitable material, for up to 110 mm dia. pipes for total trench depth:
A29: 2.2.1 | B29: LI | D29: a) Exceeding 0,0 m but not exceeding 1,0 m | E29: m | F29: 140
A31: 2.2.2 | D31: b) Exceeding 1,0 m but not exceeding 2,0 m | E31: m | F31: 40
A33: 2.2.3 | D33: c) Exceeding 2,0 m but not exceeding 3,0 m | E33: m | F33: 20
A46: TOTAL CARRIED FORWARD
A47: TOTAL BROUGHT FORWARD
C48: 8.3.2(a) | D48: Excavate in all materials for trenches, backfill, compact, and dispose of surplus/ unsuitable material, for 160 mm dia. pipes for total trench depth:
A50: 2.2.4 | B50: LI | D50: a) Exceeding 0,0 m but not exceeding 1,0 m | E50: m | F50: 4200
A52: 2.2.5 | D52: b) Exceeding 1,0 m but not exceeding 2,0 m | E52: m | F52: 1200
A54: 2.2.6 | D54: c) Exceeding 2,0 m but not exceeding 3,0 m | E54: m | F54: 600
A56: 2.2.7 | D56: d) Exceeding 3,0 m but not exceeding 4,0 m | E56: m | F56: 50
C64: 8.3.2(a) | D64: Excavate in all materials for trenches, backfill, compact, and dispose of surplus/ unsuitable material, for 200 mm dia. pipes for total trench depth:
A66: 2.2.8 | B66: LI | D66: a) Exceeding 0,0 m but not exceeding 1,0 m | E66: m | F66: 1428
A68: 2.2.9 | D68: b) Exceeding 1,0 m but not exceeding 2,0 m | E68: m | F68: 408
A70: 2.2.10 | D70: c) Exceeding 2,0 m but not exceeding 3,0 m | E70: m | F70: 204
A72: 2.2.11 | D72: d) Exceeding 3,0 m but not exceeding 4,0 m | E72: m | F72: 10
A78: TOTAL CARRIED FORWARD
A79: TOTAL BROUGHT FORWARD
C80: 8.3.2(a) | D80: Excavate in all materials for trenches, backfill, compact, and dispose of surplus/ unsuitable material, for 250 mm dia. pipes for total trench depth:
A82: 2.2.12 | B82: LI | D82: a) Exceeding 0,0 m but not exceeding 1,0 m | E82: m | F82: 210
A84: 2.2.13 | D84: b) Exceeding 1,0 m but not exceeding 2,0 m | E84: m | F84: 60
A86: 2.2.14 | D86: c) Exceeding 2,0 m but not exceeding 3,0 m | E86: m | F86: 30
A88: 2.2.15 | D88: d) Exceeding 3,0 m but not exceeding 4,0 m | E88: m | F88: 10
C94: 8.3.2(a) | D94: Excavate in all materials for trenches, backfill, compact, and dispose of surplus/ unsuitable material, for 315 mm dia. pipes for total trench depth:
A96: 2.2.16 | B96: LI | D96: a) Exceeding 0,0 m but not exceeding 1,0 m | E96: m | F96: 210
A98: 2.2.17 | D98: b) Exceeding 1,0 m but not exceeding 2,0 m | E98: m | F98: 60
A100: 2.2.18 | D100: c) Exceeding 2,0 m but not exceeding 3,0 m | E100: m | F100: 30
A102: 2.2.19 | D102: d) Exceeding 3,0 m but not exceeding 4,0 m | E102: m | F102: 10
A108: TOTAL CARRIED FORWARD
A109: TOTAL BROUGHT FORWARD
C110: 8.3.2(a) | D110: Excavate in all materials for trenches, backfill, compact, and dispose of surplus/ unsuitable material, for 355 mm dia. pipes for total trench depth:
A112: 2.2.20 | B112: LI | D112: a) Exceeding 0,0 m but not exceeding 1,0 m | E112: m | F112: 315
A114: 2.2.21 | D114: b) Exceeding 1,0 m but not exceeding 2,0 m | E114: m | F114: 90
A116: 2.2.22 | D116: c) Exceeding 2,0 m but not exceeding 3,0 m | E116: m | F116: 45
A118: 2.2.23 | D118: d) Exceeding 3,0 m but not exceeding 4,0 m | E118: m | F118: 10
C124: 8.3.2(a) | D124: Excavate in all materials for trenches, backfill, compact, and dispose of surplus/ unsuitable material, for 450 mm dia. pipes for total trench depth:
A126: 2.2.24 | B126: LI | D126: a) Exceeding 0,0 m but not exceeding 1,0 m | E126: m | F126: 140
A128: 2.2.25 | D128: b) Exceeding 1,0 m but not exceeding 2,0 m | E128: m | F128: 40
A130: 2.2.26 | D130: c) Exceeding 2,0 m but not exceeding 3,0 m | E130: m | F130: 20
A132: 2.2.27 | D132: d) Exceeding 3,0 m but not exceeding 4,0 m | E132: m | F132: 10
A138: TOTAL CARRIED FORWARD
A139: TOTAL BROUGHT FORWARD
A141: 2.3 | C141: 8.3.2(b) | D141: Extra-over items 2.2.1-2.2.27 included for:
A143: 2.3.1 | D143: 1) Intermediate excavation | E143: m³ | F143: 3296
A145: 2.3.2 | D145: 2) Hard rock excavation by Hand (Pneumatic) | E145: m³ | F145: 165
A147: 2.3.3 | D147: 3) Hard rock excavation (Controlled Blasting) | E147: m³ | F147: 7416
A149: 2.3.4 | D149: 4) Boulder excavation Class A | E149: m³ | F149: 824
A151: 2.3.5 | D151: 5) Boulder excavation Class B | E151: m³ | F151: 824
A153: 2.3.6 | C153: 8.3.2(c) | D153: 6) Excavate and dispose of unsuitable material from trench bottom (Provisional) | E153: m³ | F153: 824
A155: 2.3.7 | D155: 7) Hand excavation and backfill only where ordered by the Engineer | E155: m³ | F155: 1000
A157: 2.3.8 | D157: 8) Backfill stabilsed with 5% cement where directed by the Engineer | E157: m³ | F157: 165
A159: 2.4 | C159: 8.3.3 | D159: EXCAVATION ANCILLARIES
C161: 8.3.3.1 | D161: Make-up deficiency in backfill material
A163: 2.4.1 | C163: 8.3.3.1(a) | D163: i) From other necessary excavations on site | E163: m³ | F163: 1285
A165: 2.4.2 | C165: 8.3.3.1(a) | D165: ii) From Borrow Pits | E165: m³ | F165: 9640
A167: 2.4.3 | C167: 8.3.3.1(a) | D167: iii) From Commercial Sources | E167: m³ | F167: 1928
A169: 2.4.4 | C169: 8.3.3.3 | D169: ii) Compaction in road reserves to 90% Mod Aashto as instructed by Employer’s Agent | E169: m³ | F169: 1170
A171: 2.5 | C171: 8.3.4 | D171: Shoring of trenches
A173: 2.5.1 | D173: Opposite existing pipe service where instructed by Employer’s Agent in the following depth Categories)
A175: 2.5.2 | D175: a) Exceeding 0,0m but not exceeding 2,0 m. | E175: m | F175: 960
A177: 2.5.3 | D177: b) Exceeding 2,0m but not exceeding 3,0 m. | E177: m | F177: 480
A179: 2.5.4 | D179: c) Exceeding 3,0m but not exceeding 4,0 m. | E179: m | F179: 1
A181: 2.5.5 | D181: d) Exceeding 4,0m but not exceeding 5,0 m. | E181: m | F181: 1
A183: 2.5.6 | D183: e) Exceeding 5,0m but not exceeding 6,0 m. | E183: m | F183: 1
A185: 2.5.7 | D185: f) Exceeding 6,0m but not exceeding 7,0 m. | E185: m | F185: 1
A187: 2.5.8 | D187: g) Exceeding 7,0m but not exceeding 8,0 m. | E187: m | F187: 1
A188: TOTAL CARRIED FORWARD
A189: TOTAL BROUGHT FORWARD
A190: 2.6 | C190: 8.3.5 | D190: EXISTING SERVICES THAT INTERSECT OR AJOIN A PIPE TRENCH
C192: 8.3.5(a) | D192: Services that intersect a trench as listed by SANS
A194: 2.6.1 | B194: LI | D194: 1) Electrical cable | E194: No. | F194: 190
A196: 2.6.2 | D196: 2) Telecommunication cable | E196: No. | F196: 190
A198: 2.6.3 | D198: 3) Sewer mains | E198: No. | F198: 190
A200: 2.6.4 | D200: 4) Stormwater pipes | E200: No. | F200: 190
A202: 2.6.5 | D202: 5) Water pipes | E202: No. | F202: 190
A204: 2.6.6 | D204: 6) Gas pipes | E204: No. | F204: 5
A206: 2.6.7 | D206: 7) Other | E206: No. | F206: 190
C208: 8.3.5(b) | D208: Services that adjoin a trenches listed by SANS
A210: 2.6.8 | B210: LI | D210: 1) Electrical cable | E210: m | F210: 600
A212: 2.6.9 | B212: LI | D212: 2) Telecommunication cable | E212: m | F212: 600
A214: 2.6.10 | B214: LI | D214: 3) Sewer mains | E214: m | F214: 600
A216: 2.6.11 | B216: LI | D216: 4) Stormwater pipes | E216: m | F216: 600
A218: 2.6.12 | B218: LI | D218: 5) Water pipes | E218: m | F218: 600
A220: 2.6.13 | B220: LI | D220: 6) Gas pipes | E220: m | F220: 10
A222: 2.6.14 | B222: LI | D222: 7) Other | E222: m | F222: 600
...

Sheet 3; BED
A1: CONTRACT TITLE: | C1: REFURBISHMENT AND UPGRADE OF MARGATE STORM-DAMAGED INFRASTRUCTURE, WASTEWATER TREATMENT WORKS AND EFFLUENT MAIN (PHASE 2)
A2: CONTRACT NUMBER | C2: ='1; P&G '!$C$2 -> UGU-07-1734-2026
A3: SECTION: | C3: =D5 -> SCHEDULE 3: BEDDING (PIPES)
A4: ITEM NO | B4: LI | C4: PAYMENT | D4: DESCRIPTION | E4: UNIT | F4: QTY | G4: RATE | H4: AMOUNT
C5: SANS 1200LB | D5: SCHEDULE 3: BEDDING (PIPES)
A7: 3.1 | D7: BEDDING FOR SUBSURFACE DRAIN PIPES
C9: 8.2.1 | D9: Provision of Bedding from trench excavation within 0,5 km including screening
A11: 3.1.1 | D11: Selected granular material | E11: m³ | F11: 18
A13: 3.1.2 | D13: Selected fill material | E13: m³ | F13: 460
C15: 8.2.2.2 | D15: From borrow pits (Provisional)
A17: 3.1.3 | D17: 1) Selected granular material | E17: m³ | F17: 18
A19: 3.1.4 | D19: 2) Selected fill material | E19: m³ | F19: 153
C21: PSLB 8.2.2 | D21: Supply only of bedding by importation:
D23: From commercial sources:
A25: 3.1.5 | D25: 1) Selected granular material | E25: m³ | F25: 3535
A27: 3.1.6 | D27: 2) Selected fill material | E27: m³ | F27: 921
C29: PSLB 8.2.6 | D29: Drainage Layer
A31: 3.1.7 | D31: a) Stone Filling | E31: m³ | F31: 48
A33: 3.1.8 | D33: b) Dump rock | E33: m³ | F33: 240
A35: 3.1.9 | D35: c) Geofabric filter material (Bidim Grade A4 or similar) | E35: m² | F35: 1640
A37: 3.1.10 | B37: 7.1.11 | C37: 8.2.4 | D37: Encasing of pipes (all Diameters) in Concrete (20Mpa) | E37: m³ | F37: 55.088
A39: 3.1.11 | B39: 7.1.11 | C39: 8.2.5 | D39: Overhaul of Material for Bedding Cradle and Selected Fill Blanket | E39: m³.km | F39: 3245
A46: TOTAL CARRIED FORWARD TO SUMMARY

Sheet 4. SEWER
A1: CONTRACT TITLE: | C1: REFURBISHMENT AND UPGRADE OF MARGATE STORM-DAMAGED INFRASTRUCTURE, WASTEWATER TREATMENT WORKS AND EFFLUENT MAIN (PHASE 2)
A2: CONTRACT NUMBER | C2: UGU-07-1734-2026
A3: SECTION: | C3: =D5 -> SCHEDULE 4: SEWERS
A4: ITEM NO | B4: LI | C4: PAYMENT | D4: DESCRIPTION | E4: UNIT | F4: QTY | G4: RATE | H4: AMOUNT
C5: SANS1200 LD | D5: SCHEDULE 4: SEWERS
C7: 8.2 | D7: SCHEDULED ITEM
C9: 8.2.1 | D9: Supply , Lay, Joint, Bed, backfill on flexible bedding Pipes Complete with couplings and Test pipeline
A11: 4.1 | D11: a) Pipes: Class 34 Solid wall or 400kPa uPVC, SANS 791/1601/21138-1/21138-2/21138-3
A13: 4.1.1 | D13: i) 110mm dia. | E13: m | F13: 200
A15: 4.1.2 | D15: ii) 160mm dia. | E15: m | F15: 6000
A17: 4.1.3 | D17: iii) 200mm dia. | E17: m | F17: 2040
A19: 4.1.4 | D19: iv) 250mm dia. | E19: m | F19: 300
A21: 4.1.5 | D21: v) 315mm dia. | E21: m | F21: 450
A23: 4.1.6 | D23: vi) 355 mm dia. | E23: m | F23: 450
A25: 4.2 | D25: b) Pipes: 75D Concrete pipes, SANS 791/1601/21138-1/21138-2/21138-3
A27: 4.2.1 | D27: i) 450mm dia. | E27: m | F27: 200
A29: 4.2.2 | D29: ii) 525mm dia. | E29: m | F29: 110
A31: 4.3 | D31: MANHOLES
D33: Supply and Install Manholes complete with Channels, cover & frame for depths including excvation over and up to:
A35: 4.3.1 | D35: a) 0m to 2.0m | E35: No | F35: 75
A37: 4.3.2 | D37: b) 2.0m to 3.0m | E37: No | F37: 81
A39: 4.3.3 | D39: c) 3.0m to 4.0m | E39: No | F39: 19
A41: 4.3.4 | D41: d) 4.0m to 5.0m | E41: No | F41: 9
A43: 4.3.5 | D43: e) 5.0m to 6.0m | E43: No | F43: 4
A51: TOTAL CARRIED FORWARD
A52: TOTAL BROUGHT FORWARD
D53: CCTV CAMERA AND CLEANING
A55: 4.4 | C55: PZA 5.1 | D55: Cleaning Sewer Pipes and Manholes
A57: 4.4.1 | D57: a) Cleaning of up to DN <350. sewer using mechanical means. | E57: m | F57: 200
A59: 4.4.2 | D59: b) Extra over for levels of silting greater than 20% of the pipe diameter | E59: m | F59: 80
A61: 4.4.3 | D61: c) Cleaning of up to DN 630. sewer using mechanical means. | E61: m | F61: 10
A63: 4.4.4 | D63: d) Extra over for levels of silting greater than 20% of the pipe diameter | E63: m | F63: 10
A65: 4.5 | C65: PZC 6 | D65: CLOSED CIRCUIT TELEVISION (CCTV) INSPECTION OF SEWERS
A67: 4.5.1 | C67: PZC 6,1 | D67: Site Establishment | E67: Sum | F67: 1
C69: PZC 5.1 | D69: CCTV camera survey of pipelines after upgrade works including any cleaning required
A71: 4.5.2 | D71: i) up to 900mm dia. | E71: m | F71: 500
A73: 4.5.3 | D73: Lateral Connections | E73: No. | F73: 10
A75: 4.5.4 | D75: Plugging of Sewers | E75: No. | F75: 10
A77: 4.5.5 | D77: Over-Pumping of Sewer Flows | E77: hr | F77: 500
A93: TOTAL CARRIED FORWARD TO SUMMARY

Sheet 5; Gabions
A1: CONTRACT TITLE: | C1: REFURBISHMENT AND UPGRADE OF MARGATE STORM-DAMAGED INFRASTRUCTURE, WASTEWATER TREATMENT WORKS AND EFFLUENT MAIN (PHASE 2)
A2: CONTRACT NUMBER | C2: UGU-07-1734-2026
A3: SECTION: | C3: =D5 -> SCHEDULE 5: GABIONS AND PITCHING
A4: ITEM NO | B4: LI | C4: PAYMENT | D4: DESCRIPTION | E4: UNIT | F4: QTY | G4: RATE | H4: AMOUNT
C5: SANS 1200 DK | D5: SCHEDULE 5: GABIONS AND PITCHING
A7: 5.1 | C7: 8.2.1 | D7: Surface preparation for bedding of gabions
A9: 5.1.1 | D9: a) Cavities filled with approved excavated material | E9: m³ | F9: 1500
A11: 5.1.2 | D11: b) Cavities filled with grade 15 concrete | E11: m³ | F11: 100
A13: 5.2 | C13: 8.2.2 | D13: Gabions
D15: Supply, place, fill with stones, lacing and bracing gabions boxes or mattresses, the rate should include the supply of stones:
D17: (Double twist hexagonal wire mesh to SANS 1580:2005) Mesh Type 80 with 2,7/3,7mm Class A Galvanized and uPVC coated wire
A19: 5.2.1 | D19: a) Gabion mattresses: 2m x 1m x 0.6m | E19: m³ | F19: 1950
A21: 5.2.2 | D21: (b) Gabion boxes: 1m x 1m x1m | E21: m³ | F21: 812
A23: 5.3 | C23: 8.2.4 | D23: Supply and install Geotextile membrane:
A25: 5.3.1 | D25: a) AG150 - Minimum Energy Absorption - 4,0kN/m | E25: m² | F25: 4062
A27: 5.4 | C27: 8.2.5 | D27: Pitching
A29: 5.4.1 | D29: a) Medium pitching - plain | E29: m² | F29: 140
F30: .
A37: TOTAL CARRIED FORWARD TO SUMMARY

Sheet 6. Jack
A1: CONTRACT TITLE: | C1: REFURBISHMENT AND UPGRADE OF MARGATE STORM-DAMAGED INFRASTRUCTURE, WASTEWATER TREATMENT WORKS AND EFFLUENT MAIN (PHASE 2)
A2: CONTRACT NUMBER | C2: UGU-07-1734-2026
A3: SECTION: | C3: =D5 -> SCHEDULE 6: PIPE JACKING
A4: ITEM NO | B4: LI | C4: PAYMENT | D4: DESCRIPTION | E4: UNIT | F4: QTY | G4: RATE | H4: AMOUNT
C5: SABS 1200LG | D5: SCHEDULE 6: PIPE JACKING
A7: 6.1 | C7: 8.2.1 | D7: Jacking establishment:
A9: 6.1.1 | D9: Fixed charges | E9: Sum | F9: 1
A11: 6.1.2 | D11: Time-related charges for jacking operations up to 400m in length | E11: Sum | F11: 1
A13: 6.2 | C13: 8.2.4 | D13: Excavation for jacking - excavate for pipes at jacking face, including removal and disposal of material within 0,5 km of working area in:
A15: 6.2.1 | D15: a) Soft cohesive soil | E15: m3 | F15: 38
A17: 6.2.2 | D17: b) Non-cohesive soil | E17: m3 | F17: 76
A19: 6.2.3 | D19: c) Hard pickable soil | E19: m3 | F19: 38
A21: 6.2.4 | D21: d) Cobbles and boulders larger than 150 mm but not larger than 0,10 m3 | E21: m3 | F21: 114
A23: 6.2.5 | D23: e) Very hard material occuring in bulk requiring extraordinary techniques for breaking, or boulders larger than 0,01 m3, or both | E23: m3 | F23: 610
A25: 6.2.6 | D25: f) A mixture of two or more of (a) to (e) above | E25: m3 | F25: 38
A27: 6.2.7 | D27: Overhaul in excess of 0,5 km for disposal of surplus excavation | E27: m3.km | F27: 7624
A29: 6.3 | C29: 8.2.2 | D29: Supply of 100D Concrete Jacking Pipe larger than installed pipe road crossings.
A31: 6.3.1 | D31: i) for 110 mm diameter | E31: m | F31: 1
A33: 6.3.2 | D33: ii) for 160 mm diameter | E33: m | F33: 1
A35: 6.3.3 | D35: iii) for 200 mm diameter | E35: m | F35: 1
A37: 6.3.4 | D37: iv) for 250 mm diameter | E37: m | F37: 1
A39: 6.3.5 | D39: v) for 315 mm diameter | E39: m | F39: 1
A41: 6.3.6 | D41: vi) for 355 mm diameter | E41: m | F41: 1
A43: 6.3.7 | D43: vii) for 450 mm diameter | E43: m | F43: 18
A45: 6.3.8 | D45: viii) for 600 mm diameter | E45: m | F45: 36
A47: 6.3.9 | D47: ix) for 900 mm diameter | E47: m | F47: 306
A52: TOTAL CARRIED FORWARD
A53: TOTAL BROUGHT FORWARD
A55: 6.4 | C55: 8.2.3 | D55: Jacking of 100D Concrete Jacking Pipe into final position
A57: 6.4.1 | D57: i) for 110 mm diameter | E57: m | F57: 1
A59: 6.4.2 | D59: ii) for 160 mm diameter | E59: m | F59: 1
A61: 6.4.3 | D61: iii) for 200 mm diameter | E61: m | F61: 1
A63: 6.4.4 | D63: iv) for 250 mm diameter | E63: m | F63: 1
A65: 6.4.5 | D65: v) for 315 mm diameter | E65: m | F65: 1
A67: 6.4.6 | D67: vi) for 355 mm diameter | E67: m | F67: 1
A69: 6.4.7 | D69: vii) for 450 mm diameter | E69: m | F69: 18
A71: 6.4.8 | D71: viii) for 600 mm diameter | E71: m | F71: 36
A73: 6.4.9 | D73: ix) for 900 mm diameter | E73: m | F73: 306
A75: 6.5 | C75: 8.2.9 | D75: Stabilization of unstable areas where ordered:
A77: 6.5.1 | D77: a) Provision and establishment of equipment on site, and removal on completion of operation | E77: Sum | F77: 1
A79: 6.5.2 | D79: b) Operation of equipment | E79: day | F79: 40
A81: 6.6 | C81: 8.2.9 | D81: Grouting of voids where ordered:
A83: 6.6.1 | D83: a) Provision and establishment of equipment on site, and removal on completion of operation | E83: Sum | F83: 1
A85: 6.6.2 | D85: b) Operation of equipment | E85: day | F85: 40
A95: TOTAL CARRIED FORWARD TO SUMMARY

Sheet 7. Swr HH Conn
A1: CONTRACT TITLE: | C1: REFURBISHMENT AND UPGRADE OF MARGATE STORM-DAMAGED INFRASTRUCTURE, WASTEWATER TREATMENT WORKS AND EFFLUENT MAIN (PHASE 2)
A2: CONTRACT NUMBER | C2: UGU-07-1734-2026
A3: SECTION: | C3: =D5 -> SCHEDULE 7: SEWER HOUSEHOLD CONNECTIONS
A4: ITEM NO | B4: LI | C4: PAYMENT | D4: DESCRIPTION | E4: UNIT | F4: QTY | G4: RATE | H4: AMOUNT
A5: 7.1 | D5: SCHEDULE 7: SEWER HOUSEHOLD CONNECTIONS
C7: SANS1200 DC | D7: EARTHWORKS (Pipe Trenches)
A9: 7.1.1 | B9: LI | C9: 8.2.1 | D9: Clear vegetation and grub | E9: m² | F9: 76538
A11: 7.1.2 | B11: LI | C11: 8.2.2 | D11: Remove large trees and tree stumps of girth up to 1 m | E11: No. | F11: 185
A13: 7.1.3 | C13: 8.2.10 | D13: Remove topsoil to a nominal depth of 150mm and stockpile | E13: m² | F13: 76538
A15: 7.1.4 | C15: PSC 8.2.11 | D15: Take Down and Re-erect Fence | E15: m | F15: 3750
A17: 7.1.5 | C17: PSC 8.2.12 | D17: Demarcation Staking | E17: m | F17: 150
A19: 7.1.6 | C19: PSC 8.2.13 | D19: Fencing of Pipeline Servitudes in populated areas | E19: m | F19: 1
A21: 7.1.7 | C21: PSC 8.2.14 | D21: Removal and Re-Erection of Structures | E21: Prov Sum | F21: 1 | G21: 3000000 | H21: =G21*F21 -> 3000000
A23: 7.1.8 | D23: (i) Overheads, charges and profit on item 2.1.7 above | E23: % | F23: =H21 -> 3000000
C25: SANS1200 DB | D25: PIPE TRENCHES
A27: 7.2 | D27: EXCAVATION
C29: 8.3.2(a) | D29: Excavate in all materials for trenches, backfill, compact, and dispose of surplus/ unsuitable material, for up to 110 mm dia. pipes for total trench depth:
A31: 7.2.1 | B31: LI | D31: a) Exceeding 0,0 m but not exceeding 1,0 m | E31: m | F31: 11375
A33: 7.2.2 | D33: b) Exceeding 1,0 m but not exceeding 2,0 m | E33: m | F33: 3250
A35: 7.2.3 | D35: c) Exceeding 2,0 m but not exceeding 3,0 m | E35: m | F35: 125
A45: TOTAL CARRIED FORWARD
A46: TOTAL BROUGHT FORWARD
A48: 7.3 | C48: 8.3.2(b) | D48: Extra-over items 2.2.1-2.2.27 included for:
A50: 7.3.1 | D50: 1) Intermediate excavation | E50: m³ | F50: 5460
A52: 7.3.2 | D52: 2) Hard rock excavation by Hand (Pneumatic) | E52: m³ | F52: 8190
A54: 7.3.3 | D54: 3) Hard rock excavation (Controlled Blasting) | E54: m³ | F54: 364
A56: 7.3.4 | D56: 4) Boulder excavation Class A | E56: m³ | F56: 455
A58: 7.3.5 | D58: 5) Boulder excavation Class B | E58: m³ | F58: 455
A60: 7.3.6 | C60: 8.3.2(c) | D60: 6) Excavate and dispose of unsuitable material from trench bottom (Provisional) | E60: m³ | F60: 910
A62: 7.3.7 | D62: 7) Hand excavation and backfill only where ordered by the Engineer | E62: m³ | F62: 1000
A64: 7.3.8 | D64: 8) Backfill stabilsed with 5% cement where directed by the Engineer | E64: m³ | F64: 165
A66: 7.4 | C66: 8.3.3 | D66: EXCAVATION ANCILLARIES
C68: 8.3.3.1 | D68: Make-up deficiency in backfill material
A70: 7.4.1 | C70: 8.3.3.1(a) | D70: i) From other necessary excavations on site | E70: m³ | F70: 1374
A72: 7.4.2 | C72: 8.3.3.1(a) | D72: ii) From Borrow Pits | E72: m³ | F72: 9619
A74: 7.4.3 | C74: 8.3.3.1(a) | D74: iii) From Commercial Sources | E74: m³ | F74: 1374
A76: 7.4.4 | C76: 8.3.3.3 | D76: ii) Compaction in road reserves to 90% Mod Aashto as instructed by Employer’s Agent | E76: m³ | F76: 1170
A78: 7.5 | C78: 8.3.4 | D78: Shoring of trenches
A80: 7.5.1 | D80: Opposite existing pipe service where instructed by Employer’s Agent in the following depth Categories)
A82: 7.5.2 | D82: a) Exceeding 0,0m but not exceeding 2,0 m. | E82: m | F82: 1625
A84: 7.5.3 | D84: b) Exceeding 2,0m but not exceeding 3,0 m. | E84: m | F84: 813
A87: TOTAL CARRIED FORWARD
A88: TOTAL BROUGHT FORWARD
A89: 7.6 | C89: 8.3.5 | D89: EXISTING SERVICES THAT INTERSECT OR AJOIN A PIPE TRENCH
C91: 8.3.5(a) | D91: Services that intersect a trench as listed by SANS
A93: 7.6.1 | B93: LI | D93: 1) Electrical cable | E93: No. | F93: 250
A95: 7.6.2 | D95: 2) Telecommunication cable | E95: No. | F95: 250
A97: 7.6.3 | D97: 3) Sewer mains | E97: No. | F97: 250
A99: 7.6.4 | D99: 4) Stormwater pipes | E99: No. | F99: 250
A101: 7.6.5 | D101: 5) Water pipes | E101: No. | F101: 250
A103: 7.6.6 | D103: 6) Gas pipes | E103: No. | F103: 25
P104: 3
A105: 7.6.7 | D105: 7) Other | E105: No. | F105: 20 | P105: 1
C107: 8.3.5(b) | D107: Services that adjoin a trenches listed by SANS
A109: 7.6.8 | B109: LI | D109: 1) Electrical cable | E109: m | F109: 900
A111: 7.6.9 | B111: LI | D111: 2) Telecommunication cable | E111: m | F111: 900
A113: 7.6.10 | B113: LI | D113: 3) Sewer mains | E113: m | F113: 900
A115: 7.6.11 | B115: LI | D115: 4) Stormwater pipes | E115: m | F115: 450
A117: 7.6.12 | B117: LI | D117: 5) Water pipes | E117: m | F117: 900
A119: 7.6.13 | B119: LI | D119: 6) Gas pipes | E119: m | F119: 50
A121: 7.6.14 | B121: LI | D121: 7) Other | E121: m | F121: 40
A123: 7.7 | D123: FINISHING:
A125: 7.7.1 | C125: 8.3.6.1 | D125: Reinstate road surfaces complete with all courses. | E125: m | F125: 1250
A130: TOTAL CARRIED FORWARD
A131: TOTAL BROUGHT FORWARD
A132: 7.7.2 | D132: a) Asphalt of thickness up to 20mm in parking areas and sidewalks | E132: m² | F132: 75
A134: 7.7.3 | D134: b) Asphalt of thickness exceeding 20mm up to 40mm in roadway | E134: m² | F134: 90
A136: 7.7.4 | C136: PSDB8.3.8 | D136: i) Cut, remove and disposing of existing asphalt (unlimited freehaul) | E136: m³ | F136: 12
A138: 7.7.5 | C138: PSDB8.3.9 | D138: ii) Cut, remove and disposing of existing concrete (unlimited freehaul) | E138: m³ | F138: 6
A140: 7.7.6 | C140: PSDB8.3.10 | D140: Extra-over item 2.7.1 to 2.7.5 for excavate by hand in soft material with hand tools, as instructed by the Engineer | E140: m³ | F140: 500
A142: 7.7.7 | C142: PSDB8.3.11 | D142: Extra-over items 2.7.1 to 2.7.5 for stabilising backfill with cement (CEM II 32.5) and compaction to 93% MOD AASHTO | E142: m³ | F142: 500
A144: 7.8 | C144: 8.3.12 | D144: Reinstate paving blocks, (where applicable) for driveways, walkways etc.
A146: 7.8.1 | D146: a) Block paving (60mm) | E146: m² | F146: 600
A148: 7.8.2 | D148: b) Interlocking block paving (80mm) | E148: m² | F148: 600
C150: PSDB8.3.14 | D150: Extra over item 2.8.1 to 2.8.2 for supplying new paving blocks, to match exisiting, only where original paving blocks were broken (as instructed by Engineer)
A152: 7.8.3 | D152: a) Block paving (60mm) | E152: m² | F152: 500
A154: 7.8.4 | D154: b) Interlocking block paving (80mm) | E154: m² | F154: 500
A156: 7.8.4.1 | D156: Saw cutting of existing slab, with breaking and disposal of concrete | E156: m | F156: 5000
A158: 7.8.5 | C158: PSDB8.3.15 | D158: Reinstate concrete slab, with necessary jointing, up to 150mm thick, Concrete Class 25/19 | E158: m² | F158: 250
A160: 7.8.6 | C160: PSDB8.3.18(a) | D160: Reinstate existing brick walls complete with brick-force as required | E160: m² | F160: 500
A162: 7.8.7 | C162: PSDB8.3.18(b) | D162: Reinstate existing Palisade fencing and support posts | E162: m | F162: 500
A164: 7.8.8 | C164: PSDB8.3.18(c) | D164: Reinstate existing wire fencing | E164: m | F164: 500
A167: TOTAL CARRIED FORWARD TO SUMMARY
A168: TOTAL BROUGHT FORWARD
C169: SANS 1200LB | D169: BEDDING (PIPES)
A171: 7.9 | D171: BEDDING FOR SUBSURFACE DRAIN PIPES
C173: 8.2.1 | D173: Provision of Bedding from trench excavation within 0,5 km including screening
A175: 7.9.1 | D175: Selected granular material | E175: m³ | F175: 458
A177: 7.9.2 | D177: Selected fill material | E177: m³ | F177: 692
C179: 8.2.2.2 | D179: From borrow pits (Provisional)
A181: 7.9.3 | D181: 1) Selected granular material | E181: m³ | F181: 686
A183: 7.9.4 | D183: 2) Selected fill material | E183: m³ | F183: 231
C185: PSLB 8.2.2 | D185: Supply only of bedding by importation:
D187: From commercial sources:
A189: 7.9.5 | D189: 1) Selected granular material | E189: m³ | F189: 3432
A191: 7.9.6 | D191: 2) Selected fill material | E191: m³ | F191: 1385
C193: PSLB 8.2.6 | D193: Drainage Layer
A195: 7.9.7 | D195: a) Stone Filling | E195: m³ | F195: 21.3
A197: 7.9.8 | D197: b) Dump rock | E197: m³ | F197: 1
A199: 7.9.9 | D199: c) Geofabric filter material (Bidim Grade A4 or similar) | E199: m² | F199: 205
...

Sheet 8; Aeration
A1: CONTRACT TITLE: | C1: REFURBISHMENT AND UPGRADE OF MARGATE STORM-DAMAGED INFRASTRUCTURE, WASTEWATER TREATMENT WORKS AND EFFLUENT MAIN (PHASE 2)
A2: CONTRACT NUMBER | C2: UGU-07-1734-2026
A3: SECTION: | C3: =D5 -> SCHEDULE 8: AREATION BASIN
A4: ITEM NO | B4: LI | C4: PAYMENT | D4: DESCRIPTION | E4: UNIT | F4: QTY | G4: RATE | H4: AMOUNT
D5: SCHEDULE 8: AREATION BASIN
A7: 8.1 | D7: General and Concrete repairs on existing tank
A9: 8.1.1 | D9: Remove all existing handrail baseplates and bolts from concrete | E9: No | F9: 12
A11: 8.1.2 | D11: Expose concrete surface by sandblasting or cleaning with high pressure water jet | E11: m2 | F11: 2032
A13: 8.1.3 | D13: Level corroded concrete floor /wall area with Pro-Struct 513 levelling mortar or Sika equivalent | E13: m2 | F13: 2032
A15: 8.1.4 | D15: Desluging of tank. Removal using Honey sucker or pump. Including safe disposal | E15: m3 | F15: 2842
A17: 8.1.5 | D17: Removal of heavy grit/sediment from tank | E17: m3 | F17: 1894
A19: 8.1.6 | D19: Sum for complete removal of areation pipework | E19: Sum | F19: 1
A21: 8.1.7 | D21: Construct stainless steel canopy over existing areation pipes | E21: m | F21: 94
A23: 8.1.8 | D23: Mentis handrail, ball type MT 90 complete installed. Stainless steel 316L SS SCH 10 | E23: m | F23: 110
A25: 8.1.9 | D25: Grid floor, bearer 25 x 4.5 mm light duty, 450 mm wide, galvanized & banded over canals | E25: m2 | F25: 10
A27: 8.1.10 | D27: Mentis stair threads, 900 x 245 mm, 6 per stair | E27: No | F27: 2
A32: TOTAL CARRIED FORWARD
A33: TOTAL BROUGHT FORWARD
C35: 8.2.5 | D35: PIPE FITTINGS Steel
D37: Copon coated = Cc; Galvanised = gs; oef=one end flanged; bef = both ends flanged; pf=puddle flange pipework 316L SS, class Sch 10. Flanges SABS 1123 table 1000/3
A39: 8.2 | D39: a) 90°
A41: 8.2.1 | D41: 200 mm dia bef | E41: No | F41: 6
A43: 8.3 | D43: TEE PIECE (Flanged 1000/3)
A45: 8.3.1 | D45: a) 200mm x 200mm | E45: No | F45: 2
A47: 8.3.2 | D47: a) 500mm x 500mm | E47: No | F47: 2
A49: 8.4 | D49: 200 mm dia (mm)
A51: 8.4.1 | D51: a) L=3000, bef | E51: No | F51: 12
A53: 8.4.2 | D53: b) L=295, bef | E53: No | F53: 8
A55: 8.4.3 | D55: c) L = 6000 bef | E55: No | F55: 12
A57: 8.5 | D57: 500 mm dia (mm)
A59: 8.5.1 | D59: a) L=5000, oef | E59: No | F59: 4
A61: 8.5.2 | D61: b) L=1000, oef | E61: No | F61: 2
A63: 8.6 | D63: 150 mm dia (mm)
A65: 8.6.1 | D65: a) L=1000, oef | E65: No | F65: 2
D67: 75mm uPVC class 9 with holes drilled for aeartor dome installation | E67: m | F67: 720
A69: 8.7 | D69: 200 mm Ø NB, Supply and install fittings below including all fixures
A71: 8.7.1 | D71: a) RSV Gate valve class 10 | E71: No | F71: 6
A73: 8.7.2 | D73: b) Flange adapter VJ or Simlair | E73: No | F73: 6
A75: 8.7.3 | D75: Supply and install 8m long stem and spindle valve wheel | E75: No | F75: 6
A77: 8.7.4 | D77: Supply and install Stainless steel ladder and protective cage H=8m | E77: No | F77: 2
A82: TOTAL CARRIED FORWARD TO SUMMARY
A83: TOTAL BROUGHT FORWARD
A85: 8.8 | D85: 250 mm dia (mm)
A87: 8.8.1 | D87: a) L=3000, bef | E87: No | F87: 12
A89: 8.8.2 | D89: b) L=295, bef | E89: No | F89: 8
A91: 8.8.3 | D91: c) L = 6000 bef | E91: No | F91: 8
A93: 8.9 | D93: Supply and install disc fine bubble diffuser with high grade EPDM membrane with integrated backflow preventer, support dish and halter or screw on ring with air inlet threaded (female). Airflow rate ± 3 m³/h to 5 m³/h with daily peak flow = 4.5 m³/h | E93: No | F93: 660
A95: 8.10 | D95: Supply & install pipe saddle (clamp/bolted) with socket sealing ring agianst header pipe (EPDM rubber or PVC) | E95: no | F95: 660
A97: 8.11 | D97: Drill airhole into pipe with patented method not to drop drilling material into pipe | E97: no | F97: 660
A99: 8.12 | D99: Drill airhole into pipe with patented method not to drop drilling material into pipe | E99: no | F99: 660
A101: 8.13 | D101: Test and commission | E101: sum | F101: 1
A107: TOTAL CARRIED FORWARD TO SUMMARY

Sheet 9; Upper inlet
A1: CONTRACT TITLE: | C1: REFURBISHMENT AND UPGRADE OF MARGATE STORM-DAMAGED INFRASTRUCTURE, WASTEWATER TREATMENT WORKS AND EFFLUENT MAIN (PHASE 2)
A2: CONTRACT NUMBER | C2: UGU-07-1734-2026
A3: SECTION: | C3: =D5 -> SCHEDULE 9: UPPER INLET
A4: ITEM NO | B4: LI | C4: PAYMENT | D4: DESCRIPTION | E4: UNIT | F4: QTY | G4: RATE | H4: AMOUNT
D5: SCHEDULE 9: UPPER INLET
A7: 9.1 | D7: General and Concrete repairs on existing inlet canal
A9: 9.1.1 | D9: Remove all existing handrail baseplates and bolts from concrete | E9: No | F9: 24
A11: 9.1.2 | D11: Expose concrete surface by sandblasting or cleaning with high pressure water jet | E11: m2 | F11: 430
A13: 9.1.3 | D13: Level corroded concrete floor /wall area with Pro-Struct 513 levelling mortar or Sika equivalent | E13: m2 | F13: 430
A15: 9.1.4 | D15: Desluging of tank. Removal using Honey sucker or pump. Including safe disposal | E15: m3 | F15: 135
A17: 9.1.5 | D17: Mentis handrail, ball type MT 90 complete installed. Stainless steel 316L SS SCH 10 | E17: m | F17: 90
A19: 9.1.6 | D19: Grid floor, bearer 25 x 4.5 mm light duty, 450 mm wide, galvanized & banded over canals | E19: m2 | F19: 30
A21: 9.1.7 | D21: Mentis stair threads, 900 x 245 mm, 6 per stair | E21: No | F21: 2
A23: 9.1.8 | D23: Supply, deliver, install, and commission a , wall-mounted Rising Spindle Sluice Gate (Penstock) suitable for wastewater treatment applications. Including frame and other fixtures. W=600mm, H=1500mm. Gate height= 800mm(including freeboard) | E23: No | F23: 12
A25: 9.1.9 | D25: Demolish existing rising mainhole and dispose of all material | E25: No | F25: 2
A30: TOTAL CARRIED FORWARD
A31: TOTAL BROUGHT FORWARD
C33: 8.2.5 | D33: PIPE FITTINGS Steel
D35: Copon coated = Cc; Galvanised = gs; oef=one end flanged; bef = both ends flanged; pf=puddle flange pipework 316L SS, class Sch 10. Flanges SABS 1123 table 1000/3
A37: 9.2 | D37: a) 90°
A39: 9.2.1 | D39: 150 mm dia bef | E39: No | F39: 6
A41: 9.3 | D41: TEE PIECE (Flanged 1000/3)
A43: 9.3.1 | D43: a) 150mm x 150mm | E43: No | F43: 2
A45: 9.3.2 | D45: a) 200mm x 200mm | E45: No | F45: 2
A47: 9.4 | D47: 150 mm dia (mm)
A49: 9.4.1 | D49: b) L=295, bef | E49: No | F49: 4
A51: 9.5 | D51: 150mm Ø NB, Supply and install fittings below including all fixures
A53: 9.5.1 | D53: a) RSV Gate valve class 10, Flanged to SANS 1123 | E53: No | F53: 3
A55: 9.5.2 | D55: b) Flange adapter VJ or Simlair | E55: No | F55: 6
A57: 9.5.3 | D57: Supply and install 8m long stem and spindle valve wheel | E57: No | F57: 6
A59: 9.5.4 | D59: Supply and install Stainless steel ladder and protective cage H=8m | E59: No | F59: 2
A70: TOTAL CARRIED FORWARD
A71: TOTAL BROUGHT FORWARD
A73: 9.6 | D73: Mechanical equipment
A75: 9.6.1 | D75: 600 mm Wide SS 304L drip tray for screenings | E75: no | F75: 1
A77: 9.6.2 | D77: 410 mm x 600 mm 304L SS U-frame and 400 mm x 600 mm 304L SS handstop with handle to replace existing | E77: no | F77: 4
A79: 9.7 | D79: Flow measuring equipment
A81: 9.7.1 | D81: a) Open canal Ultrasonic liquid level detector & 304L SS frame for mounting over the canal | E81: no | F81: 1
A83: 9.7.2 | D83: b) Flow meter transmitter with data logger with connection to MCC & PC in Admin control room | E83: no | F83: 1
A85: 9.7.3 | D85: c) 304L SS canopy mounted on top of frame over Ultrasonic liquid level detector | E85: no | F85: 1
A87: 9.7.4 | D87: Electric motor driven mechanical screen complete with frame, cover plates, chain, sprockets, shute etc. - 304L SS | E87: no | F87: 1
A89: 9.7.5 | D89: Electrical motor driven centreless screw conveyor with U-canal, cover plates & washwater spray bar - 304 L SS | E89: no | F89: 1
A91: 9.7.6 | D91: 3CR12 - A-frame conveyor support carriers | E91: no | F91: 2
A93: 9.7.7 | D93: Electrical motor driven screenings screw compactor, venturi, U-canal, cover plates, washwater spray bar & outlet shute - 304 L SS | E93: no | F93: 1
A95: 9.7.8 | D95: 300 ℓ Trolley bin for screenings - 3CR12 | E95: no | F95: 1
A97: 9.7.9 | D97: Sluice gate mm Ø Gate valve with electrical actuator | E97: No | F97: 5
A102: TOTAL CARRIED FORWARD TO SUMMARY

Sheet 10; Lower inlet
A1: CONTRACT TITLE: | C1: REFURBISHMENT AND UPGRADE OF MARGATE STORM-DAMAGED INFRASTRUCTURE, WASTEWATER TREATMENT WORKS AND EFFLUENT MAIN (PHASE 2)
A2: CONTRACT NUMBER | C2: UGU-07-1734-2026
A3: SECTION: | C3: =D5 -> SCHEDULE 10: LOWER INLET
A4: ITEM NO | B4: LI | C4: PAYMENT | D4: DESCRIPTION | E4: UNIT | F4: QTY | G4: RATE | H4: AMOUNT
D5: SCHEDULE 10: LOWER INLET
A7: 10.1 | D7: General and Concrete repairs on existing inlet canal
A9: 10.1.1 | D9: Remove all existing handrail baseplates and bolts from concrete | E9: No | F9: 24
A11: 10.1.2 | D11: Expose concrete surface by sandblasting or cleaning with high pressure water jet | E11: m2 | F11: 280
A13: 10.1.3 | D13: Level corroded concrete floor /wall area with Pro-Struct 513 levelling mortar or Sika equivalent | E13: m2 | F13: 280
A15: 10.1.4 | D15: Desluging of tank. Removal using Honey sucker or pump. Including safe disposal | E15: m3 | F15: 75
A17: 10.1.5 | D17: Mentis handrail, ball type MT 90 complete installed. Stainless steel 316L SS SCH 10 | E17: m | F17: 50
A19: 10.1.6 | D19: Grid floor, bearer 25 x 4.5 mm light duty, 450 mm wide, galvanized & banded over canals | E19: m2 | F19: 30
A21: 10.1.7 | D21: Mentis stair threads, 900 x 245 mm, 6 per stair | E21: No | F21: 2
A23: 10.1.8 | D23: Supply, deliver, install, and commission a , wall-mounted Rising Spindle Sluice Gate (Penstock) suitable for wastewater treatment applications. Including frame and other fixtures. W=900mm, H=1000mm. Gate height= 800mm(including freeboard) | E23: No | F23: 9
A25: 10.1.9 | D25: Demolish existing existing concrete wall and dispose of material | E25: m3 | F25: 5
A27: 10.1.10 | D27: Refurbish existing inlet chambers and surrounding fittings | E27: Prov Sum | F27: 1 | G27: 450000 | H27: =ROUND(F27 * G27,2) -> 450000
A29: 10.1.11 | D29: Allowance for profit on above item | E29: % | F29: =H27 -> 450000
A38: TOTAL CARRIED FORWARD TO SUMMARY

Sheet 11; Pipes WWTW
A1: CONTRACT TITLE: | C1: REFURBISHMENT AND UPGRADE OF MARGATE STORM-DAMAGED INFRASTRUCTURE, WASTEWATER TREATMENT WORKS AND EFFLUENT MAIN (PHASE 2)
A2: CONTRACT NUMBER | C2: UGU-07-1734-2026
A3: SECTION: | C3: =D5 -> SCHEDULE 11: MEDIUM PRESSURE PIPELINES
A4: ITEM NO | B4: LI | C4: PAYMENT | D4: DESCRIPTION | E4: UNIT | F4: QTY | G4: RATE | H4: AMOUNT
C5: SABS 1200 L | D5: SCHEDULE 11: MEDIUM PRESSURE PIPELINES
A7: 11.1 | D7: Supply, handle, lay and bed and test uPVC pipes to SABS 966-1, on class C bedding and test
A9: 11.1.1 | D9: a) 160 mm dia class 16 | E9: m | F9: 835
A11: 11.1.2 | D11: b) 200 mm dia class 16 | E11: m | F11: 250
A13: 11.1.3 | D13: c) 250 mm dia class 16 | E13: m | F13: 120
A15: 11.1.4 | D15: d) 315 mm dia class 16 | E15: m | F15: 80
D17: PIPE FITTINGS uPVC
D19: Extra over 5.1 & 5.2 for supplying, laying and bedding of fittings and couplings complete
A21: 11.2 | D21: uPVC Class 16 bends
A23: 11.2.1 | D23: a)(i) 160 mm dia x 90° | E23: No | F23: 6
A25: 11.2.2 | D25: a)(ii) 160 mm dia x 45° | E25: No | F25: 6
A27: 11.2.3 | D27: a)(iii) 160 mm dia x 22½° | E27: No | F27: 6
A29: 11.2.4 | D29: a)(iv) 160 mm dia x 11¼° | E29: No | F29: 6
A31: 11.2.5 | D31: b)(i) 200 mm dia x 90° | E31: No | F31: 6
A33: 11.2.6 | D33: b)(ii) 200 mm dia x 45° | E33: No | F33: 6
A35: 11.2.7 | D35: b)(iii) 200 mm dia x 22½° | E35: No | F35: 6
A37: 11.2.8 | D37: b)(iv) 200 mm dia x 11¼° | E37: No | F37: 6
A42: TOTAL CARRIED FORWARD
A43: TOTAL BROUGHT FORWARD
A45: 11.2.9 | D45: c)(i) 250 mm dia x 90° | E45: No | F45: 6
A47: 11.2.10 | D47: c)(ii) 250 mm dia x 45° | E47: No | F47: 6
A49: 11.2.11 | D49: c)(iii) 250 mm dia x 22½° | E49: No | F49: 6
A51: 11.2.12 | D51: c)(iv) 250 mm dia x 11¼° | E51: No | F51: 6
A53: 11.2.13 | D53: d)(i) 315 mm dia x 90° | E53: No | F53: 6
A55: 11.2.14 | D55: d)(ii) 315 mm dia x 45° | E55: No | F55: 6
A57: 11.2.15 | D57: d)(iii) 315 mm dia x 22½° | E57: No | F57: 6
A59: 11.2.16 | D59: d)(iv) 315 mm dia x 11¼° | E59: No | F59: 6
D61: PIPE FITTINGS CI
A63: 11.3 | D63: CI TEES to fit uPVC
A65: 11.3.1 | D65: 150 x 150 mm (DL 04) | E65: No | F65: 4
A67: 11.4 | D67: FLANGE ADAPTORS TO uPVC PIPES
A69: 11.4.1 | D69: 160 mm dia | E69: No | F69: 6
A71: 11.5 | D71: Supply and Install Manholes complete with Channels, cover & frame for depths including excvation over and up to:
A73: 11.5.1 | D73: i) 0m to 2.0m | E73: No | F73: 10
A75: 11.5.2 | D75: ii) 2.0m to 3.0m | E75: No | F75: 3
A79: TOTAL CARRIED FORWARD TO SUMMARY

Sheet 12; Ertwrks WWTW
A1: CONTRACT TITLE: | C1: REFURBISHMENT AND UPGRADE OF MARGATE STORM-DAMAGED INFRASTRUCTURE, WASTEWATER TREATMENT WORKS AND EFFLUENT MAIN (PHASE 2)
A2: CONTRACT NUMBER | C2: UGU-07-1734-2026
A3: SECTION: | C3: =D5 -> SCHEDULE 12: EARTHWORKS (PIPE TRENCHES)
A4: ITEM NO | B4: LI | C4: PAYMENT | D4: DESCRIPTION | E4: UNIT | F4: QTY | G4: RATE | H4: AMOUNT
C5: SANS1200 C | D5: SCHEDULE 12: EARTHWORKS (PIPE TRENCHES)
A7: 12.1.1 | B7: LI | C7: PS C 8.2.1 | D7: Clear vegetation and grub | E7: m² | F7: 3005
A9: 12.1.2 | B9: LI | C9: PS 8.2.3 | D9: Remove large trees and tree stumps of girth up to 1 m | E9: No. | F9: 3
A11: 12.1.3 | C11: 8.2.3 | D11: Remove topsoil to a nominal depth of 150mm and stockpile | E11: m² | F11: 3005
A13: 12.1.4 | C13: PS C 8.2.5 | D13: Take Down and Re-erect new fences | E13: m | F13: 50
A15: 12.1.5 | C15: PSC 8.2.5 | D15: Demarcation Staking | E15: m | F15: 10
A17: 12.1.6 | C17: PSC 8.2.6 | D17: Fencing of Pipeline Servitudes in populated areas | E17: m | F17: 2
C23: SANS1200 DB | D23: PIPE TRENCHES
A25: 12.2 | C25: PS DB 8.3.2 | D25: EXCAVATION
C27: 8.3.1 (a) | D27: Excavate in all materials for trenches, backfill, compact, and dispose of surplus/ unsuitable material, for up to 450 mm dia. pipes for total trench depth:
A29: 12.2.1 | B29: LI | D29: a) Exceeding 0,0 m but not exceeding 1,0 m | E29: m | F29: 334
A31: 12.2.2 | D31: b) Exceeding 1,0 m but not exceeding 2,0 m | E31: m | F31: 334
A33: 12.2.3 | D33: c) Exceeding 2,0 m but not exceeding 3,0 m | E33: m | F33: 168
A35: 12.2.4 | D35: d) Exceeding 3,0 m but not exceeding 4,0 m | E35: m | F35: 10
AI38: =$T$37*AA38 -> 0
AI39: =$T$37*AA39 -> 0
AI40: =$T$37*AA40 -> 0
AI41: =$T$37*AA41 -> 0
AI43: =$T$37*AA43 -> 0
A46: TOTAL CARRIED FORWARD
A47: TOTAL BROUGHT FORWARD
C48: 8.3.1 (c) | D48: Extra-over items 12.2.1 to 12.2.4 included for:
A50: 12.2.5 | D50: a) Intermediate excavation | E50: m³ | F50: 541
A52: 12.2.6 | D52: b) Hard rock excavation | E52: m³ | F52: 271
A54: 12.2.7 | D54: c) Boulder excavation Class A | E54: m³ | F54: 90
A56: 12.2.8 | D56: d) Boulder excavation Class B | E56: m³ | F56: 90
A58: 12.2.9 | C58: 8.3.1.1 | D58: Excavate and dispose of unsuitable material from trench bottom (Provisional) | E58: m³ | F58: 135
A60: 12.2.10 | D60: Hand excavation and backfill only where ordered by the Engineer | E60: m³ | F60: 10
A62: 12.2.11 | D62: Backfill stabilsed with 5% cement where directed by the Engineer | E62: m³ | F62: 35
A64: 12.3 | C64: PS DB 8.3.3 | D64: EXCAVATION ANCILLARIES
C66: PS DB 8.3.3.1 | D66: Make-up deficiency in backfill material
A68: 12.3.1 | C68: 8.3.3.1(a) | D68: From other necessary excavations on site | E68: m³ | F68: 1020
A70: 12.3.2 | C70: 8.3.3.3 | D70: Compaction in road reserves to 90% Mod Aashto as instructed by Employer’s Agent | E70: m³ | F70: 50
C72: 8.3.4 | D72: Shoring of trenches
A74: 12.3.3 | D74: Opposite existing pipe service where instructed by Employer’s Agent in the following depth categories:
A76: 12.3.4 | D76: a) Exceeding 0,0m but not exceeding 2,0 m. | E76: m | F76: 55
A83: TOTAL CARRIED FORWARD TO SUMMARY

Sheet 13; Bed WWTW
A1: CONTRACT TITLE: | C1: REFURBISHMENT AND UPGRADE OF MARGATE STORM-DAMAGED INFRASTRUCTURE, WASTEWATER TREATMENT WORKS AND EFFLUENT MAIN (PHASE 2)
A2: CONTRACT NUMBER | C2: UGU-07-1734-2026
A3: SECTION: | C3: =D5 -> SCHEDULE 13: BEDDING (PIPES)
A4: ITEM NO | B4: LI | C4: PAYMENT | D4: DESCRIPTION | E4: UNIT | F4: QTY | G4: RATE | H4: AMOUNT
C5: SANS 1200LB | D5: SCHEDULE 13: BEDDING (PIPES)
D7: BEDDING FOR SUBSURFACE DRAIN PIPES
A9: 13.1 | C9: 8.2.1 | D9: Provision of Bedding from trench excavation within 0,5 km including screening
A11: 13.1.1 | B11: LI | D11: Selected granular material | E11: m³ | F11: 17
A13: 13.1.2 | B13: LI | D13: Selected fill material | E13: m³ | F13: 18
A15: 13.2 | C15: 8.2.2.2 | D15: From borrow pits (Provisional)
A17: 13.2.1 | D17: a) Selected granular material | E17: m³ | F17: 49
A19: 13.2.2 | D19: b) Selected fill material | E19: m³ | F19: 13
C21: PSLB 8.2.2 | D21: Supply only of bedding by importation:
A23: 13.3 | D23: From commercial sources:
A25: 13.3.1 | D25: Selected granular material complying with SANS 1083 | E25: m³ | F25: 29
A27: 13.3.2 | D27: Selected fill material | E27: m³ | F27: 8
C29: PSLB 8.2.6 | D29: Drainage Layer
A31: 13.3.3 | D31: a) Stone Filling | E31: m³ | F31: 10
A33: 13.3.4 | D33: b) Dump rock | E33: m³ | F33: 15
A35: 13.3.5 | D35: c) Geofabric filter material (Bidim Grade A4 or similar) | E35: m² | F35: 150
A37: 13.3.6 | B37: 7.1.11 | C37: 8.2.4 | D37: Encasing of pipes (all Diameters) in Concrete (20Mpa) | E37: m³ | F37: 5
A39: 13.3.7 | B39: 7.1.11 | C39: 8.2.5 | D39: Overhaul of Material for Bedding Cradle and Selected Fill Blanket | E39: m³.km | F39: 350
A46: TOTAL CARRIED FORWARD TO SUMMARY

Sheet 14. SST Ertwrks
A1: CONTRACT TITLE: | C1: REFURBISHMENT AND UPGRADE OF MARGATE STORM-DAMAGED INFRASTRUCTURE, WASTEWATER TREATMENT WORKS AND EFFLUENT MAIN (PHASE 2)
A2: CONTRACT NUMBER | C2: UGU-07-1734-2026
A3: SECTION: | C3: =D5 -> SCHEDULE 14: SECONDARY SEDIMENTATION TANKS
A4: ITEM NO | B4: LI | C4: PAYMENT | D4: DESCRIPTION | E4: UNIT | F4: QTY | G4: RATE | H4: AMOUNT
D5: SCHEDULE 14: SECONDARY SEDIMENTATION TANKS
C7: SANS 1200D | D7: EARTHWORKS
A9: 14.1 | D9: BULK EXCAVATION
C11: 8.3.2 | D11: Excavate in all material and transport to crusher or spoil. Contractor to crush & grade rock material at crusher site for re-use
A13: 14.1.1 | D13: 1) To form terraces | E13: m³ | F13: 730
A15: 14.1.2 | D15: 2) For structures below terrace level | E15: m³ | F15: 1365
A17: 14.2 | D17: Restricted excavation
A19: 14.2.1 | D19: 1) For foundations | E19: m³ | F19: 2210
A21: 14.2.2 | D21: 2) For pipes coming from under structures, up to 3 m deep and 1 m wide | E21: m³ | F21: 200
A23: 14.2.3 | D23: 3) For outlet canal | E23: m³ | F23: 350
A25: 14.2.4 | D25: 4) For column footings | E25: m³ | F25: 300
A27: 14.3 | D27: Extra over for excavating in:
A29: 14.3.1 | D29: Intermediate material | E29: m³ | F29: 1377
A31: 14.3.2 | D31: Hard material using chemical rock breaking or pecker to prevent damage to existing structures | E31: m³ | F31: 1071
A33: 14.3.3 | D33: Hard material using controlled blasting | E33: m³ | F33: 918
A38: TOTAL CARRIED FORWARD
A39: TOTAL BROUGHT FORWARD
A40: 14.4 | D40: Import material for backfilling in over break areas
A42: 14.4.1 | D42: Import G5 material for backfill | E42: m³ | F42: 1330
A44: 14.4.2 | D44: Backfill & compact in layers with G5 material | E44: m³ | F44: 780
A46: 14.4.3 | D46: Mix G5 material with 5% cement and backfill & compact in layers | E46: m³ | F46: 335
A48: 14.4.4 | D48: Cement for soilcrete where indicated by employers agent | E48: t | F48: 56
A50: 14.5 | D50: Import material for foundation bedding layers
A52: 14.5.1 | D52: 75mm No-fines concrete layer beneath tank floor panels (including placing and compaction) | E52: m³ | F52: 38
A54: 14.5.2 | D54: 500mm Upper stabilized G7 sub-base layer compacted to 95% MOD AASHTO | E54: m³ | F54: 250
A56: 14.5.3 | D56: 500mm Lower stabilized G7 sub-base layer compacted to 93% MOD AASHTO | E56: m³ | F56: 250
A63: TOTAL CARRIED FORWARD
A64: TOTAL BROUGHT FORWARD
C65: SANS 1200DB | D65: EARTHWORKS (Pipe trenches)
C67: SANS 1200 DB | D67: EXCAVATION PIPE TRENCHES (Pipes connecting units)
C69: PSDB 8.3.2 (a) | D69: Excavate in all materials for trenches, backfill, compact and dispose of surplus or unsuitable material
A71: 14.6 | D71: 0.9 m Deep for 110 & 160 mm Ø sleeve pipes to the following trench widths
A73: 14.6.1 | D73: 1) 600 mm | E73: m | F73: 200
A75: 14.6.2 | D75: 2) 900 mm | E75: m | F75: 100
A77: 14.7 | D77: For 300 mm PVCO pipes, 900 mm trench width to the following depths
A79: 14.7.1 | D79: 1) 1.0 to 1.5 m | E79: m | F79: 200
A81: 14.7.2 | D81: Z - lock concrete stormwater pipes
A83: 14.7.3 | D83: 450 mm Ø pipes - trench 1000 mm wide
A85: 14.7.4 | D85: 1) 1 to 2 m deep | E85: m | F85: 200
A87: 14.7.5 | D87: 2) >2 to 3 m deep | E87: m | F87: 100
A89: 14.7.6 | D89: 600 mm Ø pipes - trench 1200 mm wide
A91: 14.7.7 | D91: 1) 1 to 2 m deep | E91: m | F91: 200
A93: 14.7.8 | D93: 2) >2 to 3 m deep | E93: m | F93: 45
A95: 14.8.1 | D95: Preparation of ground surfaces (fine grading and stone removal), supply and application of a hydroseed slurry comprising an approved indigenous seed mix, wood fiber mulch, fertilizer, and tackifier by specialized mechanical means, including all watering, weeding, and maintenance until 80% vegetation cover is established. | E95: m2 | F95: 600
A100: TOTAL CARRIED FORWARD TO SUMMARY

Sheet 15. SST Concr
A1: CONTRACT TITLE: | C1: REFURBISHMENT AND UPGRADE OF MARGATE STORM-DAMAGED INFRASTRUCTURE, WASTEWATER TREATMENT WORKS AND EFFLUENT MAIN (PHASE 2)
A2: CONTRACT NUMBER | C2: UGU-07-1734-2026
A3: SECTION: | C3: =D5 -> SCHEDULE 15: CONCRETE STRUCTURAL
A4: ITEM NO | B4: LI | C4: PAYMENT | D4: DESCRIPTION | E4: UNIT | F4: QTY | G4: RATE | H4: AMOUNT
C5: SANS 1200G | D5: SCHEDULE 15: CONCRETE STRUCTURAL
A7: 15.1 | D7: Rough formwork Vertical
A9: 15.1.1 | D9: a) Side of foundations outside 400 mm wide | E9: m² | F9: 143
A11: 15.1.2 | D11: b) Walls | E11: m² | F11: 835
C13: 8.2.5 | D13: Rough formwork to narrow widths ≤ 300 mm
A15: 15.1.3 | D15: a) Edges, risers, walkways & walls | E15: m² | F15: 18
A17: 15.2 | C17: 8.2.2 | D17: Smooth formwork
D19: a) Horizontal
A21: 15.2.1 | D21: 1) Walkway slabs, slabs & landings | E21: m² | F21: 221
A23: 15.2.2 | D23: 2) Beam above weir openings | E23: m² | F23: 3.6
A25: 15.2.3 | D25: 3) Inlet canals in tanks | E25: m² | F25: 19
A27: 15.2.4 | D27: 4) Down pipe boxes | E27: m² | F27: 2
A29: 15.2.5 | D29: 5) Concrete Pier | E29: m² | F29: 43
C31: 8.2.2 | D31: b) Vertical
A33: 15.2.6 | D33: 1) Walls | E33: m² | F33: 612
A35: 15.2.7 | D35: 2) Inside & outside of canals (wider than 300 mm) | E35: m² | F35: 177
A37: 15.2.8 | D37: 3) Inside & outside of down pipe boxes | E37: m² | F37: 0
A39: 15.2.9 | D39: 4) Inside & outside of inlet boxes | E39: m² | F39: 39
A41: 15.2.10 | D41: 5) Columns | E41: m² | F41: 115
A43: 15.2.11 | D43: 6) Concrete Pier | E43: m² | F43: 52
A48: TOTAL CARRIED FORWARD
A49: TOTAL BROUGHT FORWARD
C50: 8.2.2 | D50: c) Sloping
A52: 15.2.12 | D52: 1) Stairs | E52: m² | F52: 23
A54: 15.2.13 | D54: 2) Internal face of sludge cone | E54: m² | F54: 23
C56: 8.2.5 | D56: Smooth formwork to narrow widths ( ≤ 300 mm)
A58: 15.2.14 | D58: 1) Edges, risers, etc. not > 300 mm | E58: m² | F58: 2
A60: 15.2.15 | D60: 2) Edges of walkways 150 mm wide | E60: m² | F60: 37
A62: 15.2.16 | D62: 3) Side of stairs | E62: m² | F62: 2.6
A64: 15.2.17 | D64: 4) 150 x 150 mm x 750 mm long mm chamfers at overflow weirs | E64: no | F64: 160
D66: d) Smooth formwork to rebates & chamfers
A68: 15.2.18 | D68: 1) 30 x 30 mm chamfers | E68: m | F68: 149
C70: 8.2.6 | D70: Boxed out holes up to 300 mm deep (inside recess for key bonding)
A72: 15.2.19 | D72: 1) Square, up to 0.5 m² area | E72: no | F72: 2
A74: 15.2.20 | D74: 2) Square, up to 1.0 m² area | E74: no | F74: 2
A76: 15.3 | C76: 8.3 | D76: REINFORCEMENT
C78: 8.3.1 | D78: Steel bars
D80: a) Mild steel
A82: 15.3.1 | D82: All diameters | E82: t | F82: 18.5
D84: b) High tensile steel bars
A86: 15.3.2 | D86: All diameters | E86: t | F86: 111
A93: TOTAL CARRIED FORWARD
A94: TOTAL BROUGHT FORWARD
A95: 15.4 | C95: 8.4 | D95: STRENGTH CONCRETE
C97: 8.4.2 | D97: a) 15/19 Mpa
A99: 15.4.1 | D99: 1) In blinding layer, 75 mm thick | E99: m³ | F99: 88
A101: 15.4.2 | D101: 2) In encasing of pipes under structures | E101: m³ | F101: 145
A103: 15.4.3 | D103: 3) In filling of over break in rock under structures | E103: m³ | F103: 110
C105: 8.4.3 | D105: b) 20/13 Mpa
A107: 15.4.4 | D107: 1) Benching 800 mm to 50 mm - steel float | E107: m³ | F107: 4.8
A109: 15.4.5 | D109: 2) Benching 250 mm to 50 mm - steel float | E109: m³ | F109: 16
A111: 15.4.6 | D111: 3) Benching 500 mm to 200 mm - steel float | E111: m³ | F111: 4.8
C113: 8.4.3 | D113: c) 35/19 Mpa
A115: 15.4.7 | D115: 1) In foundations | E115: m³ | F115: 232
A117: 15.4.8 | D117: 2) In floor slabs | E117: m³ | F117: 122
A119: 15.4.9 | D119: 3) In walls | E119: m³ | F119: 374
A121: 15.4.10 | D121: 4) In inlet boxes & canals | E121: m³ | F121: 39
A123: 15.4.11 | D123: 5) In walkways | E123: m³ | F123: 17.2
A125: 15.4.12 | D125: 6) In stairs | E125: m³ | F125: 5
A127: 15.4.13 | D127: 7) In inclined at sludge cones | E127: m³ | F127: 11
A129: 15.4.14 | D129: 8) In sludge draw off box | E129: m³ | F129: 8
A131: 15.4.15 | D131: 9) In sludge cone | E131: m³ | F131: 180
A133: 15.4.16 | D133: 10) In weirs | E133: m³ | F133: 52
A135: 15.4.17 | D135: 11) In concrete pads | E135: m³ | F135: 18
A137: 15.4.18 | D137: 12) In central concrete pier | E137: m³ | F137: 87
Q138: =SUM(P115:P120,O123:O124,O129:O137) -> 0
A139: 15.4.19 | D139: 13) In columns | E139: m³ | F139: 16
A140: TOTAL CARRIED FORWARD
A141: TOTAL BROUGHT FORWARD
C142: 8.4.4 | D142: d) Cement-Sand Screed
A144: 15.4.20 | D144: 50mm thick cement-sand screed to tank floors | E144: m2 | F144: 744
A146: 15.5 | D146: SURFACE FINISHES
C148: 8.4.4 | D148: Unformed surface finish
D150: a) Wood float
A152: 15.5.1 | D152: 1) Walkways | E152: m² | F152: 188
A154: 15.5.2 | D154: 2) Stair landings | E154: m² | F154: 18
A156: 15.5.3 | D156: 3) Floors | E156: m² | F156: 743
C158: 8.4.4 | D158: b) Steel float finish
A160: 15.5.4 | D160: 1) Screed | E160: m² | F160: 743
A162: 15.5.5 | D162: 2) Top of walls | E162: m² | F162: 81
A164: 15.5.6 | D164: 3) Canal bottom & benching | E164: m² | F164: 11 | Q164: Length (m)
A166: 15.5.7 | D166: 4) Overflow Weir Benching | E166: m² | F166: 121
A168: 15.5.8 | D168: 5) Top of concrete pads | E168: m² | F168: 92 | Q168: 70
A170: 15.6 | D170: GROUTING IN OF PIPES (With non shrink grout to form a watertight joint with applied bedding grout)
D172: a) 300 mm wall
A174: 15.6.1 | D174: 1) 650 x 650 mm for 500 Ø pipe with puddle flange | E174: no | F174: 12
A176: 15.6.2 | D176: 2) Supply and cast in 150mm clay pipe at scum draw off box | E176: m | F176: 40
A185: TOTAL CARRIED FORWARD
A186: TOTAL BROUGHT FORWARD
A187: 15.7 | D187: CASTING IN OF PIPE SECTIONS
A189: 15.7.1 | D189: 1) 500 Ø At Sludge Draw Off Box | E189: no | F189: 2
A191: 15.7.2 | D191: 2) 100 Ø Drainage Pipes under Floor Panels | E191: no | F191: 2
A193: 15.7.3 | D193: 3) 150 Ø At inlet box | E193: no | F193: 2
A195: 15.7.4 | D195: 4) Supply and cast in 50mm uPVC drainage pipes in concrete pads beneath tank floor | E195: m | F195: 140
A197: 15.7.5 | D197: 5) Supply and cast in 150mm vitro external drain pipe with hep sleeves | E197: m | F197: 40
A199: 15.8 | D199: CASTING IN OF U-PROFILE WEIR & HANDSTOP FRAMES IN REGTANGULAR OPENINGS
...

Sheet 16 SST Steel
A1: CONTRACT TITLE: | C1: REFURBISHMENT AND UPGRADE OF MARGATE STORM-DAMAGED INFRASTRUCTURE, WASTEWATER TREATMENT WORKS AND EFFLUENT MAIN (PHASE 2)
A2: CONTRACT NUMBER | C2: UGU-07-1734-2026
A3: SECTION: | C3: =D5 -> SCHEDULE 16: SST STRUCTURAL STEELWORK
A4: ITEM NO | B4: LI | C4: PAYMENT | D4: DESCRIPTION | E4: UNIT | F4: QTY | G4: RATE | H4: AMOUNT
C5: SANS 1200 HA | D5: SCHEDULE 16: SST STRUCTURAL STEELWORK
A7: 16.1 | C7: PSHA-.5.2.10 | D7: Supply and deliver to site tubular handrails with type B90 stanchions with anchor bolts & nuts (stanchion spacing=1.8 m), hot dipped galvanized to SANS 763 | E7: m | F7: 80
A9: 16.1.1 | D9: 90° Corners (2 pipes each) | E9: no | F9: 28
A11: 16.1.2 | D11: Closures | E11: no | F11: 16
A13: 16.1.3 | D13: Self closing half gate | E13: no | F13: 8
A15: 16.1.4 | D15: Install complete handrail on site including drilling and grouting in of anchor bolts (± 110 stanchions) | E15: m | F15: 80
A17: 16.1.5 | D17: Priming all rails & stanchions with a "Galvo Grip" primer | E17: m² | F17: 118
A19: 16.1.6 | D19: Painting all rails with 2 coats of Plascon enamel (yellow) paint | E19: m² | F19: 90
A21: 16.1.7 | D21: Painting all stanchions with 2 coats of Plascon enamel (black) paint | E21: m² | F21: 28
A23: 16.1.8 | D23: Supply & install stainless steel ladders, complete with cage and anchor bolts (± 3.5 m long) to Drawing J1-109(A) _DTL_001 | E23: no | F23: 8
A25: 16.2 | D25: HANDSTOPS, WEIRS, V-NOTCH & REGTANGULAR WEIRS AND BUILT IN FRAMES
A27: 16.2.1 | D27: Supply and install type A Stainless steel weir plate - | E27: no | F27: 108
A29: 16.2.2 | D29: Supply and install type B stainless steel weir plate - | E29: no | F29: 108
A31: 16.2.3 | D31: Supply & built in stainless steel U channel frame | E31: no | F31: 4
A33: 16.2.4 | D33: Supply and slide in type A aluminium U plate weir | E33: no | F33: 4
A35: 16.2.5 | D35: Supply and install stainless steel U channel for handstops | E35: no | F35: 4
A37: 16.2.6 | D37: Supply and install aluminium handstops | E37: no | F37: 4
A39: 16.2.7 | D39: Supply and build in galvanized mild steel step irons in tank wall, spaced at 300 mm centres. | E39: no | F39: 20
A41: 16.3 | D41: VALVES AND HYDRAULIC FITTINGS
A43: 16.3.1 | D43: Supply and install 300mm diameter circular relief flap in floor panels | E43: no | F43: 8
A44: TOTAL CARRIED FORWARD
A45: TOTAL BROUGHT FORWARD
A47: 16.4 | D47: EQUIPMENT at SEDIMENTATION TANKS
A49: 16.4.1 | D49: Complete rotating half bridge with walkway, vertical tubes for scraper blades, scraper blades with rubber scraping blade edge, scum plate etc. (304L SS) | E49: no | F49: 2
A51: 16.4.2 | D51: Centre support mounting with bearing (304L SS) | E51: no | F51: 2
A53: 16.4.3 | D53: Electrical drive motor assembly with gearbox & drive wheel | E53: no | F53: 2
A55: 16.4.4 | D55: Centre stilling chamber with support mountings & bottom support (304L SS) | E55: no | F55: 2
A57: 16.4.5 | D57: Scum draw off collection bin with lever trigger arm for valve opening. Valve build into bin with pipe outlet to the bottom & through side wall of tank below lauder (304L SS) | E57: no | F57: 2
A72: TOTAL CARRIED FORWARD TO SUMMARY

Sheet 17 SST MPP
A1: CONTRACT TITLE: | C1: REFURBISHMENT AND UPGRADE OF MARGATE STORM-DAMAGED INFRASTRUCTURE, WASTEWATER TREATMENT WORKS AND EFFLUENT MAIN (PHASE 2)
A2: CONTRACT NUMBER | C2: UGU-07-1734-2026
A3: SECTION: | C3: =D5 -> SCHEDULE 17: SST MEDIUM PRESSURE PIPE LINES
A4: ITEM NO | B4: LI | C4: PAYMENT | D4: DESCRIPTION | E4: UNIT | F4: QTY | G4: RATE | H4: AMOUNT
C5: SANS 1200 L | D5: SCHEDULE 17: SST MEDIUM PRESSURE PIPE LINES
C7: 8.2.1 | D7: Steel pipes to SANS 719, Grade B, t = 4.5 mm, epoxy coated inside & outside, outside also wrapped with bitumen fibre glass coating
D9: BEF = both ends flanged
D11: OEF = one end flanged
D13: PF = puddle flange
D15: PE = plain ended
A17: 17.1 | D17: a) Pipes & pipe specials, Flanges 1000/3 SANS 1123
D19: • 500 mm NB
A21: 17.1.1 | D21: PS-R13: L = 6000 mm OEF | E21: no | F21: 2
A23: 17.1.2 | D23: PS-R14: L = 600 mm OEF, PF 150 mm from PE | E23: no | F23: 7
A25: 17.2 | D25: Stainless steel pipes & fittings, ASTM A312, PSW_304L, wall thickness t, to Sch10S (100 mm Ø, t = 3.05 mm, 150 mm Ø, t = 3.4 mm etc)
D27: for abbreviations - see top C
D29: • 150 mm NB
A31: 17.2.1 | D31: PS3.1, PS4.15: 45° Elbow, long radius, welded to 2565 mm pipe, OEF, & 300 mm pipe, PF 185 mm from PE | E31: no | F31: 2
A33: 17.2.2 | D33: PS3.2, PS4.16: 45° Elbow, long radius, OEF, welded to 2500 mm pipe, OEF | E33: no | F33: 4
A35: 17.2.3 | D35: PS3.3, PS3.3A, PS4.17, PS4.17A: L = 4515 BEF | E35: no | F35: 8
A37: 17.2.4 | D37: PS3.10, PS3.11, PS4.6, PS4.7: 45° Elbow, long radius welded to 665 mm pipe, OEF, & 300 mm pipe, PF 185 mm from PE | E37: no | F37: 8
A39: 17.2.5 | D39: PS3.12, PS4.8: Y junction 150 x 200 mm | E39: no | F39: 4
A41: 17.2.6 | D41: PS5.6: 90° Elbow (short radius) OEF welded to pipe L = 1800 mm with PF 100 mm from PE | E41: no | F41: 2
A43: 17.2.7 | D43: PS5.7: L = 1465 BEF | E43: no | F43: 2
A46: TOTAL CARRIED FORWARD
A47: TOTAL BROUGHT FORWARD
D48: • 300 mm NB
A50: 17.2.8 | D50: PS3.13, PS4.9: 300 x 200 mm Concentric reducer, 200 EF, welded to L = 6710 mm pipe, OEF | E50: no | F50: 2
A52: 17.3 | D52: Scum Drying beds -HDPE LINER
A54: 17.3.1 | D54: 1.5 mm HDPE liner in sludge drying beds | E54: m² | F54: 190
A56: 17.3.2 | D56: Welding of joints for HDPE liner | E56: m | F56: 32
A58: 17.3.3 | D58: 13 mm Washed concrete stone (drying beds) | E58: m³ | F58: 38
A60: 17.3.4 | D60: 6.7 mm Washed concrete stone (drying beds) | E60: m³ | F60: 19
A62: 17.3.5 | D62: Fine sand (0.5 mm) (drying beds) | E62: m³ | F62: 57
A64: 17.3.6 | D64: Coarse sand (1.6 mm) (drying beds) | E64: m³ | F64: 28
A66: 17.4 | D66: PRECAST ELEMENTS
A68: 17.4.1 | D68: 750 mm dia Plumber shaft MH section rings 250 mm | E68: No | F68: 8
A70: 17.4.2 | D70: 1m dia Concrete manhole sections for draught tubes | E70: m | F70: 8
A72: 17.5 | D72: Sludge outlet pipe work tank - SS 304L Sch 40, flanges SABS 1123 Table 1000/3
A74: 17.5.1 | D74: a) S0 1 - Pipe L = 1200, OEF, PF 150 mm FPE | E74: No | F74: 2
A76: 17.5.2 | D76: b) S0 2 - Pipe L = 5000, BEF | E76: No | F76: 2
A78: 17.5.3 | D78: c) S0 3 - 88° Bend BEF | E78: No | F78: 2
A80: 17.5.4 | D80: d) S0 4 - Pipe L = 2700, BEF | E80: No | F80: 2
A82: 17.5.5 | D82: e) S0 5 - Equal T AEF | E82: No | F82: 2
A84: 17.5.6 | D84: f) S0 6 - 150 mm x 50 mm reducer BEF | E84: No | F84: 2
A86: 17.5.7 | D86: g) S0 7 - Pipe L = 500, OEF, with PF 125 mm FPE | E86: No | F86: 2
A88: 17.5.8 | D88: 50 mm Ø NB
A90: 17.5.9 | D90: S0 8 - Pipe L = 1300, OEF | E90: No | F90: 2
A92: 17.5.10 | D92: Sum for pipework at maturation canal | E92: Prov Sum | F92: 1 | G92: 100000 | H92: =ROUND(F92 * G92,2) -> 100000
A94: 17.5.11 | D94: Allowance on above item 17.5.10 | E94: % | F94: 100000
A95: TOTAL CARRIED FORWARD TO SUMMARY

Sheet 18 Road&Prkg
A1: CONTRACT TITLE: | C1: REFURBISHMENT AND UPGRADE OF MARGATE STORM-DAMAGED INFRASTRUCTURE, WASTEWATER TREATMENT WORKS AND EFFLUENT MAIN (PHASE 2)
A2: CONTRACT NUMBER | C2: UGU-07-1734-2026
A3: SECTION: | C3: =D5 -> SCHEDULE 18: ACCESS ROAD AND PARKING
A4: ITEM NO | B4: LI | C4: PAYMENT | D4: DESCRIPTION | E4: UNIT | F4: QTY | G4: RATE | H4: AMOUNT
C5: COTO | D5: SCHEDULE 18: ACCESS ROAD AND PARKING
A7: 18.1 | C7: C1.6 | D7: CLEARING AND GRUBBING
C9: C1.6.1 | D9: Clearing:
A11: 18.1.1 | C11: C1.6.1.1 | D11: Clearing with machines and some hand labour where necessary | E11: ha | F11: 0.65
C13: C1.6.2 | D13: Grubbing:
A15: 18.1.2 | C15: C1.6.2.1 | D15: Grubbing with machines and some hand labour where necessary | E15: ha | F15: 0.65
A17: 18.2 | C17: C1.7 | D17: LOADING AND HAULING
C19: C1.7.1 | D19: Loading:
A21: 18.2.1 | C21: C1.7.1.1 | D21: Loading from stockpile using machines and some hand labour where necessary | E21: m³ | F21: 1600
C23: C1.7.2 | D23: Hauling:
C25: C1.7.2.1 | D25: Hauling material for use in the works and off-loading it on site of the works
A27: 18.2.2 | D27: (a) Soil, gravel, crushed stone and Pavement Layer Material | E27: m³-km | F27: 1000
C29: C1.7.2.2 | D29: Hauling material to spoil and off-loading it at a designated spoil area:
A31: 18.2.3 | D31: (b) Soil and gravel material | E31: m³-km | F31: 7200
A33: 18.2.4 | D33: (c) Boulders | E33: m³-km | F33: 1100
A44: TOTAL CARRIED FORWARD
A45: TOTAL BROUGHT FORWARD
C47: C3.1 | D47: DRAINS
C49: C3.1.1 | D49: Excavation for open drains:
A51: 18.3 | C51: C3.1.1.1 | D51: Excavating all material situated within the following depth ranges below the surface level using conventional methods:
A53: 18.3.1 | D53: (a) 0 m to 1,5 m | E53: m³ | F53: 100
A55: 18.3.2 | C55: C3.1.1.2 | D55: Extra over sub-item C3.1.1.1 for excavation in hard and boulder material, irrespective of depth | E55: m³ | F55: 10
A57: 18.4 | C57: C3.1.4 | D57: Excavation and disposal of material for subsoil drainage systems:
C59: C3.1.4.1 | D59: Excavating in all material situated within the following depth ranges below the surface:
A61: 18.4.1 | D61: (a) 1,5 m to 2,0 m | E61: m³ | F61: 15
A63: 18.4.2 | C63: C3.1.4.4 | D63: Extra over sub-item C3.1.4.1 for excavation in hard and boulder material, irrespective of depth | E63: m³ | F63: 5
A65: 18.5 | C65: C3.1.5 | D65: Impermeable backfilling to subsoil drainage systems
A67: 18.5.1 | C67: C3.1.5.2 | D67: G5 material obtained from commercial sources | E67: m³ | F67: 10
A69: 18.5.2 | C69: C3.1.5.3 | D69: Extra over items C3.1.5.2 for stabilisation with 4,0 % CEM II (32.5) cement | E69: m³ | F69: 10
A71: 18.6 | C71: C3.1.7 | D71: Natural permeable material in subsoil drainage systems (approved crushed stone):
A73: 18.6.1 | C73: C3.1.7.2 | D73: Crushed stone obtained from commercial sources (13.5mm) | E73: m³ | F73: 14
C75: C3.1.8 | D75: Natural permeable material in subsoil drainage systems (approved natural sand):
A77: 18.6.2 | C77: C3.1.8.2 | D77: Natural sand from commercial sources | E77: m³ | F77: 25
A79: 18.7 | C79: C3.1.9 | D79: Pipes in subsoil drainage systems:
A81: 18.7.1 | C81: C3.1.9.1 | D81: U-PVC pipes and fittings, normal duty, complete with couplings (100mm dia. slotted) | E81: m | F81: 50
A83: 18.7.2 | C83: C3.1.10 | D83: Geotextiles (Type Kaytech U14 or similar approved) | E83: m² | F83: 130
A85: 18.7.3 | C85: C3.1.11 | D85: Repairing or replacing existing drainage systems | E85: Prov Sum | F85: 1 | G85: 15000 | H85: =F85*G85 -> 15000
A87: 18.7.4 | C87: C3.1.11.1 | D87: Handling cost, profit and all other charges in respect of item C3.1.15 | E87: % | F87: =H85 -> 15000
A89: TOTAL CARRIED FORWARD
A90: TOTAL BROUGHT FORWARD
A92: 18.8 | C92: C3.2 | D92: CULVERTS
C94: C3.2.1 | D94: Excavation for culvert structures:
C96: C3.2.1.1 | D96: Excavating in all material situated within the following depth ranges below the surface level:
A98: 18.8.1 | D98: (a) 0 m to 1,5 m | E98: m³ | F98: 10
A100: 18.8.2 | D100: (b) Exceeding 1,5 m and up to 3,0 m | E100: m³ | F100: 120
A102: 18.8.3 | C102: C3.2.1.4 | D102: Extra over sub-item C3.2.1.1 for excavation in hard or boulder material, irrespective of depth | E102: m³ | F102: 20
A104: 18.9 | C104: C3.2.2 | D104: Backfilling:
A106: 18.9.1 | C106: C3.2.2.1 | D106: Using the excavated material | E106: m³ | F106: 70
C108: C3.2.2.2 | D108: Using imported selected material:
A110: 18.9.2 | D110: (a) From sources on site (G7 or Better) | E110: m³ | F110: 50
A112: 18.9.3 | D112: (b) From commercial sources (G5) | E112: m³ | F112: 50
C114: C3.2.3 | D114: Concrete pipe culverts:
A116: 18.9.4 | C116: C3.2.3.3 | D116: (i) On Class C bedding (300mm Dia, Spigot and Socket, 75D) | E116: m | F116: 1
A118: 18.9.5 | D118: (ii) On Class C bedding (600mm Dia, Spigot and Socket, 75D) | E118: m | F118: 100
A120: 18.9.6 | D120: (iii) On Class C bedding (750mm Dia, Spigot and Socket, 75D) | E120: m | F120: 0
A122: 18.9.7 | D122: (iv) On Class C bedding (900mm Dia, Spigot and Socket, 75D) | E122: m | F122: 1
A124: 18.9.8 | C124: C3.2.4 | D124: (v) Prefabricated concrete inlets and outlets to culverts(0-2M) | E124: No | F124: 0
A126: 18.9.9 | D126: (vi) Prefabricated concrete inlets and outlets to culverts | E126: No | F126: 12
A128: 18.9.10 | D128: (vii) Prefabricated concrete inlets and outlets to culverts | E128: No | F128: 15
A130: 18.9.11 | D130: (viii) Prefabricated concrete inlets and outlets to culverts | E130: No | F130: 8
C132: C3.2.5 | D132: Dog Bone Channel
A134: 18.9.12 | C134: C3.2.5.1 | D134: Supply and install precast Dog Bone channel 600 x 400, inclusive of Dog Bone covers. | E134: m | F134: 5
A136: TOTAL CARRIED FORWARD
A137: TOTAL BROUGHT FORWARD
C139: C3.3 | D139: CONCRETE KERBING AND CHANNELING, ASPHALT BERMS, CHUTES, DOWNPIPES, AS WELL AS CONCRETE, STONE PITCHED AND GABION LININGS FOR OPEN DRAINS
A141: 18.10 | C141: C3.3.1 | D141: Concrete kerbing:
C143: C3.3.1.1 | D143: Prefabricated kerbing (Fig 6 mountable kerbs only)
A145: 18.10.1 | D145: (a) Fig 6 barrier kerbs only | E145: m | F145: 1100
C147: C3.3.2 | D147: Concrete kerbing-channeling combination:
C149: C3.3.2.1 | D149: Prefabricated kerbing-channeling (Fig 6 mountable kerb with 300mm concrete channel as per drawing)
A151: 18.10.2 | D151: (a) Fig 6 barrier kerb with 300mm concrete channel as per drawing | E151: m | F151: 0
C153: C3.3.3 | D153: Extra over items C3.3.1 and C3.3.2 for concrete kerbing or concrete kerbing and channeling on curves
A155: 18.10.3 | C155: C3.3.3.1 | D155: On curves of radii more than or equal to 5,0 m but less than 20 m | E155: m | F155: 100
A157: 18.10.4 | C157: C3.3.3.2 | D157: On curves of radii more than or equal to 1,0 m but less than 5,0 m | E157: m | F157: 100
A159: 18.10.5 | C159: C3.3.8 | D159: Linings for open drains
A161: 18.10.6 | C161: C3.3.8.1 | D161: Cast in situ concrete lining (25Mpa Concrete V-Drain) | E161: m³ | F161: 708
A163: 18.10.7 | C163: C3.3.15 | D163: Energy dissipaters in outlet structures
A165: 18.10.8 | C165: C3.3.15.1 | D165: Precast concrete blocks in outlet structures | E165: No | F165: 8
A167: 18.10.9 | C167: C3.3.9 | D167: Formwork to cast in situ concrete lining for open drains (Class F2 surface finish)
A169: 18.10.10 | C169: C3.3.9.1 | D169: To sides with formwork on the internal face only | E169: m2 | F169: 270
A171: 18.10.11 | C171: C3.3.9.3 | D171: To ends of slabs | E171: m2 | F171: 10
A173: 18.10.12 | C173: C3.3.12 | D173: Reinforcement
A175: 18.10.13 | C175: C3.3.12.3 | D175: Welded steel fabric Ref 193 | E175: kg | F175: 1100
A177: 18.10.14 | C177: C3.3.15 | D177: Energy dissipaters in outlet structures
A179: 18.10.15 | C179: C3.3.15.1 | D179: Precast concrete blocks in outlet structures | E179: No | F179: 4
A181: 18.10.16 | C181: C3.3.16 | D181: Parking Lot disable concrete ramp including concrete block for retaining wall | E181: Sum | F181: 1
A183: 18.10.17 | C183: C3.3.17 | D183: Parking Lot concrete staircase | E183: Sum | F183: 1
A185: TOTAL CARRIED FORWARD
A186: TOTAL BROUGHT FORWARD
A188: 18.11 | C188: C4.1 | D188: BORROW MATERIALS
C190: C4.1.4 | D190: Removal of the overburden:
A192: 18.11.1 | C192: C4.1.4.1 | D192: In borrow pits | E192: Ha | F192: 1.5
C194: C4.1.15.1 | D194: Finishing-off borrow areas in:
A196: 18.11.2 | D196: (a) Borrow pit | E196: ha | F196: 1.5
C198: C4.1.6 | D198: Providing a crushing and/or screening plant:
A200: 18.11.3 | C200: C4.1.6.1 | D200: (a) Single-stage crusher with screen. | E200: No | F200: 1
...

Sheet 19; Conc
A1: CONTRACT TITLE: | C1: REFURBISHMENT AND UPGRADE OF MARGATE STORM-DAMAGED INFRASTRUCTURE, WASTEWATER TREATMENT WORKS AND EFFLUENT MAIN (PHASE 2)
A2: CONTRACT NUMBER | C2: UGU-07-1734-2026
A3: SECTION: | C3: =D5 -> SCHEDULE 19: CONCRETE
A4: ITEM NO | B4: LI | C4: PAYMENT | D4: DESCRIPTION | E4: UNIT | F4: QTY | G4: RATE | H4: AMOUNT
C5: SANS1200 GA | D5: SCHEDULE 19: CONCRETE
A7: 19.1 | C7: PSG8.1.1 | D7: FORMWORK
C9: 8.2.1 | D9: Rough:
A11: 19.1.1 | D11: a) Vertical plane walls | E11: m² | F11: 150
C13: 8.2.2 | D13: Smooth:
A15: 19.1.2 | D15: a) Vertical to wall and roof | E15: m² | F15: 250
A17: 19.1.3 | D17: b) Roof support shattering | E17: m² | F17: 69
A19: 19.1.4 | D19: c) Smooth formwork to walls supporting pipes | E19: m² | F19: 50
A21: 19.1.5 | D21: d) Smooth formwork for pump plinths and floor slab | E21: m² | F21: 2
A23: 19.1.6 | D23: e) Smooth formwork for drains | E23: m² | F23: 50
A25: 19.1.7 | D25: f) Narrow widths (up to 300 mm wide): | E25: m² | F25: 408
A27: 19.2 | C27: PSG8.1.2.2 & 8.1.2.3 | D27: REINFORCEMENT
C29: 8.3.1 | D29: Mild steel bars:
A31: 19.2.1 | D31: a) R 10 | E31: t | F31: 0.1
C33: 8.3.2 | D33: High-tensile steel bars:
A35: 19.2.2 | D35: a) Y10 | E35: t | F35: 7.6
A37: 19.2.3 | D37: b) Y12 | E37: t | F37: 30
A39: 19.2.4 | D39: c) Y16 | E39: t | F39: 30
A41: 19.2.5 | D41: d) Y20 | E41: t | F41: 8
C43: 8.3.2 | D43: High-tensile welded mesh of:
A45: 19.2.6 | D45: a) Ref 193 | E45: m² | F45: 163
A47: 19.2.7 | D47: b) Ref 245 | E47: m² | F47: 163
A49: 19.2.8 | D49: c) Ref 395 | E49: m² | F49: 82
A51: TOTAL CARRIED FORWARD
A52: TOTAL BROUGHT FORWARD
A54: 19.3 | C54: 8.4 & PSG8.1.3 | D54: CONCRETE
A56: 19.3.1 | C56: 8.4.2 | D56: Strength concrete, Class 15/19 concrete, blinding layer 75mm thick | E56: m² | F56: 4.2
C58: 8.4.3 | D58: Strength concrete
D60: a) Class 20/19 for:
A62: 19.3.2 | D62: i) Aprons and drains | E62: m³ | F62: 30
A64: 19.3.3 | D64: ii) Blinding | E64: m³ | F64: 10
D66: b) Class 25/19 for:
A68: 19.3.4 | D68: i) Surface Slabs | E68: m³ | F68: 82
A70: 19.3.5 | D70: ii) Roof slab | E70: m³ | F70: 12
A72: 19.3.6 | D72: iii) Foundation footings | E72: m³ | F72: 300
A74: 19.3.7 | D74: iv) Foundation | E74: m³ | F74: 6
D76: c) Class 30/19 for:
A78: 19.3.8 | D78: i) Walls | E78: m³ | F78: 44
A80: 19.3.9 | D80: ii) Floor slab | E80: m³ | F80: 3
A82: 19.3.10 | D82: iii) Beams | E82: m³ | F82: 301
D84: d) Class 35/19 for:
A86: 19.3.11 | D86: i) Slabs | E86: m³ | F86: 5
C88: PSG8.4.4 | D88: Unformed surface finishes:
C90: 8.4.4 (a) | D90: a) Wood-floated finish
A92: 19.3.12 | D92: i) Footings and foundation | E92: m² | F92: 281
C94: 8.4.4 (b) | D94: b) Steel-floated finish
A96: 19.3.13 | D96: i) Floor | E96: m² | F96: 10
A98: 19.3.14 | D98: ii) Beams | E98: m² | F98: 300
A100: 19.3.15 | D100: iii) Roof | E100: m² | F100: 10
A102: TOTAL CARRIED FORWARD
A103: TOTAL BROUGHT FORWARD
D105: Steel float finish to concrete pump bases. | E105: m² | F105: 30
A107: 19.3.16 | D107: a) Steel float finish to concrete channel. | E107: m | F107: 78
A109: 19.3.17 | D109: b) Power float finish to pump house floor slab | E109: m² | F109: 56
A111: 19.3.18 | D111: c) Steel float to wall narrow widths | E111: m | F111: 32
A113: 19.3.19 | D113: d) Wood float to concrete apron and verandah area | E113: m² | F113: 150
A115: 19.3.20 | D115: e) Wood float to concrete roof slab | E115: m² | F115: 112
A117: 19.3.21 | D117: f) Wood float finish to concrete piers | E117: m² | F117: 20
A119: 19.4 | C119: PSG8.5 | D119: JOINTS
A121: 19.4.1 | D121: a) Two parts grey polysulphide sealant in floor/plinth joint 10mm x 10mm including 13mm bituminous impregnated softboard up to 200mm deep | E121: m | F121: 23
A123: 19.4.2 | C123: PSG8.12 | D123: b) Construction joint to include 10mm thick jointex with 10x 10mm tear off strip and 10 x 10mm approved sealant with polyethelene bond break backing tape, along concrete apron & verandah. | E123: m | F123: 156
A125: 19.4.3 | D125: c) Saw cut joint 3mm x 35mm cleaned out with compressed air and filled with backing chord & 6mm x6mm polysulphide sealer | E125: m | F125: 80
A127: 19.4.4 | D127: d) Slip joint beween wall and roof slab, two layers tempered hardboard smooth faces together and graphite greased | E127: m | F127: 374
C129: PSG8.9 | D129: Casting items in concrete:
A131: 19.4.5 | D131: a) Up to 300 mm nominal bore in up to 300 mm thick concrete | E131: No | F131: 18
A133: 19.4.6 | D133: b) Over 300 mm up to 600 mm nominal bore in up to 300 mm thick concrete | E133: No | F133: 2
A137: TOTAL CARRIED FORWARD
A138: TOTAL BROUGHT FORWARD
A140: 19.5 | D140: GROUTING
D142: a) Grouting in of pipes in walls and floors
A144: 19.5.1 | D144: i) 300 mm x 300 mm openings | E144: No | F144: 8
A146: 19.5.2 | D146: ii) 400 mm x 400 mm openings | E146: No | F146: 6
A148: 19.5.3 | D148: iii) 500 mm x 500 mm openings | E148: No | F148: 6
D150: b) Grouting in of holding down bolts
A152: 19.5.4 | D152: i) Pumpstation | E152: No | F152: 20
A154: 19.5.5 | D154: Allowance for concrete works as instructed by engineer | E154: Prov Sum | F154: 1 | G154: 350000 | H154: =ROUND(F154 * G154,2) -> 350000
A156: 19.5.6 | D156: Handling cost and profit in respect of sub-item19.5.5 above. | E156: % | F156: =H154 -> 350000
A166: TOTAL CARRIED FORWARD TO SUMMARY

Sheet 20; SuperStr
A1: CONTRACT TITLE: | C1: REFURBISHMENT AND UPGRADE OF MARGATE STORM-DAMAGED INFRASTRUCTURE, WASTEWATER TREATMENT WORKS AND EFFLUENT MAIN (PHASE 2)
A2: CONTRACT NUMBER | C2: UGU-07-1734-2026
A3: SECTION: | C3: =D5 -> SCHEDULE 20: SUPERSTRUCTURE
A4: ITEM NO | B4: LI | C4: PAYMENT | D4: DESCRIPTION | E4: UNIT | F4: QTY | G4: RATE | H4: AMOUNT
C5: PA | D5: SCHEDULE 20: SUPERSTRUCTURE
A7: 20.1 | D7: BRICKWORK
A9: 20.1.1 | C9: PA - 4.1 | D9: Brickwall, 330 mm thick cavity wall, clay facebrick in class 1 mortar "Corobrick Fire Light Satin" or similar approved (include hot dipped galvanised wall ties) | E9: m² | F9: 504
A11: 20.1.2 | D11: One brickwall in NFX bricks | E11: m² | F11: 40
A13: 20.1.3 | D13: 150mm wide brick reinforcement built in horizontally every third course | E13: m | F13: 481
A15: 20.1.4 | D15: Brick on edge header course over door and window openings | E15: m | F15: 28
C17: PA - 4.1.2 | D17: Air bricks
A19: 20.1.5 | D19: 230 x 152 clay vermin proof built in | E19: No | F19: 16
A21: 20.1.6 | D21: 233 mm x 175 plastic air vent built in | E21: No | F21: 16
A23: 20.1.7 | D23: Pre-cast concrete lintels above doors and windows built in 330 wide x 100mm thick x 2100 mm long | E23: No | F23: 16
A25: 20.1.8 | D25: Fibre cement window sills 150 x 10 mm to in side face of windows. | E25: m | F25: 21
A27: 20.2 | C27: PA - 4.17 | D27: WATERPROOFING
A29: 20.2.1 | C29: PA4.4 | D29: One layer of 375 micron damp proof course 330mm wide in walls | E29: m | F29: 55
A31: 20.2.2 | D31: 250 micron USB Green Water proof sheeting under surface beds | E31: m² | F31: 30
A33: 20.2.3 | D33: 4mm ABE index argo torch-on waterproofing system applied to smooth concrete as per manufacture's specifications (Include for hot applied slate granules-to act as mineral self protection | E33: m² | F33: 56
A35: 20.2.4 | D35: Supply and install water stop bar at kickers as per drawing | E35: m | F35: 50
A37: 20.3 | C37: PB 12 | D37: METALWORK
A39: 20.3.1 | D39: D.V. steel door frame and double transformer steel door, 2040W x 3065 H fully louvred Type M, complete with suitable 3 lever lockset built into walls with galvanised vermin proof mesh on the inside (as shown on drawings) | E39: No | F39: 3
A41: 20.3.2 | D41: Extra over 6.6.1 for purpose made opening 300 x 150mm to permit removal of pumps by use of gantry, including locking device as shown on the drawings | E41: No | F41: 3
A43: 20.3.3 | D43: Supply and build in Industrial windows type BLU, 2100 x 600mm with pressed steel louvres and galvanised vermin proof mesh on the inside | E43: No | F43: 10
A44: TOTAL CARRIED FORWARD
A45: TOTAL BROUGHT FORWARD
A46: 20.4 | D46: CRAWL BEAM AND HOIST
A48: 20.4.1 | D48: Supply and fix in place hot dipped galvanised crawl beam including the supply and casting in of all fixings | E48: No | F48: 3
A50: 20.4.2 | D50: Supply and fix hot dipped galvanised crawl beam support column complete as detailed, including the supply and casting in of all fixing bolts | E50: No | F50: 3
A52: 20.4.3 | B52: 5.1.12 | D52: Supply install 4.0 tonne push/pull beam crawl to suit crawl beam, complete with hand chain block. | E52: No | F52: 5
A54: 20.4.4 | B54: 5.1.13 | D54: Stormwater sump detail within pumpstation as per relevant drawing | E54: Sum | F54: 3
A56: 20.5 | D56: EPOXY MORTAR ON FLOORS
A58: 20.5.1 | D58: Surface preparation, screeding and curing of floors | E58: m² | F58: 85
A88: TOTAL CARRIED FORWARD TO SUMMARY

Sheet 21; RAS & WAS
A1: CONTRACT TITLE: | C1: REFURBISHMENT AND UPGRADE OF MARGATE STORM-DAMAGED INFRASTRUCTURE, WASTEWATER TREATMENT WORKS AND EFFLUENT MAIN (PHASE 2)
A2: CONTRACT NUMBER | C2: UGU-07-1734-2026
A3: SECTION: | C3: =D5 -> SCHEDULE 21: RETURN ACTIVATED SLUDGE PUMPSTATION
A4: ITEM NO | B4: LI | C4: PAYMENT | D4: DESCRIPTION | E4: UNIT | F4: QTY | G4: RATE | H4: AMOUNT
D5: SCHEDULE 21: RETURN ACTIVATED SLUDGE PUMPSTATION
C7: PSHA3 | D7: STRUCTURAL STEELWORK
A9: 21.1 | C9: SANS 1200 HA | D9: STEELWORK (Sundry Items)
A11: 21.1.1 | D11: Mentis handrail, ball type MT 90 complete installed | E11: m | F11: 18
A13: 21.1.2 | D13: Mentis stair threads, 900 x 245 mm, 6 per stair | E13: No | F13: 2
A15: 21.1.3 | D15: Cast iron manhole covers & frames
A17: 21.1.4 | D17: a) 450 x 600 | E17: No | F17: 6
A19: 21.1.5 | D19: b) 600 x 900 | E19: No | F19: 2
A21: 21.1.6 | D21: c) Grid floor, bearer 25 x 4.5 mm light duty, 450 mm wide, galvanized & banded over canals | E21: m | F21: 45
A23: 21.2 | D23: STEEL TANK REFURBISHMENT
A25: 21.2.1 | D25: Allowance for removal of a debris from tank and general cleaning | E25: Sum | F25: 1
A27: 21.2.2 | D27: High-pressure water jetting (5000+ PSI) of internal and external surfaces | E27: m² | F27: 200
A29: 21.2.3 | D29: Sand blast and recoat with preimer and two compound epoxy paint. | E29: m² | F29: 200
A31: 21.2.4 | D31: Stainless steel SCH304 support beams, width = 100mm | E31: m | F31: 13
A33: 21.2.5 | D33: Allowance for removal existing pipework, pumps, etc and transportation to HGDM storages | E33: Sum | F33: 1
A35: 21.2.6 | D35: Internal lining with potable-grade or heavy-duty bitumen/epoxy coating | E35: m² | F35: 200
A37: 21.2.7 | D37: Supply and install pipe support as per detail | E37: No | F37: 4
A42: TOTAL CARRIED FORWARD
A43: TOTAL BROUGHT FORWARD
C44: 8.2.5 | D44: PIPE FITTINGS Stainless Steel
D46: Copon coated = Cc; Galvanised = gs; oef=one end flanged; bef = both ends flanged; pf=puddle flange pipework 304L SS, class Sch 10. Flanges SABS 1123 table 1000/3
A48: 21.3 | D48: SHORT RADUIS BENDS (Flanged 1000/3)
D50: a) 90°
A52: 21.3.1 | D52: 150 mm dia bef | E52: No | F52: 14
D54: b) 45°
A56: 21.3.2 | D56: 150 mm dia bef | E56: No | F56: 2
D58: c) TEE PIECE WITH LATERAL OF ANGLE = 60˚
A60: 21.3.3 | D60: 150 x 150mm | E60: No | F60: 2
A62: 21.4 | D62: REDUCER
A64: 21.4.1 | D64: a) 150mm x 50mm Eccentric Reducer | E64: No | F64: 6
A66: 21.4.2 | D66: b) 150mm x 50mm Concentric Reducer | E66: No | F66: 6
D68: 150 mm dia straight pipe
A70: 21.4.3 | D70: a) L=300, bef with BSP slot, Pf | E70: No | F70: 6
A72: 21.4.4 | D72: b) L=300, oef | E72: No | F72: 6
A74: 21.4.5 | D74: c) L=1500, bef | E74: No | F74: 6
A76: 21.4.6 | D76: d) L=1950, bef,PF with BSP slot, Pf | E76: No | F76: 6
A78: 21.4.7 | D78: e) L=300, oef | E78: No | F78: 6
A82: TOTAL CARRIED FORWARD
A83: TOTAL BROUGHT FORWARD
D84: 150 mm Ø NB
A86: 21.4.8 | D86: a) RSV Gate valve class 10, BEF | E86: No | F86: 10
A88: 21.4.9 | D88: b) Flange adapter VJ or Simlair | E88: No | F88: 2
A90: 21.4.10 | D90: c) Pipe flared on one end and other flanged L=300mm | E90: No | F90: 5
A92: 21.5 | D92: PIPE SPECIALS
A94: 21.5.1 | D94: a) Allowance for pressure gauge with BSP | E94: Sum | F94: 6
A96: 21.5.2 | D96: b) Supply and install magnetic flow meters including all fixtures | E96: No | F96: 2
A98: 21.5.3 | D98: c) Supply and install Level sensor at tank sump | E98: No | F98: 4
A100: 21.5.4 | D100: d) Supply and install bleed line below pump off liquid level as per drawing | E100: No | F100: 6
A116: TOTAL CARRIED FORWARD
A117: TOTAL BROUGHT FORWARD
A119: 21.6 | D119: FLANGE ADAPTORS TO uPVC PIPES
A121: 21.6.1 | D121: 160 mm dia | E121: No | F121: 8
A123: 21.7 | D123: MECHANICAL WORKS - PROCURE AND MANUFACTURE
A125: 21.7.1 | D125: Cornell or Gorman Rup pump, 21 ℓ/s @ ± 20 m head, complete with electrical motor, base frame, V-belts etc. | E125: No | F125: 3
A127: 21.7.2 | D127: Cornell or Gorman Rup pump, 15 ℓ/s @ ±10 m head, complete with electrical motor, base frame, V-belts etc. | E127: No | F127: 3
A129: 21.7.3 | D129: 50 mm Ø Gate valve with electrical actuator | E129: No | F129: 3
A152: TOTAL CARRIED FORWARD TO SUMMARY

Sheet 22 Bldg Ref
A1: CONTRACT TITLE: | C1: REFURBISHMENT AND UPGRADE OF MARGATE STORM-DAMAGED INFRASTRUCTURE, WASTEWATER TREATMENT WORKS AND EFFLUENT MAIN (PHASE 2)
A2: CONTRACT NUMBER | C2: UGU-07-1734-2026
A3: SECTION: | C3: =D5 -> SCHEDULE 22: BUILDING REFURBISHMENT
A4: ITEM NO | B4: LI | C4: PAYMENT | D4: DESCRIPTION | E4: UNIT | F4: QTY | G4: RATE | H4: AMOUNT
D5: SCHEDULE 22: BUILDING REFURBISHMENT
A7: 22.1 | D7: BUILDING 1 REFURBISHMENT
D9: a) Roof coverings
A11: 22.1.1 | D11: Ex. Fibre cement roof to be waterproofed where leaking. | E11: m² | F11: 34
D13: Prepare and paint with roof paint
D15: Paintwork
A17: 22.1.2 | D17: Supply and install 225x15mm Tempered fascia, fixed to tilter batten.The installation included removal and disposal of existing | E17: m | F17: 13
A19: 22.1.3 | D19: Supply and install 80x200mm Tempered bargeboard, including fixing to roof gable end. The installation included removal and disposal of existing | E19: m | F19: 11
A21: 22.1.4 | D21: Supply and install 75 mm Diameter rainwater pipe inclusive of fixting material | E21: m | F21: 6
D23: b) Ceiling
A25: 22.1.5 | D25: Supply and install 4mm Nutec or similar approved ceiling board, fixed to 38x38mm battens at max. 400mm c/c. Rate to include battens. | E25: m² | F25: 25
A27: 22.1.6 | D27: Supply and install 75mm Coved Nu-cornice or similar approved applied to manufacturer's specifications. | E27: m | F27: 30
D29: c) Walls
D31: External plaster. 15mm thick 1:4 Cement plaster finished with steel trowel to smooth and even surface on concrete blockwork:
A33: 22.1.7 | D33: Plaster to all internal walls, including reveals etc. | E33: m² | F33: 55
D35: Paintwork
D37: Prepare and paint one coat timber undercoat and two coats 'Plascon' Velvaglo or similar approved Polyurethane Enamel on:
A39: 22.1.8 | D39: Plaster to all external walls, including reveals etc. | E39: m² | F39: 55
A42: TOTAL CARRIED FORWARD
A43: TOTAL BROUGHT FORWARD
D44: d) Floor
D46: Tiling Prepare floor surfaces and lay floor tile in accordance with suppliers specification.
D48: 400 x 400mm Johnson or similar approved ceramic tiles fixed with adhesive and with 8mm joints in both directions and flush pointed with tinted waterproof jointing compound and sealed as per manufacturer's specifications (colour to be confirmed by client or client's agent)
A50: 22.1.9 | D50: Suply and install Tiling on floors inclusive of removal of existing, tile fix, grout and other items | E50: m² | F50: 25
D52: e) Door
A54: 22.1.10 | D54: 2032x813x40mm Timber Door, hung to timber frame | E54: No | F54: 1
A56: 22.1.11 | D56: Supply and install Frame for 813mm wide x 2032mm high door | E56: No | F56: 1
D58: f) Plumbing
D60: Replacement of existing WHB trap
A62: 22.1.12 | D62: Supply and install Cobra welcome basin, wall hung 400x321x170. Code 709000WH or similar approved | E62: No | F62: 1
D64: g) General Provisions
A66: 22.1.13 | D66: Sum for refurbishment and servicing for all Fire extinguisher equipment | E66: Sum | F66: 1
A68: 22.1.14 | D68: Sum for refurbishment and servicing of air conditioning system replaced | E68: Sum | F68: 1
A70: 22.1.15 | D70: Sum for refurbishment and servicing of electrical fittings | E70: Sum | F70: 1
A72: 22.1.16 | D72: Sum for refurbishment and servicing of burlger guards and gate | E72: Sum | F72: 1
A74: 22.1.17 | D74: Sum for refurbishment and servicing of window glazing. To replaced where neccessary | E74: Sum | F74: 1
A76: 22.2 | D76: BUILDING 2 REFURBISHMENT
D78: a) Roof coverings
A80: 22.2.1 | D80: Ex. Fibre cement roof to be waterproofed where leaking. | E80: m² | F80: 68.4
A82: 22.2.2 | D82: Supply and install 75 mm Diameter rainwater pipe inclusive of fixting material | E82: m | F82: 2.7
A84: TOTAL CARRIED FORWARD
A85: TOTAL BROUGHT FORWARD
D86: b) Ceiling
A88: 22.2.3 | D88: Prepare and paint sofit | E88: m² | F88: 68.4
D90: c) Walls
D92: External plaster. 15mm thick 1:4 Cement plaster finished with steel trowel to smooth and even surface on concrete blockwork:
A94: 22.2.4 | D94: Plaster to all internal walls, including reveals etc. | E94: m² | F94: 133
A96: 22.2.5 | D96: Plaster to all external walls, including reveals etc. | E96: m² | F96: 8.5
D98: Prepare and paint one coat timber undercoat and two coats 'Plascon' Velvaglo or similar approved Polyurethane Enamel on:
A100: 22.2.6 | D100: Paintwork | E100: m² | F100: =F94+F96 -> 141.5
D102: d) Window
A104: 22.2.7 | D104: Remove and make good for new 1460mmx1520mm window | E104: No | F104: 1
D106: e) Floor
D108: Tiling Prepare floor surfaces and lay floor tile in accordance with suppliers specification.
D110: 400 x 400mm Johnson or similar approved ceramic tiles fixed with adhesive and with 8mm joints in both directions and flush pointed with tinted waterproof jointing compound and sealed as per manufacturer's specifications (colour to be confirmed by client or client's agent)
A112: 22.2.8 | D112: Suppply and install Tiling on floors inclusive of removal of existing, tile fix, grout and other items | E112: m² | F112: 30.6
D114: f) Door
A116: 22.2.9 | D116: 2032x813x40mm Timber Door, hung to timber frame | E116: No | F116: 3
A118: 22.2.10 | D118: Supply and install Frame for 813mm wide x 2032mm high door | E118: No | F118: 3
D120: g) Plumbing
A122: 22.2.11 | D122: Existing gyser to be serviced and checked by plumber | E122: No | F122: 1
A124: 22.2.12 | D124: New 1000mm x 2000mm aluminum slidind shower door | E124: No | F124: 1
A126: 22.2.13 | D126: New water supply pipe for fire hose reel to be installed | E126: No | F126: 1
A130: TOTAL CARRIED FORWARD
A131: TOTAL BROUGHT FORWARD
D132: h) General Provisions
A134: 22.2.14 | D134: Sum for refurbishment and servicing for all Fire extinguisher equipment | E134: Sum | F134: 1
A136: 22.2.15 | D136: Sum for refurbishment and servicing of air conditioning system replaced | E136: Sum | F136: 1
A138: 22.2.16 | D138: Sum for refurbishment and servicing of electrical fittings | E138: Sum | F138: 1
A140: 22.2.17 | D140: Sum for refurbishment and servicing of burlger guards and gate | E140: Sum | F140: 1
A142: 22.2.18 | D142: Sum for refurbishment and servicing of window glazing. To replaced where neccessary | E142: Sum | F142: 1
A144: 22.3 | D144: BUILDING 3 REFURBISHMENT
D146: a) Roof coverings
A148: 22.3.1 | D148: Ex. Fibre cement roof to be waterproofed where leaking. | E148: m² | F148: 59
D150: b) Ceiling
A152: 22.3.2 | D152: Prepare and paint sofit | E152: m² | F152: 59
D154: c) Walls
D156: External plaster. 15mm thick 1:4 Cement plaster finished with steel trowel to smooth and even surface on concrete blockwork:
A158: 22.3.3 | D158: Plaster to all internal walls, including reveals etc. | E158: m² | F158: 75
A160: 22.3.4 | D160: Plaster to all external walls, including reveals etc. | E160: m² | F160: 7.4
D162: Prepare and paint one coat timber undercoat and two coats 'Plascon' Velvaglo or similar approved Polyurethane Enamel on:
A164: 22.3.5 | D164: Paintwork | E164: m² | F164: =F158+F160 -> 82.4
D166: d) Floor
A168: 22.3.6 | D168: New floor epoxy to be applied | E168: m² | F168: 38.4
D170: e) General Provisions
A172: 22.3.7 | D172: Sum for refurbishment and servicing for all Fire extinguisher equipment | E172: Sum | F172: 1
A174: 22.3.8 | D174: Sum for refurbishment and servicing of electrical fittings | E174: Sum | F174: 1
A176: TOTAL CARRIED FORWARD
A177: TOTAL BROUGHT FORWARD
A178: 22.3.9 | D178: Roller shutter door pully mechanism to be serviced | E178: Sum | F178: 1
A180: 22.3.10 | D180: Sum for refurbishment and servicing of window glazing. To replaced where neccessary | E180: Sum | F180: 1
A182: 22.4 | D182: BUILDING 4 REFURBISHMENT
D184: a) Roof coverings
A186: 22.4.1 | D186: Ex. Fibre cement roof to be waterproofed where leaking. | E186: m² | F186: 57.4
D188: b) Ceiling
A190: 22.4.2 | D190: Prepare and paint sofit | E190: m² | F190: 57.4
...

Sheet 23 Bndry Wall
A1: CONTRACT TITLE: | C1: REFURBISHMENT AND UPGRADE OF MARGATE STORM-DAMAGED INFRASTRUCTURE, WASTEWATER TREATMENT WORKS AND EFFLUENT MAIN (PHASE 2)
A2: CONTRACT NUMBER | C2: UGU-07-1734-2026
A3: SECTION: | C3: =D5 -> SCHEDULE 23: BOUNDARY WALL
A4: ITEM NO | B4: LI | C4: PAYMENT | D4: DESCRIPTION | E4: UNIT | F4: QTY | G4: RATE | H4: AMOUNT
D5: SCHEDULE 23: BOUNDARY WALL
A7: 23.1 | D7: SITE CLEARANCE: EXTERNAL
A9: 23.1.1 | C9: 8.2.1 | D9: Clear and grub | E9: ha | F9: 0.25
C11: 8.2.2 | D11: Remove and grub large trees and tree stumps of girth over and up to
A13: 23.1.2 | D13: a) Over 1m and up to and including 2m | E13: No | F13: 35
A15: 23.1.3 | D15: b) Over 2m and up to and including 3m | E15: No | F15: 18
A17: 23.1.4 | D17: c) Over 3m, in steps of 1m | E17: No | F17: 18
A19: 23.1.5 | C19: 8.2.3 | D19: Remove and grub all trees and tree stumps regardless of girth | E19: ha | F19: 0.25
A21: 23.1.6 | C21: 8.2.9 | D21: Transport material and debris to unspecified sites and dump | E21: m3.km | F21: 3500
A23: 23.1.7 | C23: 8.2.10 | D23: Remove topsoil to nominal depth of 150mm and stockpile | E23: m3 | F23: 2500
C25: 8.3.2 | D25: Bulk Excavation
A27: 23.1.8 | D27: a) Excavation between depths of 0-1m | E27: m3 | F27: 172
A29: 23.1.9 | D29: b) Excavation between depths of 1-2m | E29: m3 | F29: 172
D31: c) Extra-Over for
A33: 23.1.10 | D33: i) Intermediate material | E33: m3 | F33: 138
A35: 23.1.11 | D35: ii) Hard rock material | E35: m3 | F35: 103
A37: 23.1.12 | D37: iii) Boulder Excavation, Class A | E37: m3 | F37: 17
A39: 23.1.13 | D39: iv) Boulder Excavation, Class B | E39: m3 | F39: 17
A44: TOTAL CARRIED FORWARD
A45: TOTAL BROUGHT FORWARD
A47: 23.2 | D47: REINFORCED CONCRETE
D49: 15MPa/19mm Concrete
A51: 23.2.1 | D51: a)Blinding for foundation 50mm | E51: m3 | F51: 25
D53: 25MPa/19mm Concrete
A55: 23.2.2 | D55: a) Strip footings | E55: m3 | F55: 133
A57: 23.2.3 | D57: b) Mass concrete to poured into blocks | E57: m3 | F57: 93
D59: TEST BLOCKS
A61: 23.2.4 | D61: Making concrete strength test cubes size 150 x 150 x 150mm, sending them to an approved independent testing laboratory for testing and paying all charges in connection therewith. Only successful tests will be paid for. | E61: No | F61: 10
A63: 23.3 | D63: SUPERSTRUCTURE
D65: Concrete block wall
A67: 23.3.1 | D67: 190mm thick block wall -7MPa SABS approved m190 concrete blocks set in class ii mortar. galvanized brickforce at 400mm vertical centres (every 2nd block course). | E67: m2 | F67: 2208
D69: BRICK REINFORCEMENT
A71: 23.3.2 | D71: Brickforce @ 400 centres on every second course | E71: m | F71: 4095
D73: BRICKWORK SUNDRIES
A75: 23.3.3 | D75: 10mm Wide open (unfilled) tied control joint at face of pier at max 12m centres concertina ties built into the concrete filled block cores at 400mm vertical centres | E75: m | F75: 273
D77: PLASTERING
D79: EXTERNAL PLASTER
D81: Two coat special plaster on brickwork
A83: 23.3.4 | D83: a) Brick wall | E83: m2 | F83: 4417
A85: TOTAL CARRIED FORWARD
A86: TOTAL BROUGHT FORWARD
A88: 23.4 | D88: STEELWORK
A90: 23.4.1 | D90: Supply and install galvanized razor mesh with necessary fixtures | E90: m | F90: 820
D92: PAINTWORK
D94: ON FLOATED PLASTER
D96: One coat "Plascon Plaster Primer", one undercoat and two coats "Plascon Weather guard" polyurethane alkyd paint (Colour to approved by UDM) or Simlair suitable paint
A98: 23.4.2 | D98: On External walls | E98: m2 | F98: 4417
D100: REINFORCEMENT
A102: 23.4.3 | D102: Plain round mild steel bar reinforcement (Grade 250) and high yield deformed steel bar reinforcement (Grade 450) of diameter 6mm to 40mm | E102: t | F102: 7
A121: TOTAL CARRIED FORWARD TO SUMMARY

Sheet 24 Dewater
A1: CONTRACT TITLE: | C1: REFURBISHMENT AND UPGRADE OF MARGATE STORM-DAMAGED INFRASTRUCTURE, WASTEWATER TREATMENT WORKS AND EFFLUENT MAIN (PHASE 2)
A2: CONTRACT NUMBER | C2: UGU-07-1734-2026
A3: SECTION: | C3: =D5 -> SECTION 24: DEWATERING PRESS
A4: ITEM NO | B4: LI | C4: PAYMENT | D4: DESCRIPTION | E4: UNIT | F4: QTY | G4: RATE | H4: AMOUNT
D5: SECTION 24: DEWATERING PRESS
C7: PSHA3 | D7: STRUCTURAL STEELWORK
A9: 24.1 | C9: SANS 1200 HA | D9: STEELWORK (Sundry Items)
A11: 24.1.1 | D11: Mentis handrail, ball type MT 90 complete installed | E11: m | F11: 30
A13: 24.1.2 | D13: Mentis stair threads, 900 x 245 mm, 6 per stair | E13: No | F13: 2
A15: 24.1.3 | D15: Cast iron manhole covers & frames
A17: 24.1.4 | D17: a) 450 x 600 | E17: No | F17: 6
A19: 24.1.5 | D19: b) 600 x 900 | E19: No | F19: 2
A21: 24.1.6 | D21: c) Grid floor, bearer 25 x 4.5 mm light duty, 450 mm wide, galvanized & banded over canals | E21: m | F21: 45
A51: TOTAL CARRIED FORWARD
A52: TOTAL BROUGHT FORWARD
A54: 24.2 | D54: Mechanical equipment within Dewatering Plant
A56: 24.2.1 | D56: Supply and install 8m diameter steel tank with 0.37kW mixer | E56: No | F56: 1
A58: 24.2.2 | D58: Supply and install NETSCH Postive Displacement pump 0.37kW including base plate and other fixures | E58: No | F58: 2
A60: 24.2.3 | D60: Manufacture, supply and install galavanized and epoxy painted tank stand including of shop drawings | E60: No | F60: 1
A62: 24.2.4 | D62: Immersible sewage pump, with chromium tungsten impeller, 3 ℓ/s @ 10 m head | E62: No | F62: 2
A64: 24.2.5 | D64: Refurbish existing hopper and existig skid plate | E64: No | F64: 2
A66: 24.2.6 | D66: Manufacture SS hopper for transportion of sludge to dispoal vehicle 2.5m x 2.5m | E66: No | F66: 2
A68: 24.2.7 | D68: Manufacture SS hopper for transportion of skid plate with tracks | E68: No | F68: 1
A70: 24.2.8 | D70: D.V. steel door frame and double transformer steel door, custom size H fully louvred Type M, complete with suitable 3 lever lockset built into walls with galvanised vermin proof mesh on the inside (as shown on drawings) | E70: No | F70: 1
A72: 24.2.9 | D72: Extra over 6.6.1 for purpose made opening 300 x 150mm to permit removal of pumps by use of gantry, including locking device as shown on the drawings | E72: No | F72: 3
A74: 24.2.10 | D74: Supply and build in Industrial windows type BLU, 2100 x 600mm with pressed steel louvres and galvanised vermin proof mesh on the inside | E74: No | F74: 10
A76: 24.2.11 | D76: Volute Dewatering Press Model GS-302 KW 2.65 at 2.5l/s | E76: No | F76: 2
A93: TOTAL CARRIED FORWARD TO SUMMARY

Sheet 25; BLOWER
A1: CONTRACT TITLE: | C1: REFURBISHMENT AND UPGRADE OF MARGATE STORM-DAMAGED INFRASTRUCTURE, WASTEWATER TREATMENT WORKS AND EFFLUENT MAIN (PHASE 2)
A2: CONTRACT NUMBER | C2: UGU-07-1734-2026
A3: SECTION: | C3: =D5 -> SCHEDULE 25: BLOWER ROOM
A4: ITEM NO | B4: LI | C4: PAYMENT | D4: DESCRIPTION | E4: UNIT | F4: QTY | G4: RATE | H4: AMOUNT
D5: SCHEDULE 25: BLOWER ROOM
C7: PSHA3 | D7: STRUCTURAL STEELWORK
A9: 25.1 | C9: SANS 1200 HA | D9: STEELWORK (Sundry Items)
A11: 25.1.1 | D11: Mentis handrail, ball type MT 90 complete installed.Stainless steel 316L SS SCH 10 | E11: m | F11: 20
A13: 25.1.2 | D13: Mentis stair threads, 900 x 245 mm, 6 per stair | E13: No | F13: 2
A15: 25.1.3 | D15: Cast iron manhole covers & frames
A17: 25.1.4 | D17: a) 450 x 600 | E17: No | F17: 1
A19: 25.1.5 | D19: b) 600 x 900 | E19: No | F19: 1
A21: 25.1.6 | D21: c) Grid floor, bearer 25 x 4.5 mm light duty, 450 mm wide, galvanized & banded over canals | E21: m | F21: 16
A23: 25.1.7 | D23: Supply and install pipe support as per detail. H= 1.5m, with a baseplate for mounting to the ground | E23: No | F23: 3
A25: 25.2 | C25: PB 12 | D25: METALWORK
A27: 25.2.1 | D27: D.V. steel door frame and double steel door, to special made to existing size fully louvred Type M, complete with suitable 3 lever lockset built into walls with galvanised vermin proof mesh on the inside. Shop drawings will provided by contractor prior to manufacting | E27: No | F27: 1
A29: 25.2.2 | D29: Extra over 6.6.1 for purpose made opening 300 x 150mm to permit removal of pumps by use of gantry, including locking device as shown on the drawings | E29: No | F29: 1
A31: 25.2.3 | D31: Supply and build in Industrial windows type BLU, 2100 x 600mm with pressed steel louvres and galvanised vermin proof mesh on the inside | E31: No | F31: 3
A33: 25.2.4 | D33: Supply install 4.0 tonne push/pull beam crawl to suit crawl beam, complete with hand chain block. | E33: No | F33: 1
A35: 25.2.5 | D35: Allowance for all building refurbishment of floor, roof slab and general repairs | E35: Prov Sum | F35: 1 | G35: 60000 | H35: =F35*G35 -> 60000
A37: 25.2.6 | D37: Allowance for profir on above item | E37: % | F37: =H35 -> 60000
A42: TOTAL CARRIED FORWARD
A43: TOTAL BROUGHT FORWARD
A44: 25.3 | C44: 8.2.5 | D44: PIPE FITTINGS Steel- POSTIVE BLOWER
D46: Copon coated = Cc; Galvanised = gs; oef=one end flanged; bef = both ends flanged; pf=puddle flange pipework 316L SS, class Sch 10. Flanges SABS 1123 table 1000/3
D48: SHORT RADUIS BENDS (Flanged 1000/3) Supply and install fittings below including all fixures
D50: a) 90°
A52: 25.3.1 | D52: 350 mm dia bef | E52: No | F52: 3
D54: b) TEE PIECE (Flanged 1000/3)
A56: 25.3.2 | D56: 350mm x 200mm | E56: No | F56: 3
D58: c) 350 mm dia (mm)
A60: 25.3.3 | D60: a) L=2000, bef | E60: No | F60: 7
A62: 25.3.4 | D62: b) L=295, bef | E62: No | F62: 2
D64: d) 200 mm dia (mm)
A66: 25.3.5 | D66: L=295, bef | E66: No | F66: 3
A68: 25.4 | D68: e) 200 mm Ø NB, Supply and install fittings below including all fixures
A70: 25.4.1 | D70: a) RSV Gate valve class 10, BEF for airflow applications | E70: No | F70: 3
A72: 25.4.2 | D72: b) Check Rite non return valve or simlair approved for airflow applications | E72: No | F72: 3
A74: 25.4.3 | D74: c) Flange adapter VJ or Simlair | E74: No | F74: 3
A76: 25.4.4 | D76: d) Bellows coupling BEF airflow applications | E76: No | F76: 3
A78: 25.4.5 | D78: e) Allowance for pressure gauge with BSP | E78: Sum | F78: 3
A80: 25.4.6 | D80: f) Air blowout valve
A83: TOTAL CARRIED FORWARD
A84: TOTAL BROUGHT FORWARD
A86: 25.5 | D86: MECHANICAL WORKS - PROCURE AND MANUFACTURE
A88: 25.5.1 | D88: Blower, 1500m3/h @ 0.5 bar with triple filter protection & silent cage complete with 55kW electrical motor & frame & base plate | E88: No | F88: 4
A90: 25.5.2 | D90: Pressure meters on outlet pipework | E90: No | F90: 4
A92: 25.5.3 | D92: Airflow meters on outflow pipework | E92: No | F92: 4
A94: 25.5.4 | D94: 0.8 x 0.8 Security louver with fine mesh inside | E94: No | F94: 2
A96: 25.5.5 | D96: Sum for removal for of existing pipes. Fittings. Etc. and transportation to UGU DM storage | E96: Sum | F96: 1
A116: TOTAL CARRIED FORWARD TO SUMMARY

Sheet 26;RET WALL
A1: CONTRACT TITLE | C1: REFURBISHMENT AND UPGRADE OF MARGATE STORM-DAMAGED INFRASTRUCTURE, WASTEWATER TREATMENT WORKS AND EFFLUENT MAIN (PHASE 2)
A2: CONTRACT NUMBER | C2: UGU-07-1734-2026
A3: SECTION: | C3: =D5 -> SCHEDULE 26: RETAINING WALL
A4: ITEM NO | B4: LI | C4: PAYMENT | D4: DESCRIPTION | E4: UNIT | F4: QTY | G4: RATE | H4: AMOUNT
D5: SCHEDULE 26: RETAINING WALL
A7: 26.1 | C7: 1200D | D7: EARTHWORKS
A9: 26.1.1 | C9: 8.3.3 | D9: Excavation for wall foundation in "Soft Material" (depth approx. 500mm). | E9: m³ | F9: 100
A11: 26.1.2 | C11: 8.3.11 | D11: Preparation and compaction of bottom of excavations to 93% Mod AASHTO. | E11: m² | F11: 91
A13: 26.1.3 | C13: 8.4 | D13: Import and place G5/G7 material for backfilling behind the wall, compacted in 150mm layers to 95% Mod AASHTO. | E13: m² | F13: 91
A15: 26.2 | C15: 1200G | D15: CONCRETE (FOUNDATIONS)
A17: 26.2.1 | C17: 8.1.3 | D17: Mass concrete (Grade 20/19) for the leveling pad/footing, including all necessary formwork. | E17: m³ | F17: 38
A19: 26.3 | D19: RETAINING WALL SYSTEM
A21: 26.3.1 | D21: Supply and install interlocking dry-stack concrete blocks (e.g., Terraforce L11 or similar) at a set back angle of 70° - 85°. | E21: m² | F21: 720
D23: Fill internal block cavities with approved soil/gravel and compact.
A25: 26.4 | C25: 1200DK | D25: DRAINAGE
A27: 26.4.1 | C27: 8.2.3 | D27: Supply and lay 110mm diameter perforated HDPE "Agipipe" (subsoil drain) wrapped in Geofabric at the base of the wall. | E27: m | F27: 240
A29: 26.4.2 | C29: 8.2.1 | D29: Supply and install Geofabric (e.g., Kaytech U14 or similar) behind the wall blocks to prevent migration of fines. | E29: m² | F29: 720
A42: TOTAL CARRIED FORWARD TO SUMMARY

Sheet 27; CL2
A1: CONTRACT TITLE | C1: REFURBISHMENT AND UPGRADE OF MARGATE STORM-DAMAGED INFRASTRUCTURE, WASTEWATER TREATMENT WORKS AND EFFLUENT MAIN (PHASE 2)
A2: CONTRACT NUMBER | C2: UGU-07-1734-2026
A3: SECTION: | C3: =D5 -> SCHEDULE 27: CHLORINE DOSING
A4: ITEM NO | B4: LI | C4: PAYMENT | D4: DESCRIPTION | E4: UNIT | F4: QTY | G4: RATE | H4: AMOUNT
D5: SCHEDULE 27: CHLORINE DOSING
A7: 27.1 | D7: EQUIPMENT at CHLORINE DOSING ROOM
A9: 27.1.1 | D9: Chlorination dosing system to dose up to 5 kg/Cl2/hour. Dual system, dosing from 7 x 68 kg chlorine cylinders at a time with change over device to parallel 5 cylinders. | E9: Sum | F9: 1
D11: The equipment shall include:
D13: a) Vacuum regulators
D15: b) Vacuum change over device
D17: c) Dosing regulator
D19: d) Dosing measurement device
D21: e) Ejector
D23: f) Ejector booster pump (5 x)
D25: g) Chlorine gas detection system (5 x detectors)
D27: h) Scale (5 x)
D29: i) New ejector booster pump inlet pipework with strainer that can be removed for cleaning
D31: j) Outside emergency hand wash basin with shower - SS 316L
A42: TOTAL CARRIED FORWARD
A43: TOTAL BROUGHT FORWARD
A44: 27.2 | D44: METALWORK
A46: 27.2.1 | D46: Supply, fabricate and deliver Parallel Flange Channel, 120x55mm | E46: m | F46: 9.5
A48: 27.2.2 | D48: Supply, fabricate and deliver I-Beam IPE Section, 120x64mm | E48: m | F48: 1.3
A50: 27.2.3 | D50: Supply, fabricate and deliver Lipped Channel, 100x75x20x3mm | E50: m | F50: 6.3
A52: 27.2.4 | D52: Supply, fabricate and deliver Square Hollow Section Post, 70x70x3mm | E52: m | F52: 6
A54: 27.2.5 | D54: Supply and fabricate Steel Plate, 120x100x10mm | E54: No | F54: 8
A56: 27.2.6 | D56: Supply and fabricate Steel Support Plate, 130x85x10mm | E56: No | F56: 2
A58: 27.2.7 | D58: Supply and fabricate Steel Plate, 120x75x10mm | E58: No | F58: 26
A60: 27.2.8 | D60: Supply and fabricate Steel Plate, 100x75x10mm | E60: No | F60: 6
A62: 27.2.9 | D62: Supply and fabricate Steel Base Plate, 200x200x10mm | E62: No | F62: 3
A64: 27.2.10 | D64: Supply and fabricate Steel Post Cap Plate, 140x140x10mm | E64: No | F64: 3
A66: 27.2.11 | D66: Supply and fabricate 1m high steel handrailing | E66: m | F66: 5.6
A68: 27.2.12 | D68: Supply and deliver Mentis Fibreglass Rectagrid, 38mm thick | E68: m² | F68: 5.9
... A76: 27.2.16 | D76: Allow for fabrication, welding and preparation of shop drawings | E76: Sum | F76: 1
A83: TOTAL CARRIED FORWARD
A84: TOTAL BROUGHT FORWARD
A86: 27.3 | C86: 8.2.5 | D86: PIPE FITTINGS Stainless Steel
D88: Copon coated = Cc; Galvanised = gs; oef=one end flanged; bef = both ends flanged; pf=puddle flange pipework 304L SS, class Sch 10. Flanges SABS 1123 table 1000/3
D90: SHORT RADUIS BENDS (Flanged 1000/3)
D92: a) 90°
A94: 27.3.1 | D94: 150 mm dia bef | E94: No | F94: 14
D96: b) 45°
A98: 27.3.2 | D98: 350 mm dia oef with duck flange | E98: No | F98: 2
D100: c) TEE PIECE WITH LATERAL OF ANGLE = 60˚
A102: 27.3.3 | D102: 150 x 150mm | E102: No | F102: 2
D104: REDUCER
A106: 27.3.4 | D106: a) 350mm x 630mm expander with 350mm straight pipe | E106: No | F106: 1
A108: 27.3.5 | D108: b) 150mm x 50mm Concentric Reducer | E108: No | F108: 1
D110: 150 mm dia straight pipe
A112: 27.3.6 | D112: a) L=300, bef with BSP slot, Pf | E112: No | F112: 1
A114: 27.3.7 | D114: b) L=300, oef | E114: No | F114: 1
D116: 350 mm dia straight pipe
A118: 27.3.8 | D118: a) L=700, bef,PF | E118: No | F118: 1
D120: Flange adapter | E120: No | F120: 1
A122: 27.3.9 | D122: a) RSV gate valve | E122: No | F122: 1
A125: TOTAL CARRIED FORWARD TO SUMMARY

Sheet 28 E&I WWTW
A1: CONTRACT TITLE | C1: REFURBISHMENT AND UPGRADE OF MARGATE STORM-DAMAGED INFRASTRUCTURE, WASTEWATER TREATMENT WORKS AND EFFLUENT MAIN (PHASE 2)
A2: CONTRACT NUMBER | C2: UGU-07-1734-2026
A3: SECTION: | C3: =D5 -> SCHEDULE 28 : WWTW ELECTRICAL AND INSTRUMENTATION
A4: ITEM NO | B4: LI | C4: PAYMENT | D4: DESCRIPTION | E4: UNIT | F4: QTY | G4: RATE | H4: AMOUNT
D5: SCHEDULE 28 : WWTW ELECTRICAL AND INSTRUMENTATION
A7: 28.1 | D7: LIGHTNING PROTECTION
D9: Supply and install the lightning protection and earthing installation for all the WWTW Buildings & Structures for TT1 & TT2 as follows :
A11: 28.1.1 | D11: a) Carry out the earth resistivity survey and provide report for all the buildings on site (include for recommendation for number and spacings of earth electrodes) | E11: Sum | F11: 1
A13: 28.1.2 | D13: b) Excavation and backfill of ground 300 wide and 600 deep in all classes of medium to hard pickable ground | E13: m | F13: 200
A15: 28.1.3 | D15: c) 70mm² bare copper ground trench earth ring main | E15: m | F15: 200
A17: 28.1.4 | D17: d) 1,6 - 2m long copper clad earth electrodes | E17: No. | F17: 30
A19: 28.1.5 | D19: e) Exothermic welds 70 -70mm² | E19: No. | F19: 40
A21: 28.1.6 | D21: f) Denso tape of exothermic welds | E21: No. | F21: 40
A23: 28.1.7 | D23: g) 70mm² PVC insulated earth conductor built into brickwork to pick up roof conductors or steel members, columns etc | E23: m | F23: 160
A25: 28.1.8 | D25: h) 25 Ø PVC conduit flush cast in slabs and chased in brickwork | E25: m | F25: 160
A27: 28.1.9 | D27: i) 10 dia solid aluminium earth terminal conductor saddled to concrete roof or walls or upstand beams | E27: m | F27: 80
A29: 28.1.10 | D29: j) 70 mm² PVC insulated earth conductor bonding to steel staircases, hand railing etc. | E29: m | F29: 30
A31: 28.1.11 | D31: k) Tap and drill steel columns to receive 70 mm² earth conductors from earth mat | E31: No. | F31: 8
A33: 28.1.12 | D33: l) 70mm² PVC insulated earth conductor for connecting to reinforcing steel in roof or connecting onto structural steel trusses or sheeting | E33: m | F33: 120
... A41: 28.1.16 | D41: p) Ensure earth continuity and test between the concrete or steel roof and earth mat and to other above structures and buildings for all buildings | E41: Sum | F41: 1
A42: TOTAL CARRIED FORWARD
A43: TOTAL BROUGHT FORWARD
A44: 28.1.17 | D44: q) Test and commission the Lightning Protection and Earthing system for all the buildings and structures in presence of the Engineer | E44: Sum | F44: 1
A46: 28.1.18 | D46: r) Issue the earth test and compliance certificates for all the above Buildings and Structures ( separate certificates required for each site - 8 in total) | E46: Sum | F46: 1
A48: 28.1.19 | D48: s) Issue the "as built" earthing layouts and hand-over data packs for all the above structures and buildings | E48: Sum | F48: 1
A50: 28.2 | D50: LEVEL SENSOR , SWITCHES & SENSOR CABLING Etc.
A52: 28.2.1 | D52: a ) Supply and install the IFM or similar approved level sensor as specified in the pump sumps and dosing tanks for level display and pump low level trip with mounting bracket etc complete | E52: Sum | F52: 8
A54: 28.2.2 | D54: b) Supply and install the low level cut-out float switches and pump start-stop float switches complete with s/steel rods , chain and weights | E54: Set | F54: 4
A56: 28.2.3 | D56: c) Supply and install electronic IFM or similar approved no-flow switches for all the pumps and dosing pumps protection complete with stop cock and socket welded to pipe | E56: Sum | F56: 6
A58: 28.2.4 | D58: d) Proximity Switch (to indicate which poly dosing tank is operational) | E58: No | F58: 1 | H58: Rate Only
A60: 28.2.5 | D60: e) 40 dia solenoid valves as specified | E60: No | F60: 3 | H60: Rate Only
A62: 28.2.6 | D62: f) Solenoid switch as specified | E62: No | F62: 6 | H62: Rate Only
A64: 28.2.7 | D64: g) Limit switch AC/DC or similar approved | E64: No | F64: 3 | H64: Rate Only
A66: 28.2.8 | D66: h) Dissolved Oxygen Sensors ( DO Sensors ) with s/steel mounting brackets and WP enclosure | E66: No | F66: 4
A68: 28.2.9 | D68: i) Blower air pressure sensors installed on the air delivery pipe with sockets and all fittings complete | E68: No | F68: 1
A70: 28.2.10 | D70: j) Modbus cabling between the MCC PLCs and SCADA switch at control room ( armoured in ground) | E70: m | F70: 300
A72: 28.2.11 | D72: k) Termination of modbus or fibre optic cabling including termination kit , splicing etc | E72: No. | F72: 4
A74: 28.2.12 | D74: l) CAT 6 Ethernet cable 1,5mm² 4 pair screened cable | E74: m | F74: 400
A76: 28.2.13 | D76: m) Termination of ethernet cable | E76: No | F76: 16
A78: 28.2.14 | D78: n) Fibre optic cable 8 pair single mode | E78: m | F78: 450
A80: 28.2.15 | D80: o) Fibre optic cable terminations , splicings etc | E80: No | F80: 16
A82: 28.2.16 | D82: p) Connect , interface , programme , test and commission the PLC for the above level sensor , instruments and control systems and interface to SCADA system complete | E82: Sum | F82: 1
A83: TOTAL CARRIED FORWARD
A84: TOTAL BROUGHT FORWARD
A86: 28.2.17 | D86: q) Stainless steel level electrodes as specified for control of pumps ( auto start and stop ) | E86: No | F86: 6
A88: 28.3 | D88: FLOW METERS
A90: 28.3.1 | D90: Supply and deliver to site the following flow meters :
A92: 28.3.1.1 | D92: a) 400 dia mag flow meter as specified on RAS pumping line | E92: Sum | F92: 2
A94: 28.3.1.2 | D94: b) 250 dia mag flow meter as specified on the WAS pumping line | E94: Sum | F94: 3
A96: 28.3.1.3 | D96: c) Blower air flow meters installed on the blower delivery pipe with sockets and all fittings complete | E96: No | F96: 1
A98: 28.3.2 | D98: Install and connect up the flow meters supplied above as follows :
A100: 28.3.2.1 | D100: a) 400 dia mag flow meter as specified on RAS pumping line | E100: Sum | F100: 2
A102: 28.3.2.2 | D102: b) 250 dia mag flow meter as specified on the WAS pumping line | E102: Sum | F102: 3
A104: 28.3.2.3 | D104: c) Blower air flow meters installed on the blower delivery pipe ( NB 300-350mm pipe ) with sockets and all fittings complete | E104: No | F104: 1
A106: 28.4 | D106: CABLES
A108: 28.4.1 | D108: a) Supply Cables PVC/SWA/PVC/ECC cables per SANS 1507
A110: 28.4.1.1 | D110: (a) 1,5mm² x 3 core ECC | E110: m | F110: 150
A112: 28.4.1.2 | D112: (b) 1,5mm² x 4 core ECC | E112: m | F112: 150
A114: 28.4.1.3 | D114: (c) 2,5mm² x 3 core ECC | E114: m | F114: 200
A116: 28.4.1.4 | D116: (d) 2,5mm² x 4 core ECC | E116: m | F116: 200
A118: 28.4.1.5 | D118: (e) 10mm² x 3 core ECC | E118: m | F118: 225
A120: 28.4.1.6 | D120: (f) 16mm² x 4 core ECC | E120: m | F120: 130
A122: 28.4.1.7 | D122: (g) 16mm² x 3 core ECC | E122: m | F122: 120
A125: TOTAL CARRIED FORWARD TO SUMMARY
A126: TOTAL BROUGHT FORWARD
A128: 28.4.1.8 | D128: (h) 25mm² x 4 core ECC | E128: m | F128: 110
A130: 28.4.1.9 | D130: (i) 35mm² x 4 core ECC | E130: m | F130: 200
A132: 28.4.1.10 | D132: (j) 95mm² x 4 core ECC | E132: m | F132: 80
A134: 28.4.1.11 | D134: (k) 240mm² x 4 core ECC | E134: m | F134: 75
A136: 28.4.2 | D136: Cable Glands : Rates shall include the termination of cables in distribution boards, MCCs , kiosks etc and equipment per supplier recommended termination detail. To include corrosion proof CCG Corruguard glands, shrouds, lugs and cable numbers.
A138: 28.4.2.1 | D138: (a) 1,5mm² x 3 core ECC | E138: No | F138: 50
A140: 28.4.2.2 | D140: (b) 1,5mm² x 4 core ECC | E140: No | F140: 50
A142: 28.4.2.3 | D142: (c) 2,5mm² x 3 core ECC | E142: No | F142: 50
A144: 28.4.2.4 | D144: (d) 2,5mm² x 4 core ECC | E144: No | F144: 20
A146: 28.4.2.5 | D146: (e) 10mm² x 3 core ECC | E146: No | F146: 30
A148: 28.4.2.6 | D148: (f) 16mm² x 4 core ECC | E148: No | F148: 6
A150: 28.4.2.7 | D150: (g) 16mm² x 3 core ECC | E150: No | F150: 16
A152: 28.4.2.8 | D152: (h) 25mm² x 4 core ECC | E152: No | F152: 8
A154: 28.4.2.9 | D154: (i) 35mm² x 4 core ECC | E154: No | F154: 12
A156: 28.4.2.10 | D156: (j) 95mm² x 4 core ECC | E156: No | F156: 2
A158: 28.4.2.11 | D158: (k) 240mm² x 4 core ECC | E158: No | F158: 12
A160: 28.5 | D160: ISOLATORS FOR PLANT, DOSING & OTHER EQUIPMENT
A162: 28.5.1 | D162: Supply, installation and connection of isolator in IP65 slide extension box complete with box
A164: 28.5.1.1 | D164: a) 20 Amp 3 pole Hazardous (Ex Rated) | E164: No. | F164: 4
A166: 28.5.1.2 | D166: b) 30 Amp 3 pole Hazardous (Ex Rated) | E166: No. | F166: 2
A167: TOTAL CARRIED FORWARD TO SUMMARY
A168: TOTAL BROUGHT FORWARD
A170: 28.5.1.3 | D170: c) Stop button + Stand Hazardous (Ex Rated) | E170: No. | F170: 6
A172: 28.5.1.4 | D172: d) 20 Amp 2 pole | E172: No. | F172: 6
A174: 28.5.1.5 | D174: e) 20 Amp 3 pole | E174: No. | F174: 6
A176: 28.5.1.6 | D176: f) 30 Amp 3 pole | E176: No. | F176: 4
A178: 28.5.1.7 | D178: g) Emergency Stop buttons + stands corrosion proof s/steel | E178: No. | F178: 18
A180: 28.5.2 | D180: Make safe , disconnect , remove and deliver to UGU Stores the following :
A182: 28.5.2.1 | D182: a) Existing faulty and light fittings not working | E182: No | F182: 30
A184: 28.5.2.2 | D184: b) Existing plug, isolators or other power points | E184: No | F184: 30
A186: 28.5.2.3 | D186: c) Existing conduit and wiring ( all sizes ) | E186: m | F186: 150
A188: 28.5.2.4 | D188: d ) Cables , cable ends, cable trays etc complete ( all sizes ) | E188: m | F188: 80
A190: 28.5.2.5 | D190: Allow a provisional sum for the Eskom or Municipality power supply upgrade or new supplies to the WWTW site/s ( note that this amount is an estimate only, the final amount will depend on the quote received after the application is made ) | E190: Prov Sum | F190: 1 | G190: 1500000 | H190: =F190*G190 -> 1500000
A192: 28.5.2.5.1 | D192: Allow for profit on the item 28.5.24 | E192: % | F192: =G190 -> 1500000
A194: 28.6 | D194: LIGHTING, SMALL POWER & SOCKET INSTALLATION
...

Sheet 29; E&M Gen
A1: CONTRACT TITLE | C1: REFURBISHMENT AND UPGRADE OF MARGATE STORM-DAMAGED INFRASTRUCTURE, WASTEWATER TREATMENT WORKS AND EFFLUENT MAIN (PHASE 2)
A2: CONTRACT NUMBER | C2: UGU-07-1734-2026
A3: SECTION: | C3: =D5 -> SCHEDULE 29 : E&M STANDBY GENERATORS AND TRANSFORMERS
A4: ITEM NO | B4: LI | C4: PAYMENT | D4: DESCRIPTION | E4: UNIT | F4: QTY | G4: RATE | H4: AMOUNT
D5: SCHEDULE 29 : E&M STANDBY GENERATORS AND TRANSFORMERS
A7: 29.1 | D7: STAND-BY GENERATORS & TRANSFORMER
A9: 29.1.1 | D9: Allow an amount to disconnect, remove, transport to UGU Stores the existing generator in the generator room for Pump Station 4A | E9: Sum | F9: 1
A11: 29.1.2 | D11: Design, supply , deliver to site and offload the following silent type canopy stand-by diesel generators with fuel tank, change over panel and change-over contactors complete as specified :
A13: 29.1.2.1 | D13: a) 650kVA for Margate WWTW ( for all pumps , aerators, clarifiers , blowers , etc ) | E13: Sum | F13: 1
A15: 29.1.2.2 | D15: a) 250kVA for Margate Pump Station 4A ( for all pumps etc ) | E15: Sum | F15: 1
A17: 29.1.2.3 | D17: c) Supply , deliver to site and rig into position the concrete plints for the above 2 no generators | E17: No | F17: 2
A19: 29.1.3 | D19: Offload and rig into positions and connect up the above two( 2) off new generators | E19: Sum | F19: 2
A21: 29.1.4 | D21: Allow an amount of R 45 000,00 for the Engineer to attend the generator FAT ( including Engineer/s time , flights, travel costs etc ) | E21: Sum | F21: 1 | G21: 45000 | H21: =F21*G21 -> 45000
A23: 29.1.5 | D23: Allow for profit and attendance on above item | E23: % | F23: 1
A25: 29.1.6 | D25: Isolate , disconnect , remove and transport the existing 500kVA 400 Volt transformer at the WWTW site to the UGU Stores | E25: Sum | F25: 1
A27: 29.1.7 | D27: Design , manufacture and supply the 630kVA 11kV/0,4kV mini-sub as specified for the WWTW power upgrade | E27: Sum | F27: 1
A29: 29.1.8 | D29: Deliver to the site the transformer supplied above | E29: Sum | F29: 1
A31: 29.1.9 | D31: Off-load and rig into position the above transformer and connect up | E31: Sum | F31: 1
A33: 29.1.10 | D33: Provide 3000 liters of diesel for testing and commissioning of the 2 No generators | E33: litre | F33: 2500
A35: 29.1.11 | D35: Allow an amount to make the application to Eskom to increase the power supply to the site to 630KVA | E35: Sum | F35: 1
A37: 29.1.12 | D37: Allow an amount to disconnect and relocate the existing bulk electricity panel from the old electrical room to a new room to be constructed | E37: Sum | F37: 1
A42: TOTAL CARRIED FORWARD
A43: TOTAL BROUGHT FORWARD
A44: 29.1.13 | D44: Connect up, test and commission the above new transformer | E44: Sum | F44: 1
A46: 29.2 | D46: CABLES
A48: 29.2.1 | D48: Supply Cables PVC/SWA/PVC/ECC cables per SANS 1507
A50: 29.2.1.1 | D50: (a) 1,5mm² x 14 core ECC | E50: m | F50: 80
A52: 29.2.1.2 | D52: (b) 95mm² x 4 core ECC | E52: m | F52: 1
A54: 29.2.1.3 | D54: (c) 240mm² x 4 core ECC | E54: m | F54: 40
A56: 29.2.2 | D56: Installation of above supplied PVC/SWA/PVC/ECC cables per SANS 1507 in ducts , sleeves, cable tray etc
A58: 29.2.2.1 | D58: (a) 1,5mm² x 14 core ECC | E58: m | F58: 80
A60: 29.2.2.2 | D60: (b) 95mm² x 4 core ECC | E60: m | F60: 40
A62: 29.2.2.3 | D62: (c) 240mm² x 4 core ECC | E62: m | F62: 40
A64: 29.2.3 | D64: Cable Glands : Rates shall include the termination of cables in distribution boards, MCCs , kiosks etc and equipment per supplier recommended termination detail. To include corrosion proof CCG Corruguard glands, shrouds, lugs and cable numbers.
A66: 29.2.3.1 | D66: (a) 1,5mm² x 14 core ECC | E66: No | F66: 8
A68: 29.2.3.2 | D68: (f) 95mm² x 4 core ECC | E68: No | F68: 4
A70: 29.2.3.3 | D70: (g) 240mm² x 4 core ECC | E70: No | F70: 8
D72: Trenching etc.
A74: 29.2.4 | C74: SANS1200 DB, PSDB | D74: Trenching 400 wide x 800 deep in pickable to hard ground | E74: m | F74: 40
A76: 29.2.5 | D76: Backfilling of above trenches | E76: m | F76: 40
A78: 29.2.6 | D78: Sleeves and accessories ( supply and install )
A80: 29.2.6.1 | D80: (a) Supply and install cable danger warning tape | E80: m | F80: 40
A82: 29.2.6.2 | D82: (b) Concrete cable markers | E82: No. | F82: 4
A84: 29.2.6.3 | D84: (c) 150Ø uPVC cable sleeves | E84: m | F84: 4
A85: TOTAL CARRIED FORWARD
A86: TOTAL BROUGHT FORWARD
A88: 29.2.6.4 | D88: d) 350W heavy duty cable ladder | E88: m | F88: 12
A90: 29.2.7 | D90: Allow an amount for a generator specialist to set up and test the new generator and integrate controls with the mains power supply for all 2 gen-sets | E90: Sum | F90: 1
A92: 29.2.8 | D92: Allow an amount for a generator specialist to synchronize the two (2) generators with the mains supply | E92: Sum | F92: 1
A94: 29.2.9 | D94: Allow a sum for the O & M manuals for the 2 x generators and step-up transformer as specified | E94: Sum | F94: 1
A96: 29.2.10 | D96: Allow for training of operational and maintenance staff on the operations and maintenance of the 5 x generators and transformer system supplied above complete | E96: Sum | F96: 1
A98: 29.2.11 | D98: Allow a provisional sum of R 40 000,00 for any un-forseen work to be used entiely at the discretion of the Client or Engineer and for the Engineer to attend any unforseen inspections etc | E98: Sum | F98: 1 | G98: 40000 | H98: =F98*G98 -> 40000
A100: 29.2.12 | D100: Allow for profit and attendance on the above provisional sum | E100: %
A102: 29.2.13 | D102: Allow for all notices , safety signage etc complete for the 2 x generators and transformer | E102: Sum | F102: 1
A104: 29.2.14 | D104: Any other item the tenderer considers has been omitted and which requires pricing as separate items.
A106: 29.2.14.1 | D106: i)
A108: 29.2.14.2 | D108: ii)
A119: TOTAL CARRIED FORWARD TO SUMMARY

Sheet 30; E&M Site
A1: CONTRACT TITLE | C1: REFURBISHMENT AND UPGRADE OF MARGATE STORM-DAMAGED INFRASTRUCTURE, WASTEWATER TREATMENT WORKS AND EFFLUENT MAIN (PHASE 2)
A2: CONTRACT NUMBER | C2: UGU-07-1734-2026
A3: SECTION: | C3: =D5 -> SCHEDULE 30 : ELECTRICAL SITE LIGHTING, GENERAL & PROV SUMS
A4: ITEM NO | B4: LI | C4: PAYMENT | D4: DESCRIPTION | E4: UNIT | F4: QTY | G4: RATE | H4: AMOUNT
A5: 30 | D5: SCHEDULE 30 : ELECTRICAL SITE LIGHTING, GENERAL & PROV SUMS
A7: 30.1 | D7: STREETLIGHTING
A9: 30.1.1 | D9: ( Fed off 10kWp solar system )
A11: 30.1.2 | D11: Supply light fittings / luminaries and poles as specified with lamps ( refer to project specification for details )
A13: 30.1.3 | D13: All lights by TLF Lighting
A15: 30.1.4 | D15: a) Type E - 100W LED streetlights with photocell by TLF/Beka with mounting pole brackets | E15: No. | F15: 16
A17: 30.1.5 | D17: b) Type F - 9,5m galvanised poles | E17: No. | F17: 24
A19: 30.1.6 | D19: c) Type G - 9,5m galvanised poles with back to back bracket | E19: No. | F19: 24
A21: 30.1.7 | D21: d) Type H - 60W LED 230V streetlight by TLF/Beka | E21: No. | F21: 4
A23: 30.1.8 | D23: Install and connect the light fittings and poles supplied above.
A25: 30.1.9 | D25: a) Type E - 100W LED streetlights with photocell by TLF/Beka with mounting pole brackets | E25: No. | F25: 16
A27: 30.1.10 | D27: b) Type F - 9,5m galvanised poles | E27: No. | F27: 24
A29: 30.1.11 | D29: c) Type G - 9,5m galvanised poles with back to back bracket | E29: No. | F29: 24
A31: 30.1.12 | D31: d) Type H - 60W LED 230V streetlight by TLF/Beka | E31: No. | F31: 4
A33: 30.2 | D33: HIGH MAST LIGHTING
A35: 30.2.1 | D35: a) Allow a provisional sum for upgrade of the existing high mast or site lighting system | E35: Prov Sum | F35: 1 | G35: 2000000 | H35: =F35*G35 -> 2000000
A37: 30.2.2 | D37: b) Allow a % for mark-up on 30.2.1 and attendance on above provisional sum item | E37: % | F37: =H35 -> 2000000
D39: OTHER
A42: TOTAL CARRIED FORWARD
A43: TOTAL BROUGHT FORWARD
A44: 30.2.3 | D44: Allow a provisional sum of R 350 000,00 for any unforseen work or items requiring attention, which amounts are to be used by the discretion of the Client and Engineer only | E44: Prov Sum | F44: 1
A46: 30.2.4 | D46: Allow percentage mark-up on 30.2.4 and attendance on above provisional sum amount | E46: % | F46: 1
A48: 30.2.5 | D48: Supply and install 20Amp TP CB in MCCs for supply to streelights and connect to busbars etc | E48: No | F48: 4
A50: 30.2.6 | D50: Supply and install CCG or similar weatherproof junction boxes with terminals | E50: No | F50: 20
A52: 30.2.7 | D52: Test and commission the entire streetlights system and submit the electrical certificate of compliance | E52: Sum | F52: 1
A54: 30.2.8 | D54: Provide O & M manuals for the streetlights and electrical installation . | E54: Sum | F54: 1
A56: 30.2.9 | D56: Provide for all streetlight notices, safety signage etc complete | E56: Sum | F56: 1
A58: 30.2.10 | D58: Any other item the tenderer considers has been omitted and which requires pricing as separate items.
A60: 30.2.11 | D60: i)
A62: 30.2.12 | D62: ii)
A83: TOTAL CARRIED FORWARD

Sheet 31 PC Sums
A1: CONTRACT TITLE: | C1: REFURBISHMENT AND UPGRADE OF MARGATE STORM-DAMAGED INFRASTRUCTURE, WASTEWATER TREATMENT WORKS AND EFFLUENT MAIN (PHASE 2)
A2: CONTRACT NUMBER | C2: UGU-07-1734-2026
A3: ='7. Swr HH Conn'!A3 -> SECTION: | C3: =D5 -> SCHEDULE 31: PROVISIONAL ITEMS
A4: ITEM NO | B4: LI | C4: PAYMENT | D4: DESCRIPTION | E4: UNIT | F4: QTY | G4: RATE | H4: AMOUNT
A5: 31 | C5: SANS 1200A | D5: SCHEDULE 31: PROVISIONAL ITEMS
D7: DAYWORKS
A9: 31.1 | C9: PS A 8.7 | D9: LABOUR
D11: Supervision, transport etc. to be included in P&G allowance. Any other allowance to be included in the rate.
A13: 31.1.1 | D13: a) Unskilled Labour | E13: hr | F13: 200
A15: 31.1.2 | D15: b) Semi-skilled Labour | E15: hr | F15: 200
A17: 31.1.3 | D17: c) Plumber | E17: hr | F17: 200
A19: 31.1.4 | D19: d) Ganger | E19: hr | F19: 200
A21: 31.1.5 | D21: e) Electrician | E21: hr | F21: 200
A23: 31.1.6 | D23: f) Foreman | E23: hr | F23: 200
A25: 31.2 | D25: PLANT
A27: 31.2.1 | D27: a) Grader (CAT 140G or Similar). | E27: hr | F27: 150
A29: 31.2.1 | D29: b) Track Excavator (CAT 235 or similar). | E29: hr | F29: 150
A31: 31.2.2 | D31: c) Vibratory Roller (BOMAG 212 or Similar). | E31: hr | F31: 150
A33: 31.2.3 | D33: d) Pedestrian Roller(Bomag BW 90 or Similar) | E33: hr | F33: 150
A35: 31.2.4 | D35: e) Water Truck(5000litres) | E35: hr | F35: 150
A37: 31.2.5 | D37: h) Dewatering pump including generator and accessories (50mm pump, 600 l/m) | E37: hr | F37: 150
A39: 31.2.6 | D39: i) Water Truck(5000litres) | E39: hr | F39: 150
A41: 31.2.7 | D41: j) Tipper Truck(10m³) | E41: hr | F41: 150
A43: 31.2.8 | D43: k) Backhoe TLB (CAT 428 or equivalent). | E43: hr | F43: 150
A45: 31.2.9 | D45: l) Dewatering pump including generator and accessories (50mm pump, 600 l/m) | E45: hr | F45: 150
A47: 31.3 | D47: MATERIAL
A49: 31.3.1 | D49: Actual cost of materials delivered to site inclusive of transport charges. (supporting invoices to be supplied) | E49: Prov Sum | F49: 1 | G49: 1500000 | H49: =F49*G49 -> 1500000
A51: 31.3.2 | D51: Percentage adjustment to item 31.3.1 for materials | E51: % | F51: =H49 -> 1500000
A52: TOTAL CARRIED FORWARD
A53: TOTAL BROUGHT FORWARD
A55: 31.4 | C55: PS A 8.5. (a) 1 | D55: COMMUNITY LIAISON OFFICER
A57: 31.4.1 | C57: PS A 8.5. (a) 1 | D57: Allowance for CLO reimbursement. | E57: Prov Sum | F57: 1 | G57: 180000 | H57: =F57*G57 -> 180000
A59: 31.4.2 | C59: PS A 8.5(a) 2 | D59: PSC Meetings Attendance | E59: Prov Sum | F59: 1 | G59: 60000 | H59: =F59*G59 -> 60000
A61: 31.4.3 | C61: PS A 8.5(a) 3 | D61: Contractor's markup on item 31.4.1 & 31.4.2 | E61: % | F61: =H59+H57 -> 240000
A63: 31.5 | D63: STUDENT IN-SERVICE TRAINING
A65: 31.5.1 | D65: Allowance for one Student in-service Training as provided by Client | E65: Prov Sum | F65: 1 | G65: 270000 | H65: =F65*G65 -> 270000
A67: 31.5.2 | D67: Contractor's markup on item 31.5.1 | E67: % | F67: =H65 -> 270000
A69: 31.6 | D69: ENVIRONMENTAL CONTROL OFFICER
A71: 31.6.1 | D71: Allowance for provision of an Environmental control officer (ECO) | E71: Prov Sum | F71: 1 | G71: 450000 | H71: =F71*G71 -> 450000
A73: 31.6.2 | D73: Contractor's markup on item 31.6.1 | E73: % | F73: =H71 -> 450000
A75: 31.7 | D75: OCCUPATIONAL HEALTH AND SAFETY
A77: 31.7.1 | D77: Allowance for provision of an Occupational Health and Safety Officer (OHSO) | E77: Prov Sum | F77: 1 | G77: 360000 | H77: =F77*G77 -> 360000
A79: 31.7.2 | D79: Contractor's markup on item 31.7.1 | E79: % | F79: =H77 -> 360000
A81: 31.7.3 | D81: Allowance for provision of an Occupational Health and Safety Auditor | E81: Prov Sum | F81: 1 | G81: 270000 | H81: =F81*G81 -> 270000
A83: 31.7.4 | D83: Contractor's markup on item 31.7.3 | E83: % | F83: =H81 -> 270000
A85: 31.8 | D85: SOCIAL FACILITATOR
A87: 31.8.1 | D87: Allowance for provision of a Social Facilitator | E87: Prov Sum | F87: 1 | G87: 450000 | H87: =F87*G87 -> 450000
A89: 31.8.2 | D89: Contractor's markup on item 31.8.1 | E89: % | F89: =H87 -> 450000
A91: 31.9 | D91: PROVISION FOR EPWP
A93: 31.9.1 | D93: Extra over sub-item for branding of EPWP PPE | E93: Sum | F93: 1 | G93: 50000 | H93: =F93*G93 -> 50000
A95: 31.10 | D95: PROVISION FOR TRAINING
A97: 31.10.1 | D97: General Skills Training | E97: Person days of Training | F97: 30
A99: 31.10.2 | C99: PS A 8.5 (b) 1 | D99: Allowance for CEITS skills training of local labour | E99: Prov. Sum | F99: 1 | G99: 800000 | H99: =F99*G99 -> 800000
A100: TOTAL CARRIED FORWARD
A101: TOTAL BROUGHT FORWARD
A102: 31.10.3 | C102: PS A 8.5 (b) 2 | D102: Handling cost and profit in respect of sub-item 31.10.1 & 31.10.2 above. | E102: % | F102: =H99 -> 800000
A104: 31.10.4 | D104: Training Venue (only if required) | E104: Sum | F104: 1
A106: 31.10.5 | D106: Transport and accomodation of workers for training where it is not possible to undertake the training in close proximity to the site. (provisional sum) | E106: Prov Sum | F106: 1 | G106: 10000 | H106: =F106*G106 -> 10000
A108: 31.10.6 | D108: Handling cost and profit in respect of sub-item 31.10.5 above. | E108: % | F108: =H106 -> 10000
A110: 31.11 | D110: EXISTING SERVICES
A112: 31.11.1 | C112: PS A 8.5 | D112: Allow for detection, and re-routing of existing services | E112: Prov Sum | F112: 1 | G112: 750000 | H112: =F112*G112 -> 750000
A114: 31.11.2 | C114: PS A 8.5 (c) 2 | D114: Handling cost and profit in respect of sub-item 31.11.1 above. | E114: % | F114: =H112 -> 750000
A116: 31.12 | D116: SECURITY
A118: 31.12.1 | C118: PS A 8.5 | D118: Allow for CCTV camera istallation and other related Security Infrastructure | E118: Prov Sum | F118: 1 | G118: 750000 | H118: =F118*G118 -> 750000
A120: 31.12.2 | C120: PS A 8.5 (c) 2 | D120: Handling cost and profit in respect of sub-item 31.12.1 above. | E120: % | F120: =H118 -> 750000
A122: 31.13 | D122: CPG ALLOWANCE
A124: 31.13.1 | D124: Provide the Provisional Sum to pay for "Enterprise Development Support" of targeted sub-contractors, on an adhoc basis at the sole discretion of the Client. | E124: Prov Sum | F124: 1 | G124: 1500000 | H124: =F124*G124 -> 1500000
A126: 31.13.2 | D126: Handling cost and profit in respect of sub-item 31.13.1 above. | E126: % | F126: =H124 -> 1500000
A128: 31.14 | D128: GENERAL
D130: Tenderer to insert below any items which he wishes specifically to include under the Preliminary and General Section
A132: 31.14.1 | D132: a)
A134: 31.14.2 | D134: b)
A136: 31.14.3 | D136: Topographic Survey | E136: ProvSum | F136: 1 | G136: 150000 | H136: =F136*G136 -> 150000
A138: 31.14.4 | D138: Handling cost and profit in respect of sub-item 31.14.3 above. | E138: % | F138: =H136 -> 150000
A140: 31.14.5 | D140: Geotechnical lnvestigation | E140: ProvSum | F140: 1 | G140: 150000 | H140: =F140*G140 -> 150000
A142: 31.14.6 | D142: Handling cost and profit in respect of sub-item 31.14.5 above. | E142: % | F142: =H140 -> 150000
A143: TOTAL CARRIED FORWARD TO SUMMARY

Sheet 32. Ext 3A
A1: CONTRACT TITLE: | C1: REFURBISHMENT OF MARGATE WASTEWATER TREATMENT WORKS AND SEWER NETWORK (PHASE 2)
A2: CONTRACT NUMBER | C2: UGU-07-1734-2026
A3: SECTION: | C3: =D5 -> SCHEDULE 32: EXTENSION 3A PUMPSTATION
A4: ITEM NO | B4: LI | C4: PAYMENT | D4: DESCRIPTION | E4: UNIT | F4: QTY | G4: RATE | H4: AMOUNT
D5: SCHEDULE 32: EXTENSION 3A PUMPSTATION
A7: 32.1 | C7: SANS 1200D | D7: EARTHWORKS
A9: 32.2 | D9: BULK EXCAVATION
A11: 32.3 | C11: 8.3.2 | D11: Excavate in all material and transport to crusher or spoil. Contractor to crush & grade rock material at crusher site for re-use
A13: 32.4 | D13: 1) To form terraces | E13: m³ | F13: 221
A15: 32.5 | D15: 2) For structures below terrace level | E15: m³ | F15: 861
A17: 32.6 | D17: Restricted excavation
A19: 32.7 | D19: 1) For foundations | E19: m³ | F19: 7
A21: 32.8 | D21: 2) For pipes coming from under structures, up to 3 m deep and 1 m wide | E21: m³ | F21: 10
A23: 32.9 | D23: 3) For outlet canal | E23: m³ | F23: 10
A25: 32.10 | D25: 4) For column footings | E25: m³ | F25: 30
D27: Extra over for excavating in:
A29: 32.11 | D29: Intermediate material | E29: m³ | F29: 432
A31: 32.12 | D31: Hard material using chemical rock breaking or pecker to prevent damage to existing structures | E31: m³ | F31: 220
A33: 32.13 | D33: Hard material using controlled blasting | E33: m³ | F33: 220
A38: TOTAL CARRIED FORWARD
A39: TOTAL BROUGHT FORWARD
A40: 32.14 | D40: Import material for backfilling in over break areas
A42: 32.14.1 | D42: Import G5 material for backfill | E42: m³ | F42: 525
A44: 32.14.2 | D44: Backfill & compact in layers with G5 material | E44: m³ | F44: 525
A46: 32.14.3 | D46: Mix G5 material with 5% cement and backfill & compact in layers | E46: m³ | F46: 130
A48: 32.14.4 | D48: Cement for soilcrete where indicated by employers agent | E48: t | F48: 22
A50: 32.15 | D50: Import material for foundation bedding layers
A52: 32.15.1 | D52: 75mm No-fines concrete layer beneath tank floor panels (including placing and compaction) | E52: m³ | F52: 38
A54: 32.15.2 | D54: 500mm Upper stabilised G7 sub-base layer compacted to 95% MOD AASHTO | E54: m³ | F54: 50
A56: 32.15.3 | D56: 500mm Lower stabilised G7 sub-base layer compacted to 93% MOD AASHTO | E56: m³ | F56: 50
A93: TOTAL CARRIED FORWARD
A94: TOTAL BROUGHT FORWARD
A97: 32.16 | C97: SANS1200 GA | D97: CONCRETE
A99: 32.16.1 | C99: PSG8.1.1 | D99: FORMWORK
C101: 8.2.1 | D101: Rough:
A103: 32.16.1.1 | D103: a) Vertical plane walls | E103: m² | F103: 150
C105: 8.2.2 | D105: Smooth:
A107: 32.16.1.2 | D107: a) Vertical to wall and roof | E107: m² | F107: 872
A109: 32.16.1.3 | D109: b) Roof support shattering | E109: m² | F109: 260
A111: 32.16.1.4 | D111: c) Smooth formwork to walls supporting pipes | E111: m² | F111: 50
A113: 32.16.1.5 | D113: d) Smooth formwork for pump plinths and floor slab | E113: m² | F113: 2
A115: 32.16.1.6 | D115: e) Smooth formwork for drains | E115: m² | F115: 50
A117: 32.16.1.7 | D117: f) Narrow widths (up to 300 mm wide): | E117: m² | F117: 26
A119: 32.16.2 | C119: PSG8.1.2.2 & 8.1.2.3 | D119: REINFORCEMENT
C121: 8.3.1 | D121: Mild steel bars:
A123: 32.16.2.1 | D123: a) R 10 | E123: t | F123: 0.1
C125: 8.3.2 | D125: High-tensile steel bars:
A127: 32.16.2.2 | D127: a) Y10 | E127: t | F127: 4.5
A129: 32.16.2.3 | D129: b) Y12 | E129: t | F129: 18
A131: 32.16.2.4 | D131: c) Y16 | E131: t | F131: 18
A133: 32.16.2.5 | D133: d) Y20 | E133: t | F133: 4.5
C135: 8.3.2 | D135: High-tensile welded mesh of:
A137: 32.16.2.6 | D137: a) Ref 193 | E137: m² | F137: 89
A139: 32.16.2.7 | D139: b) Ref 245 | E139: m² | F139: 89
A141: 32.16.2.8 | D141: c) Ref 395 | E141: m² | F141: 45
A143: TOTAL CARRIED FORWARD
A144: TOTAL BROUGHT FORWARD
A146: 32.16.3 | C146: 8.4 & PSG8.1.3 | D146: CONCRETE
A148: 32.16.3.1 | C148: 8.4.2 | D148: Strength concrete, Class 15/19 concrete, blinding layer 75mm thick | E148: m² | F148: 10
C150: 8.4.3 | D150: Strength concrete
D152: a) Class 20/19 for:
A154: 32.16.3.2 | D154: i) Aprons and drains | E154: m³ | F154: 30
A156: 32.16.3.3 | D156: ii) Blinding | E156: m³ | F156: 10
D158: b) Class 25/19 for:
A160: 32.16.3.4 | D160: i) Surface Slabs | E160: m³ | F160: 44
A162: 32.16.3.5 | D162: ii) Roof slab | E162: m³ | F162: 53
A164: 32.16.3.6 | D164: iii) Foundation footings | E164: m³ | F164: 33
A166: 32.16.3.7 | D166: iv) Foundation | E166: m³ | F166: 25
D168: c) Class 30/19 for:
A170: 32.16.3.8 | D170: i) Walls | E170: m³ | F170: 200
A172: 32.16.3.9 | D172: ii) Floor slab | E172: m³ | F172: 24
A174: 32.16.3.10 | D174: iii) Beams | E174: m³ | F174: 37
D176: d) Class 35/19 for:
A178: 32.16.3.11 | D178: i) Slabs | E178: m³ | F178: 50
C180: PSG8.4.4 | D180: Unformed surface finishes:
C182: 8.4.4 (a) | D182: a) Wood-floated finish
A184: 32.16.3.12 | D184: i) Footings and foundation | E184: m² | F184: 34
C186: 8.4.4 (b) | D186: b) Steel-floated finish
A188: 32.16.3.13 | D188: i) Floor | E188: m² | F188: 10
A190: 32.16.3.14 | D190: ii) Beams | E190: m² | F190: 34
A192: 32.16.3.15 | D192: iii) Roof | E192: m² | F192: 10
A194: TOTAL CARRIED FORWARD
A195: TOTAL BROUGHT FORWARD
D197: Steel float finish to concrete pump bases.
A199: 32.16.3.16 | D199: a) Steel float finish to concrete channel. | E199: m | F199: 63
A201: 32.16.3.17 | D201: b) Power float finish to pump house floor slab | E201: m² | F201: 133
A203: 32.16.3.18 | D203: c) Steel float to wall narrow widths | E203: m | F203: 25
A205: 32.16.3.19 | D205: d) Wood float to concrete apron and verandah area | E205: m² | F205: 17
A207: 32.16.3.20 | D207: e) Wood float to concrete roof slab | E207: m² | F207: 265
A209: 32.16.3.21 | D209: f) Wood float finish to concrete piers | E209: m² | F209: 20
A211: 32.16.4 | C211: PSG8.5 | D211: JOINTS
A213: 32.16.4.1 | D213: a) Two parts grey polysulphide sealant in floor/plinth joint 10mm x 10mm including 13mm bituminous impregnated softboard up to 200mm deep | E213: m | F213: 23
A215: 32.16.4.2 | C215: PSG8.12 | D215: b) Construction joint to include 10mm thick jointex with 10x 10mm tear off strip and 10 x 10mm approved sealant with polyethelene bond break backing tape, along concrete apron & verandah. | E215: m | F215: 66
A217: 32.16.4.3 | D217: c) Saw cut joint 3mm x 35mm cleaned out with compressed air and filled with backing chord & 6mm x6mm polysulphide sealer | E217: m | F217: 80
A219: 32.16.4.4 | D219: d) Slip joint beween wall and roof slab, two layers tempered hardboard smooth faces together and graphite greased | E219: m | F219: 42
C221: PSG8.9 | D221: Casting items in concrete:
A223: 32.16.4.5 | D223: a) Up to 300 mm nominal bore in up to 300 mm thick concrete | E223: No | F223: 18
A225: 32.16.4.6 | D225: b) Over 300 mm up to 600 mm nominal bore in up to 300 mm thick concrete | E225: No | F225: 2
A229: TOTAL CARRIED FORWARD
A230: TOTAL BROUGHT FORWARD
...

Sheet BoQ SUMMARY
A1: CONTRACT TITLE | B1: REFURBISHMENT OF MARGATE WASTEWATER TREATMENT WORKS AND SEWER NETWORK (PHASE 2)
A2: CONTRACT NUMBER
A3: SUMMARY OF SECTIONS
A4: SECTION | B4: DESCRIPTION | C4: AMOUNT (R)
A5: 1 | B5: ='[68]1; P&G '!C3 -> SCHEDULE 1: GENERAL
A6: 2 | B6: ='[68]2. Ertwrks(Pipe)'!D5 -> SCHEDULE 2: EARTHWORKS (PIPE TRENCHES)
A7: 3 | B7: ='[68]3; BED'!D5 -> SCHEDULE 3: BEDDING (PIPES)
A8: 4 | B8: ='[68]4. SEWER'!D5 -> SCHEDULE 4: SEWERS
A9: 5 | B9: ='[68]5; Gabions'!C3 -> SCHEDULE 5: GABIONS AND PITCHING
A10: 6 | B10: ='[68]6. Jack'!C3 -> SCHEDULE 6: PIPE JACKING
A11: 7 | B11: ='[68]7. Swr HH Conn'!D5 -> SCHEDULE 7: SEWER HOUSEHOLD CONNECTIONS
A12: 8 | B12: ='[68]8; Aeration'!C3 -> SCHEDULE 8: AREATION BASIN
A13: 9 | B13: ='[68]9; Upper inlet'!C3 -> SCHEDULE 9: UPPER INLET
A14: 10 | B14: ='[68]10; Lower inlet'!C3 -> SCHEDULE 10: LOWER INLET
A15: 11 | B15: ='[68]11; Pipes WWTW'!C3 -> SCHEDULE 11: MEDIUM PRESSURE PIPELINES
A16: 12 | B16: ='[68]12; Ertwrks WWTW'!C3 -> SCHEDULE 12: EARTHWORKS (PIPE TRENCHES)
A17: 13 | B17: ='[68]13; Bed WWTW'!C3 -> SCHEDULE 13: BEDDING (PIPES)
A18: 14 | B18: ='[68]14. SST Ertwrks'!D5 -> SCHEDULE 14: SECONDARY SEDIMENTATION TANKS
A19: 15 | B19: ='[68]15. SST Concr'!C3 -> SCHEDULE 15: CONCRETE STRUCTURAL
A20: 16 | B20: ='[68]16 SST Steel'!C3 -> SCHEDULE 16: SST STRUCTURAL STEELWORK
A21: 17 | B21: ='[68]17 SST MPP'!C3 -> SCHEDULE 17: SST MEDIUM PRESSURE PIPE LINES
A22: 18 | B22: ='[68]18 Road&Prkg'!C3 -> SCHEDULE 18: ACCESS ROAD AND PARKING | E22: SCHEDULE 32: EXTENSION 3A PUMPSTATION
A23: 19 | B23: ='[68]19; Conc'!C3 -> SCHEDULE 19: CONCRETE
A24: 20 | B24: ='[68]20; SuperStr'!C3 -> SCHEDULE 20: SUPERSTRUCTURE
A25: 21 | B25: ='[68]21; RAS & WAS'!C3 -> SCHEDULE 21: RETURN ACTIVATED SLUDGE PUMPSTATION
A26: 22 | B26: ='[68]22 Bldg Ref'!C3 -> SCHEDULE 22: BUILDING REFURBISHMENT
A27: 23 | B27: ='[68]23 Bndry Wall'!C3 -> SCHEDULE 23: BOUNDARY WALL
A28: 24 | B28: ='[68]24 Dewater'!C3 -> SECTION 24: DEWATERING PRESS
A29: 25 | B29: ='[68]25; BLOWER'!C3 -> SCHEDULE 25: BLOWER ROOM
A30: 26 | B30: ='[68]26;RET WALL'!C3 -> SCHEDULE 26: RETAINING WALL
A31: 27 | B31: ='[68]27; CL2'!C3 -> SCHEDULE 27: CHLORINE DOSING
A32: 28 | B32: ='[68]28 E&I WWTW'!D5 -> SCHEDULE 28 : WWTW ELECTRICAL AND INSTRUMENTATION
A33: 29 | B33: ='[68]29; E&M Gen'!D5 -> SCHEDULE 29 : E&M STANDBY GENERATORS AND TRANSFORMERS
A34: 30 | B34: ='[68]30; E&M Site'!D5 -> SCHEDULE 30 : ELECTRICAL SITE LIGHTING, GENERAL & PROV SUMS
A35: 31 | B35: ='[68]31 PC Sums'!D5 -> SCHEDULE 31: PROVISIONAL ITEMS
A36: 32 | B36: ='32. Ext 3A'!D5 -> SCHEDULE 32: EXTENSION 3A PUMPSTATION
B38: SUBTOTAL 1
B40: CONTINGENCIES @ 10%
B42: SUBTOTAL 2
B44: ESCALATION @ 10%
B46: SUB-TOTAL 2
B48: Add 15% VAT
B50: TOTAL CONSTRUCTION AMOUNT

Sheet Sheet3

Sheet SUMMARY
A1: CONTRACT TITLE | B1: REFURBISHMENT OF MARGATE WASTEWATER TREATMENT WORKS AND SEWER NETWORK (PHASE 2)
A2: CONTRACT NUMBER
A3: SUMMARY OF SECTIONS
A4: SECTION | B4: DESCRIPTION | C4: AMOUNT (R)
A5: 1 | B5: ='1; P&G '!C3 -> SCHEDULE 1: GENERAL | C5: ='1; P&G '!H188 -> 0 | D5: P&Gs | E5: =0.1*SUM(C6:C35) -> 0 | F5: =C6+#REF! -> #REF! | K5: SCHEDULE 7: SEWER HOUSEHOLD CONNECTIONS
A6: 2 | B6: ='2. Ertwrks(Pipe)'!D5 -> SCHEDULE 2: EARTHWORKS (PIPE TRENCHES) | C6: ='2. Ertwrks(Pipe)'!H270 -> 0 | D6: Actual | E6: =(C6+#REF!)/SUM(C10:C22) -> #REF! | F6: =C6+#REF!-F7 -> #REF!
A7: 3 | B7: ='3; BED'!D5 -> SCHEDULE 3: BEDDING (PIPES) | C7: ='3; BED'!H46 -> 0 | D7: Required | E7: 0.15 | F7: =SUM(C6:C32)*E7 -> 0
A8: 4 | B8: ='4. SEWER'!D5 -> SCHEDULE 4: SEWERS | C8: ='4. SEWER'!H93 -> 0
A9: 5 | B9: ='5; Gabions'!C3 -> SCHEDULE 5: GABIONS AND PITCHING | C9: ='5; Gabions'!H37 -> 0
A10: 6 | B10: ='6. Jack'!C3 -> SCHEDULE 6: PIPE JACKING | C10: ='6. Jack'!H95 -> 0 | E10: =SUM(C10:C33) -> 0
A11: 7 | B11: ='7. Swr HH Conn'!D5 -> SCHEDULE 7: SEWER HOUSEHOLD CONNECTIONS | C11: ='7. Swr HH Conn'!H256 -> 0
A12: 8 | B12: ='8; Aeration'!C3 -> SCHEDULE 8: AREATION BASIN | C12: ='8; Aeration'!H107 -> 0 | E12: =E7*E10 -> 0
A13: 9 | B13: ='9; Upper inlet'!C3 -> SCHEDULE 9: UPPER INLET | C13: ='9; Upper inlet'!H102 -> 0
A14: 10 | B14: ='10; Lower inlet'!C3 -> SCHEDULE 10: LOWER INLET | C14: ='10; Lower inlet'!H38 -> 0
A15: 11 | B15: ='11; Pipes WWTW'!C3 -> SCHEDULE 11: MEDIUM PRESSURE PIPELINES | C15: ='11; Pipes WWTW'!H79 -> 0
A16: 12 | B16: ='12; Ertwrks WWTW'!C3 -> SCHEDULE 12: EARTHWORKS (PIPE TRENCHES) | C16: ='12; Ertwrks WWTW'!H83 -> 0
A17: 13 | B17: ='13; Bed WWTW'!C3 -> SCHEDULE 13: BEDDING (PIPES) | C17: ='13; Bed WWTW'!H46 -> 0 | D17: Project Budget | E17: =(222118395.82-4336776.83-21683884.14)*1.15 -> 2.255124e+08
A18: 14 | B18: ='14. SST Ertwrks'!D5 -> SCHEDULE 14: SECONDARY SEDIMENTATION TANKS | C18: ='14. SST Ertwrks'!H100 -> 0 | O18: SCHEDULE 31: PROVISIONAL ITEMS
A19: 15 | B19: ='15. SST Concr'!C3 -> SCHEDULE 15: CONCRETE STRUCTURAL | C19: ='15. SST Concr'!H260 -> 0 | D19: Available | E19: =E17-C49 -> 2.255124e+08
A20: 16 | B20: ='16 SST Steel'!C3 -> SCHEDULE 16: SST STRUCTURAL STEELWORK | C20: ='16 SST Steel'!H72 -> 0
A21: 17 | B21: ='17 SST MPP'!C3 -> SCHEDULE 17: SST MEDIUM PRESSURE PIPE LINES | C21: ='17 SST MPP'!H95 -> 0
A22: 18 | B22: ='18 Road&Prkg'!C3 -> SCHEDULE 18: ACCESS ROAD AND PARKING | C22: ='18 Road&Prkg'!H613 -> 0
A23: 19 | B23: ='19; Conc'!C3 -> SCHEDULE 19: CONCRETE | C23: ='19; Conc'!H166 -> 0
A24: 20 | B24: ='20; SuperStr'!C3 -> SCHEDULE 20: SUPERSTRUCTURE | C24: ='20; SuperStr'!H88 -> 0
A25: 21 | B25: ='21; RAS & WAS'!C3 -> SCHEDULE 21: RETURN ACTIVATED SLUDGE PUMPSTATION | C25: ='21; RAS & WAS'!H152 -> 0
A26: 22 | B26: ='22 Bldg Ref'!C3 -> SCHEDULE 22: BUILDING REFURBISHMENT | C26: ='22 Bldg Ref'!H529 -> 0
A27: 23 | B27: ='23 Bndry Wall'!C3 -> SCHEDULE 23: BOUNDARY WALL | C27: ='23 Bndry Wall'!H121 -> 0
A28: 24 | B28: ='24 Dewater'!C3 -> SECTION 24: DEWATERING PRESS | C28: ='24 Dewater'!H93 -> 0
A29: 25 | B29: ='25; BLOWER'!C3 -> SCHEDULE 25: BLOWER ROOM | C29: ='25; BLOWER'!H116 -> 0
A30: 26 | B30: ='26;RET WALL'!C3 -> SCHEDULE 26: RETAINING WALL | C30: ='26;RET WALL'!H42 -> 0
A31: 27 | B31: ='27; CL2'!C3 -> SCHEDULE 27: CHLORINE DOSING | C31: ='27; CL2'!H125 -> 0
A32: 28 | B32: ='28 E&I WWTW'!D5 -> SCHEDULE 28 : WWTW ELECTRICAL AND INSTRUMENTATION | C32: ='28 E&I WWTW'!H481 -> 0
A33: 29 | B33: ='29; E&M Gen'!D5 -> SCHEDULE 29 : E&M STANDBY GENERATORS AND TRANSFORMERS | C33: ='29; E&M Gen'!H119 -> 0
A34: 30 | B34: ='30; E&M Site'!D5 -> SCHEDULE 30 : ELECTRICAL SITE LIGHTING, GENERAL & PROV SUMS | C34: ='30; E&M Site'!H83 -> 0
A35: 31 | B35: ='31 PC Sums'!D5 -> SCHEDULE 31: PROVISIONAL ITEMS | C35: ='31 PC Sums'!H143 -> 0
B37: SUBTOTAL 1 | C37: =SUM(C5:C35) -> 0
B39: CONTINGENCIES @ 10% | C39: =C37*0.1 -> 0
B41: SUBTOTAL 2 | C41: =C37+C39 -> 0
B43: ESCALATION @ 8% | C43: =C41*0.08 -> 0
B45: SUB-TOTAL 2 | C45: =C41+C43 -> 0
B47: Add 15% VAT | C47: =C45*0.15 -> 0
B49: TOTAL CONSTRUCTION AMOUNT | C49: =C45+C47 -> 0

Sheet Parking
A1: Stormwater | G1: Roadworks
A2: Excavation | C2: Stormwater Pipelines | G2: Roads | H2: Length | I2: Width | J2: Working space | K2: Area
A3: Dia. | B3: Total | C3: 0.45 | D3: 0.6 | E3: 0.75 | H3: 30 | I3: 19.6 | J3: =I3+1.2 -> 20.8 | K3: =(H3*J3)+L3 -> 679 | L3: =5*11 -> 55
A4: Length | B4: =C4+D4 -> 51 | C4: 0 | D4: 51 | E4: 0
A5: Width | C5: =C3+0.6 -> 1.05 | D5: =D3+0.6 -> 1.2 | E5: =E3+0.6 -> 1.35 | G5: Layerworks | J5: R&R | K5: G9 | L5: G7 | M5: G5 | N5: C4 (from a G5) | O5: Asphalt | P5: Prime or Tack
A6: Depth | C6: =1.2+C3 -> 1.65 | D6: =1.2+D3 -> 1.8 | E6: =1.2+E3 -> 1.95 | G6: =G3 -> 0 | H6: Width | J6: =K6+2*J7 -> 21 | K6: =L6+2*K7 -> 20.7 | L6: =M6+2*L7 -> 20.4 | M6: =N6+2*M7 -> 20.1 | N6: =O6+2*N7 -> 20.1 | O6: =P6 -> 19.6 | P6: =I3 -> 19.6
A7: Excavation | B7: =SUM(C7:E7) -> 110.16 | C7: =C4*C5*C6 -> 0 | D7: =D4*D5*D6 -> 110.16 | E7: =E4*E5*E6 -> 0 | H7: Depth | J7: 0.15 | K7: 0.15 | L7: 0.15 | M7: 0 | N7: 0.25 | O7: 0.03
A8: Bedding | H8: Total | J8: =J6*J7*$H$3 -> 94.5 | K8: =K6*K7*$H$3 -> 93.15 | L8: =L6*L7*$H$3 -> 91.8 | M8: =M6*M7*$H$3 -> 0 | N8: =N6*N7*$H$3 -> 150.75 | O8: =O6*O7*$H$3 -> 17.64
A9: Depth | C9: =C3/2+0.1 -> 0.325 | D9: =D3/2+0.1 -> 0.4 | E9: =E3/2+0.1 -> 0.475 | H9: TOTAL | J9: =J8 -> 94.5 | K9: =K8 -> 93.15 | L9: =L8 -> 91.8 | M9: =M8 -> 0 | N9: =N8 -> 150.75 | O9: =O8 -> 17.64
A10: Total | B10: =SUM(C10:E10) -> 24.48 | C10: =C4*(C5*C9) -> 0 | D10: =D4*(D5*D9) -> 24.48 | E10: =E4*(E5*E9) -> 0
A11: Imported Fill | G11: Cement stabilisation | H11: 0.04
A12: Depth | C12: =0.3+C3/2 -> 0.525 | D12: =0.3+D3/2 -> 0.6 | E12: =0.3+E3/2 -> 0.675 | G12: Material density | H12: 1600
A13: Total | B13: =SUM(C13:E13) -> 22.3074 | C13: =C4*(C5*C12-(3.14*C3^2/4)) -> 0 | D13: =D4*(D5*D12-(3.14*D3^2/4)) -> 22.3074 | E13: =E4*(E5*E12-(3.14*E3^2/4)) -> 0 | G13: Cement Quantity (tonnes) | I13: =H11*K9*H12/1000 -> 5.9616 | L13: Asphalt tonnage | M13: =O9*I15 -> 45.864 | N13: 0 | O13: =M13*N13 -> 0
A14: BackFill | G14: Water for Curing | H14: 20 | I14: =H3*N6*H14/1000 -> 12.06 | L14: Rate per m2 | M14: =O13/M15 -> 0
A15: Total | B15: =SUM(C15:E15) -> 63.3726 | C15: =C7-C10-C13 -> 0 | D15: =D7-D10-D13 -> 63.3726 | E15: =E7-E10-E13 -> 0 | G15: Asphalt Density | I15: 2.6 | L15: Area of Asphalt | M15: =H3*I3 -> 588
A16: Manholes | B16: =SUM(C16:E16) -> 0 | C16: 0 | D16: 0 | E16: 0 | G16: Prime Coat Application Rate | I16: 0.75 | J16: ltr per m2 | L16: Total ltrs | M16: =I16*M15 -> 441
A17: Headwalls | B17: =SUM(C17:E17) -> 4 | E17: 4 | G17: Tack Coat Application Rate | I17: 0.55 | J17: ltr per m2 | L17: Total ltrs | M17: =I17*M15 -> 323.4
A19: Headwalls | B19: 0 | G19: Cut - Layerworks | H19: =N9+L9+M9+K9 -> 335.7 | K19: 443.655
A20: Drop Inlets | B20: 7 | G20: Cut - Bulk | H20: =H19*I20 -> 117.495 | I20: 0.35
A21: S2 Inlet (Single splay SW inlet) | B21: 0 | C21: 40 | D21: m apart | G21: Total Cut | H21: =K19 -> 443.655
A22: D3 Inlet (double Splay SW inlet) | B22: 0
A23: Driveways | B23: 3 | G23: Fill - Bulk | H23: =H19*I23 -> 100.71 | I23: 0.3 | K23: 21.235
A24: No. of Stop streets | B24: 2 | G24: Total Fill | H24: =K23 -> 21.235
A25: Culvert crossings | B25: 0
G26: Cut to Fill | H26: =H24 -> 21.235
A27: Sub Soil Drainage | G27: Cut to Spoil | H27: =H21-H24 -> 422.42
A28: Length | B28: 50
A29: Width | B29: 0.3
A30: Depth | B30: 1
A31: Volume | B31: =B28*B29*B30 -> 15
A32: 19mm Stone (m3) | B32: =D32*B28 -> 13.5 | C32: Area | D32: 0.27
A33: Geotextile (m2) | B33: =D33*B28 -> 130 | C33: Perimeter | D33: 2.6
A35: Concrete V-Drain
A36: Excavation
A37: L | B37: 537
A38: W | B38: 1
A39: D | B39: 0.2
A40: Vol | B40: =B37*B38*B39 -> 107.4
A42: Concrete
A43: L | B43: =B37 -> 537
A44: W | B44: 1
A45: D | B45: 0.2
A46: Vol | B46: =B43*B44*B45 -> 107.4
A48: Mesh Ref 193
A49: Kg/m2 | B49: 1.92
A50: To date | B50: =B43*B44*B49 -> 1031.04
A52: Segments (m) | B52: 3
A54: Signage Height | B54: 2.2 | C54: m
A55: No. | B55: 17
A56: Total | B56: =B54*B55 -> 37.4

Sheet Sheet2

Sheet Road Calcs
A1: Stormwater | G1: Roadworks
A2: Excavation | C2: Stormwater Pipelines | G2: Roads | H2: Length | I2: Width | J2: Working space | K2: Area | R2: Roads | S2: Length | T2: Width | U2: Working space | V2: Area
A3: Dia. | B3: Total | C3: 0.45 | D3: 0.6 | E3: 0.75 | G3: Margate WWTW | H3: =537+63+12+40 -> 652 | I3: 5 | J3: =I3+1.2 -> 6.2 | K3: =H3*J3 -> 4042.4 | R3: Additional | S3: =36+67+93+58+31 -> 285 | T3: 4 | U3: =T3+1.2 -> 5.2 | V3: =S3*U3 -> 1482
A4: Length | B4: =C4+D4 -> 91 | C4: 0 | D4: 91 | E4: 0 | G4: Total | H4: =H3+S3 -> 937 | K4: =K3+V3 -> 5524.4
A5: Width | C5: =C3+0.6 -> 1.05 | D5: =D3+0.6 -> 1.2 | E5: =E3+0.6 -> 1.35 | G5: Layerworks | J5: R&R | K5: G9 | L5: G7 | M5: G5 | N5: C3 (from a G5) | O5: Concrete | P5: Prime or Tack | R5: Layerworks | U5: R&R | V5: G9 | W5: G7 | X5: G5 | Y5: C3 (from a G5) | Z5: Concrete | AA5: Prime or Tack
A6: Depth | C6: =1.2+C3 -> 1.65 | D6: =1.2+D3 -> 1.8 | E6: =1.2+E3 -> 1.95 | G6: =G3 -> Margate WWTW | H6: Width | J6: =K6+2*J7 -> 6.2 | K6: =L6+2*K7 -> 5.9 | L6: =M6+2*L7 -> 5.6 | M6: =N6+2*M7 -> 5.3 | N6: =O6+2*N7 -> 5.3 | O6: =P6 -> 5 | P6: =I3 -> 5 | R6: =R3 -> Additional | S6: Width | U6: =V6+2*U7 -> 5.2 | V6: =W6+2*V7 -> 4.9 | W6: =X6+2*W7 -> 4.6 | X6: =Y6+2*X7 -> 4.3 | Y6: =Z6+2*Y7 -> 4.3 | Z6: =AA6 -> 4 | AA6: =T3 -> 4
A7: Excavation | B7: =SUM(C7:E7) -> 196.56 | C7: =C4*C5*C6 -> 0 | D7: =D4*D5*D6 -> 196.56 | E7: =E4*E5*E6 -> 0 | H7: Depth | J7: 0.15 | K7: 0.15 | L7: 0.15 | M7: 0 | N7: 0.15 | O7: 0.17 | S7: Depth | U7: 0.15 | V7: 0.15 | W7: 0.15 | X7: 0 | Y7: 0.15 | Z7: 0.17
A8: Bedding | H8: Total | J8: =J6*J7*$H$3 -> 606.36 | K8: =K6*K7*$H$3 -> 577.02 | L8: =L6*L7*$H$3 -> 547.68 | M8: =M6*M7*$H$3 -> 0 | N8: =N6*N7*$H$3 -> 518.34 | O8: =O6*O7*$H$3 -> 554.2 | S8: Total | U8: =U6*U7*$S$3 -> 222.3 | V8: =V6*V7*$S$3 -> 209.475 | W8: =W6*W7*$S$3 -> 196.65 | X8: =X6*X7*$S$3 -> 0 | Y8: =Y6*Y7*$S$3 -> 183.825 | Z8: =Z6*Z7*$S$3 -> 193.8
A9: Depth | C9: =C3/2+0.1 -> 0.325 | D9: =D3/2+0.1 -> 0.4 | E9: =E3/2+0.1 -> 0.475 | H9: TOTAL | J9: =J8+U8 -> 828.66 | K9: =K8+V8 -> 786.495 | L9: =L8+W8 -> 744.33 | M9: =M8+X8 -> 0 | N9: =N8+Y8 -> 702.165 | O9: =O8+Z8 -> 748
A10: Total | B10: =SUM(C10:E10) -> 43.68 | C10: =C4*(C5*C9) -> 0 | D10: =D4*(D5*D9) -> 43.68 | E10: =E4*(E5*E9) -> 0
A11: Imported Fill | G11: Cement stabilisation | H11: 0.04
A12: Depth | C12: =0.3+C3/2 -> 0.525 | D12: =0.3+D3/2 -> 0.6 | E12: =0.3+E3/2 -> 0.675 | G12: Material density | H12: 1600
A13: Total | B13: =SUM(C13:E13) -> 39.8034 | C13: =C4*(C5*C12-(3.14*C3^2/4)) -> 0 | D13: =D4*(D5*D12-(3.14*D3^2/4)) -> 39.8034 | E13: =E4*(E5*E12-(3.14*E3^2/4)) -> 0 | G13: Cement Quantity (tonnes) | I13: =H11*K9*H12/1000 -> 50.33568 | L13: Asphalt tonnage | M13: =O9*I15 -> 1944.8 | N13: 0 | O13: =M13*N13 -> 0
A14: BackFill | G14: Water for Curing | H14: 20 | I14: =H4*N6*H14/1000 -> 99.322 | L14: Rate per m2 | M14: =O13/M15 -> 0
A15: Total | B15: =SUM(C15:E15) -> 113.0766 | C15: =C7-C10-C13 -> 0 | D15: =D7-D10-D13 -> 113.0766 | E15: =E7-E10-E13 -> 0 | G15: Asphalt Density | I15: 2.6 | L15: Area of Asphalt | M15: =H3*I3 -> 3260
A16: Manholes | B16: =SUM(C16:E16) -> 0 | C16: 0 | D16: 0 | E16: 0 | G16: Prime Coat Application Rate | I16: 0.75 | J16: ltr per m2 | L16: Total ltrs | M16: =I16*M15 -> 2445
A17: Headwalls | B17: =SUM(C17:E17) -> 4 | E17: 4 | G17: Tack Coat Application Rate | I17: 0.55 | J17: ltr per m2 | L17: Total ltrs | M17: =I17*M15 -> 1793
A19: Headwalls | B19: 8 | G19: Cut - Layerworks | H19: =N9+L9+M9+K9 -> 2232.99 | K19: 1127.448
A20: Drop Inlets | B20: 15 | G20: Cut - Bulk | H20: =H19*I20 -> 781.5465 | I20: 0.35
A21: S2 Inlet (Single splay SW inlet) | B21: 0 | C21: 40 | D21: m apart | G21: Total Cut | H21: =K19 -> 1127.448
A22: D3 Inlet (double Splay SW inlet) | B22: 0
A23: Driveways | B23: 3 | G23: Fill - Bulk | H23: =H19*I23 -> 669.897 | I23: 0.3 | K23: 830.941
A24: No. of Stop streets | B24: 2 | G24: Total Fill | H24: =K23 -> 830.941
A25: Culvert crossings | B25: 0
G26: Cut to Fill | H26: =H24 -> 830.941
A27: Sub Soil Drainage | G27: Cut to Spoil | H27: =H21-H24 -> 296.507
A28: Length | B28: 50
A29: Width | B29: 0.3
A30: Depth | B30: 1 | G30: Steel length | H30: =H31*0.17*5 -> 19.7625 | J30: =H30*1.92 -> 37.944
A31: Volume | B31: =B28*B29*B30 -> 15 | G31: Length of ramp | H31: =15+3+4+1.25 -> 23.25
A32: 19mm Stone (m3) | B32: =D32*B28 -> 13.5 | C32: Area | D32: 0.27 | G32: Depth | H32: 0.2
A33: Geotextile (m2) | B33: =D33*B28 -> 130 | C33: Perimeter | D33: 2.6 | G33: Width | H33: 1.5
G34: Volume of conc 1m3 | H34: =(H31*H32*H33)/2 -> 3.4875
A35: Concrete V-Drain
A36: Excavation | G36: Brick retaining wall | H36: =15*6 -> 90
A37: L | B37: 537
A38: W | B38: 1 | G38: price | H38: ='Road Calcs'!J30*20+'Road Calcs'!H34*4000+'Road Calcs'!H36*45 -> 18758.88
A39: D | B39: 0.2 | G39: labour | H39: 6000
A40: Vol | B40: =B37*B38*B39 -> 107.4 | H40: =H38+H39 -> 24758.88
A42: Concrete | G42: Steel length | H42: =H43*0.17*5 -> 3.4 | J42: =H42*1.92 -> 6.528
A43: L | B43: =B37 -> 537 | G43: Length of ramp | H43: =4 -> 4
A44: W | B44: 1 | G44: Depth | H44: 0.2
A45: D | B45: 0.2 | G45: Width | H45: 1.5
A46: Vol | B46: =B43*B44*B45 -> 107.4 | G46: Volume of conc 1m3 | H46: =(H43*H44*H45)/2 -> 0.6
A48: Mesh Ref 193 | H48: =J42*20+H46*4000 -> 2530.56
A49: Kg/m2 | B49: 1.92 | G49: formwork | H49: 3000
A50: To date | B50: =B43*B44*B49 -> 1031.04 | G50: labour | H50: 3000
H51: =H48+H50+H49 -> 8530.56
A52: Segments (m) | B52: 3
A54: Signage Height | B54: 2.2 | C54: m
A55: No. | B55: 17
A56: Total | B56: =B54*B55 -> 37.4
